 Dungeon Crawl Stone Soup version 0.31-a0-218-g813d01f837 (webtiles) character file.

Game seed: 12881011123331594509

527 qw the Shooter (level 7, 1/1 HPs)
             Began as a Minotaur Hexslinger on July 3, 2023.
             Quit the game on level 5 of the Dungeon.
             The game lasted 01:48:44 (82582 turns).

qw the Shooter (Minotaur Hexslinger)               Turns: 82582, Time: 01:48:45

Health: 1/1        AC: 10    Str: 13    XL:     7   Next: 3%
Magic:  7/7        EV: 28    Int: 10    God:
Gold:   159        SH:  0    Dex: 20    Spells: 7/8 levels left

rFire   . . .        Y - +2 sling
rCold   . . .        (no shield)
rNeg    . . .        o - +2 leather armour {Will+}
rPois   .            (helmet restricted)
rElec   .            (no cloak)
rCorr   .            k - +0 pair of gloves
SInv    .            (no boots)
Will    +....        e - amulet of the acrobat
Stlth   +            h - +4 ring of protection
HPRegen 0.20/turn    f - +6 ring of dexterity
MPRegen 0.10/turn

%: acrobat
@: acrobatic, bezotted
A: horns 2, retaliatory headbutt
a: no special abilities


You were on level 5 of the Dungeon.
You visited 1 branch of the dungeon, and saw 5 of its levels.

You collected 159 gold pieces.


Innate Abilities, Weirdness & Mutations

You have a pair of horns on your head.
You reflexively headbutt those who attack you in melee.


   Skills:
 - Level 4.5 Fighting
 + Level 6.5 Ranged Weapons
 - Level 1.9 Armour
 - Level 3.2 Dodging
 - Level 1.0 Spellcasting
 - Level 2.0 Hexes


You had 7 spell levels left.
You knew the following spells:

 Your Spells              Type           Power      Damage    Failure   Level
a - Slow                  Hex            16%        N/A       19%         1

Your spell library contained the following spells:

 Spells                   Type           Power      Damage    Failure   Level
 Inner Flame              Hex/Fire       2%         N/A       65%         3
 Portal Projectile        Hex/Tloc       4%         N/A       65%         3
 Cause Fear               Hex            2%         N/A       88%         4

Inventory:

Hand Weapons
 Y - a +2 sling (weapon)
Armour
 c - a +3 leather armour
 k - a +0 pair of gloves (worn)
 o - a +2 leather armour of willpower (worn)
Jewellery
 e - an amulet of the acrobat (around neck)
 f - a +6 ring of dexterity (right hand)
 h - a +4 ring of protection (left hand)
Scrolls
 a - a scroll of identify
 j - a scroll of teleportation
Potions
 b - a potion of degeneration {unknown}
 d - a potion of enlightenment
 g - a potion of mutation {unknown}
 i - a potion of haste {unknown}
 l - a potion of lignification {unknown}
 m - a potion of ambrosia {unknown}
 n - a potion of curing {unknown}

Dungeon Overview and Level Annotations

Branches:
Dungeon (5/15) Zot: 319    Temple (0/1) D:5

Altars:
Kikubaaqudgha


Message History

82546 ||| STILL FLEEEEING.
You see here a +0 mace.
82547 ||| STILL FLEEEEING.
82548 ||| STILL FLEEEEING.
82549 ||| STILL FLEEEEING.
There is a stone staircase leading up here.
(D) Dungeon (T) Temple
Where to? (* - list waypoints, Enter - Temple, ? - help)
You see here a +0 mace.
There is an open door here.
Items here: ( )) [[.
82560 ||| FLEEEEING.
82561 ||| STILL FLEEEEING.
There is an open door here.
Items here: ( )) [[.
82562 ||| STILL FLEEEEING.
82563 ||| STILL FLEEEEING.
82564 ||| STILL FLEEEEING.
82565 ||| STILL FLEEEEING.
82566 ||| STILL FLEEEEING.
You see here a +0 mace.
82567 ||| STILL FLEEEEING.
82568 ||| STILL FLEEEEING.
82569 ||| STILL FLEEEEING.
There is a stone staircase leading up here.
(D) Dungeon (T) Temple
Where to? (* - list waypoints, Enter - Temple, ? - help)
You see here a +0 mace.
There is an open door here.
Items here: ( )) [[.
82580 ||| FLEEEEING.
82581 ||| STILL FLEEEEING.
There is an open door here.
Items here: ( )) [[.
Serverwide announcement: Quick restart of WebTiles happening Welcome back, qw the Minotaur Hexslinger.
Press ? for a list of commands and other information.
Enter note:
82582 ||| QUITTING!
Are you sure you want to abandon this character and quit the game? (Confirm with "yes".)

#~~.~~#######
#####......#....##
...........#.....#
...........#...)<#
...........#.)...#
....#......#.##)##
#.>......###.##.##+#
.........#.........+
..#......@.........#
#......#'####.####
......###..###.#
#......#........+
#......#........#
#......#.########
...## ###


There were no monsters in sight!

Vanquished Creatures
  An ogre (D:4)
  A phantom (D:4)
  2 orc priests
  An iguana (D:4)
  A sleepcap (D:4)
  Ijyb (D:3)
  Natasha (thrice) (D:2)
  An orc wizard (D:4)
  4 adders
  A worm (D:4)
  5 dart slugs
  16 orcs
  2 ball pythons
  7 bats
  7 endoplasms
  A giant cockroach (D:3)
  6 goblins
  5 hobgoblins
  2 frilled lizards
  4 kobolds
  8 rats
  A butterfly (D:5)
80 creatures vanquished.

Notes
Turn   | Place    | Note
-------+----------+-------------------------------------------
     0 | D:1      | qw the Minotaur Hexslinger began the quest for the Orb.
     0 | D:1      | Reached XP level 1. HP: 16/16 MP: 1/1
     0 | D:1      | 0 ||| qw: Version: 0.3-a-40-ge99b1a8
     0 | D:1      | 0 ||| qw: Game counter: 302
     0 | D:1      | 0 ||| qw: Melee chars always use a shield: true
     0 | D:1      | 0 ||| qw: God list: Okawaru
     0 | D:1      | 0 ||| qw: Allow faded altars: false
     0 | D:1      | 0 ||| qw: Do Orc after clearing Dungeon:15 true
     0 | D:1      | 0 ||| qw: Do second Lair branch before Depths: true
     0 | D:1      | 0 ||| qw: Lair rune preference: random
     0 | D:1      | 0 ||| qw: Goals: Normal
     0 | D:1      | 0 ||| PLANNING D:1-11
   136 | D:1      | Reached skill level 3 in Ranged Weapons
   138 | D:1      | Reached XP level 2. HP: 23/23 MP: 2/2
   649 | D:1      | 649 ||| UPGRADING to +0 ring mail.
   659 | D:1      | 659 ||| DROPPING +0 robe.
   660 | D:1      | 660 ||| DROPPING +6 ring of intelligence.
   661 | D:1      | 661 ||| READING 3 scrolls labelled XONLUIMAZA.
   662 | D:1      | 662 ||| READING scroll labelled HUUMIO OG ICYCS.
   663 | D:1      | 663 ||| DRINKING 2 orange potions.
   664 | D:1      | 664 ||| READING 2 scrolls of identify.
   664 | D:1      | 664 ||| IDENTIFYING smoky blue potion
   665 | D:1      | 665 ||| DROPPING scroll of poison.
   666 | D:1      | 666 ||| DROPPING potion of brilliance.
   689 | D:2      | Found an ancient bone altar of Kikubaaqudgha.
   722 | D:2      | Found a faded altar of an unknown god.
   862 | D:2      | Noticed Natasha
   867 | D:2      | Killed Natasha
   868 | D:2      | Reached skill level 4 in Ranged Weapons
   868 | D:2      | Reached XP level 3. HP: 16/29 MP: 3/3
   917 | D:2      | Noticed Natasha
   927 | D:2      | Killed Natasha
   928 | D:2      | Reached skill level 1 in Armour
   928 | D:2      | Reached XP level 4. HP: 11/36 MP: 4/4
  1160 | D:2      | Noticed Natasha
  1170 | D:2      | Killed Natasha
  1194 | D:2      | 1194 ||| FLEEEEING.
  1195 | D:2      | 1195 ||| FLEEEEING.
  1196 | D:2      | 1196 ||| FLEEEEING.
  1197 | D:2      | 1197 ||| FLEEEEING.
  1198 | D:2      | 1198 ||| FLEEEEING.
  1199 | D:2      | 1199 ||| FLEEEEING.
  1200 | D:2      | 1200 ||| FLEEEEING.
  1201 | D:2      | 1201 ||| FLEEEEING.
  1202 | D:2      | 1202 ||| FLEEEEING.
  1203 | D:2      | 1203 ||| FLEEEEING.
  1204 | D:2      | 1204 ||| FLEEEEING.
  1205 | D:2      | 1205 ||| FLEEEEING.
  1206 | D:2      | 1206 ||| FLEEEEING.
  1207 | D:2      | 1207 ||| FLEEEEING.
  1208 | D:2      | 1208 ||| FLEEEEING.
  1209 | D:2      | 1209 ||| FLEEEEING.
  1210 | D:2      | 1210 ||| FLEEEEING.
  1211 | D:2      | 1211 ||| FLEEEEING.
  1212 | D:2      | 1212 ||| FLEEEEING.
  1213 | D:2      | 1213 ||| FLEEEEING.
  1214 | D:2      | 1214 ||| FLEEEEING.
  1215 | D:2      | 1215 ||| FLEEEEING.
  1216 | D:2      | 1216 ||| FLEEEEING.
  1217 | D:2      | 1217 ||| FLEEEEING.
  1218 | D:2      | 1218 ||| FLEEEEING.
  1219 | D:2      | 1219 ||| FLEEEEING.
  1220 | D:2      | 1220 ||| FLEEEEING.
  1221 | D:2      | 1221 ||| FLEEEEING.
  1222 | D:2      | 1222 ||| FLEEEEING.
  1223 | D:2      | 1223 ||| FLEEEEING.
  1224 | D:2      | 1224 ||| FLEEEEING.
  1225 | D:2      | 1225 ||| FLEEEEING.
  1226 | D:2      | 1226 ||| FLEEEEING.
  1227 | D:2      | 1227 ||| FLEEEEING.
  1228 | D:2      | 1228 ||| FLEEEEING.
  1229 | D:2      | 1229 ||| FLEEEEING.
  1230 | D:2      | 1230 ||| FLEEEEING.
  1231 | D:2      | 1231 ||| FLEEEEING.
  1232 | D:2      | 1232 ||| FLEEEEING.
  1233 | D:2      | 1233 ||| FLEEEEING.
  1234 | D:2      | 1234 ||| FLEEEEING.
  1244 | D:2      | 1244 ||| STAIRDANCE
  1263 | D:1      | 1263 ||| UPGRADING to +0 pair of gloves.
  1268 | D:1      | 1268 ||| UPGRADING to amulet of the acrobat.
  1273 | D:1      | 1273 ||| UPGRADING to +4 ring of protection.
  1274 | D:1      | 1274 ||| READING scroll labelled GYERIO JURGHUNENT.
  1685 | D:2      | 1685 ||| READING scroll labelled UDICISKUETU.
  1686 | D:2      | 1686 ||| READING scroll labelled BOZOCZOODY.
  1687 | D:2      | 1687 ||| DRINKING 2 clear potions.
  1980 | D:3      | Noticed Ijyb
  1993 | D:3      | Reached skill level 5 in Ranged Weapons
  2024 | D:3      | Killed Ijyb
  2025 | D:3      | Reached XP level 5. HP: 42/42 MP: 5/5
  2337 | D:3      | 2337 ||| UPGRADING to +2 leather armour of willpower.
  2347 | D:3      | 2347 ||| DROPPING +0 ring mail.
  2348 | D:3      | 2348 ||| UPGRADING to +6 ring of dexterity.
  2349 | D:3      | 2349 ||| READING scroll labelled KARHUF QUJAI.
  2354 | D:3      | 2354 ||| DRINKING 2 glowing white potions.
  2355 | D:3      | 2355 ||| DROPPING potion of attraction.
  2371 | D:4      | Reached skill level 3 in Fighting
  2535 | D:4      | Noticed an ogre
  2543 | D:4      | HP: 5/45 [ogre/+0 giant club (22)]
  2544 | D:4      | 2544 ||| DRINKING potion of heal wounds.
  2545 | D:4      | Killed an ogre
  2546 | D:4      | Reached skill level 6 in Ranged Weapons
  2546 | D:4      | Reached XP level 6. HP: 29/51 MP: 6/6
  2874 | D:4      | 2874 ||| FLEEEEING.
  2875 | D:4      | 2875 ||| FLEEEEING.
  2876 | D:4      | 2876 ||| FLEEEEING.
  2877 | D:4      | 2877 ||| FLEEEEING.
  2878 | D:4      | 2878 ||| FLEEEEING.
  2879 | D:4      | 2879 ||| FLEEEEING.
  2880 | D:4      | 2880 ||| FLEEEEING.
  2881 | D:4      | 2881 ||| FLEEEEING.
  2882 | D:4      | 2882 ||| FLEEEEING.
  2883 | D:4      | 2883 ||| FLEEEEING.
  2884 | D:4      | 2884 ||| FLEEEEING.
  2885 | D:4      | 2885 ||| FLEEEEING.
  2886 | D:4      | 2886 ||| FLEEEEING.
  2887 | D:4      | 2887 ||| FLEEEEING.
  2888 | D:4      | 2888 ||| FLEEEEING.
  2979 | D:4      | Reached skill level 3 in Dodging
  3267 | D:4      | 3267 ||| READING scroll labelled WONNIBL HUROR.
  3322 | D:5      | Entered Level 5 of the Dungeon
  3344 | D:5      | Found a staircase to the Ecumenical Temple.
  3345 | D:5      | 3345 ||| PLANNING TEMPLE
  3345 | D:5      | 3345 ||| FLEEEEING.
  3353 | D:5      | 3353 ||| STAIRDANCE
  3358 | D:5      | 3358 ||| FLEEEEING.
  3359 | D:5      | 3359 ||| STAIRDANCE
  3363 | D:5      | 3363 ||| STAIRDANCE
  3378 | D:5      | 3378 ||| FLEEEEING.
  3388 | D:5      | 3388 ||| STAIRDANCE
  3409 | D:5      | 3409 ||| FLEEEEING.
  3419 | D:5      | 3419 ||| STAIRDANCE
  3434 | D:5      | 3434 ||| FLEEEEING.
  3444 | D:5      | 3444 ||| STAIRDANCE
  3458 | D:5      | 3458 ||| FLEEEEING.
  3459 | D:5      | 3459 ||| FLEEEEING.
  3468 | D:5      | 3468 ||| STAIRDANCE
  3482 | D:5      | 3482 ||| FLEEEEING.
  3492 | D:5      | 3492 ||| STAIRDANCE
  3506 | D:5      | 3506 ||| FLEEEEING.
  3516 | D:5      | 3516 ||| STAIRDANCE
  3530 | D:5      | 3530 ||| FLEEEEING.
  3540 | D:5      | 3540 ||| STAIRDANCE
  3554 | D:5      | 3554 ||| FLEEEEING.
  3564 | D:5      | 3564 ||| STAIRDANCE
  3578 | D:5      | 3578 ||| FLEEEEING.
  3588 | D:5      | 3588 ||| STAIRDANCE
  3602 | D:5      | 3602 ||| FLEEEEING.
  3612 | D:5      | 3612 ||| STAIRDANCE
  3626 | D:5      | 3626 ||| FLEEEEING.
  3636 | D:5      | 3636 ||| STAIRDANCE
  3650 | D:5      | 3650 ||| FLEEEEING.
  3660 | D:5      | 3660 ||| STAIRDANCE
  3674 | D:5      | 3674 ||| FLEEEEING.
  3684 | D:5      | 3684 ||| STAIRDANCE
  3698 | D:5      | 3698 ||| FLEEEEING.
  3708 | D:5      | 3708 ||| STAIRDANCE
  3722 | D:5      | 3722 ||| FLEEEEING.
  3732 | D:5      | 3732 ||| STAIRDANCE
  3746 | D:5      | 3746 ||| FLEEEEING.
  3756 | D:5      | 3756 ||| STAIRDANCE
  3770 | D:5      | 3770 ||| FLEEEEING.
  3780 | D:5      | 3780 ||| STAIRDANCE
  3794 | D:5      | 3794 ||| FLEEEEING.
  3814 | D:5      | 3814 ||| FLEEEEING.
  3834 | D:5      | 3834 ||| FLEEEEING.
  3854 | D:5      | 3854 ||| FLEEEEING.
  3874 | D:5      | 3874 ||| FLEEEEING.
  3894 | D:5      | 3894 ||| FLEEEEING.
  3914 | D:5      | 3914 ||| FLEEEEING.
  3934 | D:5      | 3934 ||| FLEEEEING.
  3954 | D:5      | 3954 ||| FLEEEEING.
  3974 | D:5      | 3974 ||| FLEEEEING.
  3994 | D:5      | 3994 ||| FLEEEEING.
  4014 | D:5      | 4014 ||| FLEEEEING.
  4034 | D:5      | 4034 ||| FLEEEEING.
  4054 | D:5      | 4054 ||| FLEEEEING.
  4069 | D:5      | 4069 ||| FLEEEEING.
  4077 | D:5      | 4077 ||| FLEEEEING.
  4088 | D:5      | 4088 ||| FLEEEEING.
  4089 | D:5      | 4089 ||| FLEEEEING.
  4092 | D:5      | 4092 ||| FLEEEEING.
  4093 | D:5      | 4093 ||| FLEEEEING.
  4106 | D:5      | 4106 ||| FLEEEEING.
  4126 | D:5      | 4126 ||| FLEEEEING.
  4146 | D:5      | 4146 ||| FLEEEEING.
  4166 | D:5      | 4166 ||| FLEEEEING.
  4186 | D:5      | 4186 ||| FLEEEEING.
  4206 | D:5      | 4206 ||| FLEEEEING.
  4226 | D:5      | 4226 ||| FLEEEEING.
  4246 | D:5      | 4246 ||| FLEEEEING.
  4266 | D:5      | 4266 ||| FLEEEEING.
  4286 | D:5      | 4286 ||| FLEEEEING.
  4306 | D:5      | 4306 ||| FLEEEEING.
  4326 | D:5      | 4326 ||| FLEEEEING.
  4346 | D:5      | 4346 ||| FLEEEEING.
  4366 | D:5      | 4366 ||| FLEEEEING.
  4386 | D:5      | 4386 ||| FLEEEEING.
  4406 | D:5      | 4406 ||| FLEEEEING.
  4426 | D:5      | 4426 ||| FLEEEEING.
  4446 | D:5      | 4446 ||| FLEEEEING.
  4466 | D:5      | 4466 ||| FLEEEEING.
  4486 | D:5      | 4486 ||| FLEEEEING.
  4506 | D:5      | 4506 ||| FLEEEEING.
  4526 | D:5      | 4526 ||| FLEEEEING.
  4546 | D:5      | 4546 ||| FLEEEEING.
  4566 | D:5      | 4566 ||| FLEEEEING.
  4586 | D:5      | 4586 ||| FLEEEEING.
  4606 | D:5      | 4606 ||| FLEEEEING.
  4626 | D:5      | 4626 ||| FLEEEEING.
  4646 | D:5      | 4646 ||| FLEEEEING.
  4666 | D:5      | 4666 ||| FLEEEEING.
  4686 | D:5      | 4686 ||| FLEEEEING.
  4706 | D:5      | 4706 ||| FLEEEEING.
  4726 | D:5      | 4726 ||| FLEEEEING.
  4746 | D:5      | 4746 ||| FLEEEEING.
  4766 | D:5      | 4766 ||| FLEEEEING.
  4786 | D:5      | 4786 ||| FLEEEEING.
  4806 | D:5      | 4806 ||| FLEEEEING.
  4826 | D:5      | 4826 ||| FLEEEEING.
  4846 | D:5      | 4846 ||| FLEEEEING.
  4866 | D:5      | 4866 ||| FLEEEEING.
  4886 | D:5      | 4886 ||| FLEEEEING.
  4906 | D:5      | 4906 ||| FLEEEEING.
  4926 | D:5      | 4926 ||| FLEEEEING.
  4946 | D:5      | 4946 ||| FLEEEEING.
  4966 | D:5      | 4966 ||| FLEEEEING.
  4986 | D:5      | 4986 ||| FLEEEEING.
  5006 | D:5      | 5006 ||| FLEEEEING.
  5026 | D:5      | 5026 ||| FLEEEEING.
  5046 | D:5      | 5046 ||| FLEEEEING.
  5066 | D:5      | 5066 ||| FLEEEEING.
  5086 | D:5      | 5086 ||| FLEEEEING.
  5106 | D:5      | 5106 ||| FLEEEEING.
  5126 | D:5      | 5126 ||| FLEEEEING.
  5146 | D:5      | 5146 ||| FLEEEEING.
  5166 | D:5      | 5166 ||| FLEEEEING.
  5186 | D:5      | 5186 ||| FLEEEEING.
  5206 | D:5      | 5206 ||| FLEEEEING.
  5226 | D:5      | 5226 ||| FLEEEEING.
  5246 | D:5      | 5246 ||| FLEEEEING.
  5266 | D:5      | 5266 ||| FLEEEEING.
  5286 | D:5      | 5286 ||| FLEEEEING.
  5306 | D:5      | 5306 ||| FLEEEEING.
  5326 | D:5      | 5326 ||| FLEEEEING.
  5346 | D:5      | 5346 ||| FLEEEEING.
  5366 | D:5      | 5366 ||| FLEEEEING.
  5386 | D:5      | 5386 ||| FLEEEEING.
  5406 | D:5      | 5406 ||| FLEEEEING.
  5426 | D:5      | 5426 ||| FLEEEEING.
  5446 | D:5      | 5446 ||| FLEEEEING.
  5466 | D:5      | 5466 ||| FLEEEEING.
  5486 | D:5      | 5486 ||| FLEEEEING.
  5506 | D:5      | 5506 ||| FLEEEEING.
  5526 | D:5      | 5526 ||| FLEEEEING.
  5546 | D:5      | 5546 ||| FLEEEEING.
  5564 | D:5      | 5564 ||| FLEEEEING.
  5582 | D:5      | 5582 ||| FLEEEEING.
  5602 | D:5      | 5602 ||| FLEEEEING.
  5622 | D:5      | 5622 ||| FLEEEEING.
  5642 | D:5      | 5642 ||| FLEEEEING.
  5662 | D:5      | 5662 ||| FLEEEEING.
  5682 | D:5      | 5682 ||| FLEEEEING.
  5702 | D:5      | 5702 ||| FLEEEEING.
  5722 | D:5      | 5722 ||| FLEEEEING.
  5742 | D:5      | 5742 ||| FLEEEEING.
  5762 | D:5      | 5762 ||| FLEEEEING.
  5782 | D:5      | 5782 ||| FLEEEEING.
  5802 | D:5      | 5802 ||| FLEEEEING.
  5822 | D:5      | 5822 ||| FLEEEEING.
  5842 | D:5      | 5842 ||| FLEEEEING.
  5862 | D:5      | 5862 ||| FLEEEEING.
  5882 | D:5      | 5882 ||| FLEEEEING.
  5902 | D:5      | 5902 ||| FLEEEEING.
  5922 | D:5      | 5922 ||| FLEEEEING.
  5942 | D:5      | 5942 ||| FLEEEEING.
  5962 | D:5      | 5962 ||| FLEEEEING.
  5982 | D:5      | 5982 ||| FLEEEEING.
  6002 | D:5      | 6002 ||| FLEEEEING.
  6021 | D:5      | 6021 ||| FLEEEEING.
  6022 | D:5      | 6022 ||| FLEEEEING.
  6023 | D:5      | 6023 ||| FLEEEEING.
  6029 | D:5      | 6029 ||| FLEEEEING.
  6032 | D:5      | 6032 ||| FLEEEEING.
  6033 | D:5      | 6033 ||| FLEEEEING.
  6042 | D:5      | 6042 ||| FLEEEEING.
  6059 | D:5      | Reached XP level 7. HP: 48/60 MP: 7/7
  6100 | D:5      | 6100 ||| FLEEEEING.
  6120 | D:5      | 6120 ||| FLEEEEING.
  6140 | D:5      | 6140 ||| FLEEEEING.
  6160 | D:5      | 6160 ||| FLEEEEING.
  6180 | D:5      | 6180 ||| FLEEEEING.
  6200 | D:5      | 6200 ||| FLEEEEING.
  6220 | D:5      | 6220 ||| FLEEEEING.
  6240 | D:5      | 6240 ||| FLEEEEING.
  6260 | D:5      | 6260 ||| FLEEEEING.
  6280 | D:5      | 6280 ||| FLEEEEING.
  6300 | D:5      | 6300 ||| FLEEEEING.
  6320 | D:5      | 6320 ||| FLEEEEING.
  6340 | D:5      | 6340 ||| FLEEEEING.
  6360 | D:5      | 6360 ||| FLEEEEING.
  6380 | D:5      | 6380 ||| FLEEEEING.
  6400 | D:5      | 6400 ||| FLEEEEING.
  6420 | D:5      | 6420 ||| FLEEEEING.
  6440 | D:5      | 6440 ||| FLEEEEING.
  6460 | D:5      | 6460 ||| FLEEEEING.
  6480 | D:5      | 6480 ||| FLEEEEING.
  6500 | D:5      | 6500 ||| FLEEEEING.
  6520 | D:5      | 6520 ||| FLEEEEING.
  6540 | D:5      | 6540 ||| FLEEEEING.
  6560 | D:5      | 6560 ||| FLEEEEING.
  6580 | D:5      | 6580 ||| FLEEEEING.
  6600 | D:5      | 6600 ||| FLEEEEING.
  6620 | D:5      | 6620 ||| FLEEEEING.
  6640 | D:5      | 6640 ||| FLEEEEING.
  6660 | D:5      | 6660 ||| FLEEEEING.
  6680 | D:5      | 6680 ||| FLEEEEING.
  6700 | D:5      | 6700 ||| FLEEEEING.
  6720 | D:5      | 6720 ||| FLEEEEING.
  6740 | D:5      | 6740 ||| FLEEEEING.
  6760 | D:5      | 6760 ||| FLEEEEING.
  6780 | D:5      | 6780 ||| FLEEEEING.
  6800 | D:5      | 6800 ||| FLEEEEING.
  6820 | D:5      | 6820 ||| FLEEEEING.
  6840 | D:5      | 6840 ||| FLEEEEING.
  6860 | D:5      | 6860 ||| FLEEEEING.
  6880 | D:5      | 6880 ||| FLEEEEING.
  6900 | D:5      | 6900 ||| FLEEEEING.
  6920 | D:5      | 6920 ||| FLEEEEING.
  6940 | D:5      | 6940 ||| FLEEEEING.
  6960 | D:5      | 6960 ||| FLEEEEING.
  6980 | D:5      | 6980 ||| FLEEEEING.
  7000 | D:5      | 7000 ||| FLEEEEING.
  7020 | D:5      | 7020 ||| FLEEEEING.
  7040 | D:5      | 7040 ||| FLEEEEING.
  7060 | D:5      | 7060 ||| FLEEEEING.
  7080 | D:5      | 7080 ||| FLEEEEING.
  7100 | D:5      | 7100 ||| FLEEEEING.
  7120 | D:5      | 7120 ||| FLEEEEING.
  7140 | D:5      | 7140 ||| FLEEEEING.
  7160 | D:5      | 7160 ||| FLEEEEING.
  7180 | D:5      | 7180 ||| FLEEEEING.
  7200 | D:5      | 7200 ||| FLEEEEING.
  7220 | D:5      | 7220 ||| FLEEEEING.
  7240 | D:5      | 7240 ||| FLEEEEING.
  7260 | D:5      | 7260 ||| FLEEEEING.
  7280 | D:5      | 7280 ||| FLEEEEING.
  7300 | D:5      | 7300 ||| FLEEEEING.
  7320 | D:5      | 7320 ||| FLEEEEING.
  7340 | D:5      | 7340 ||| FLEEEEING.
  7360 | D:5      | 7360 ||| FLEEEEING.
  7380 | D:5      | 7380 ||| FLEEEEING.
  7400 | D:5      | 7400 ||| FLEEEEING.
  7420 | D:5      | 7420 ||| FLEEEEING.
  7440 | D:5      | 7440 ||| FLEEEEING.
  7460 | D:5      | 7460 ||| FLEEEEING.
  7480 | D:5      | 7480 ||| FLEEEEING.
  7500 | D:5      | 7500 ||| FLEEEEING.
  7520 | D:5      | 7520 ||| FLEEEEING.
  7540 | D:5      | 7540 ||| FLEEEEING.
  7560 | D:5      | 7560 ||| FLEEEEING.
  7580 | D:5      | 7580 ||| FLEEEEING.
  7600 | D:5      | 7600 ||| FLEEEEING.
  7620 | D:5      | 7620 ||| FLEEEEING.
  7640 | D:5      | 7640 ||| FLEEEEING.
  7660 | D:5      | 7660 ||| FLEEEEING.
  7680 | D:5      | 7680 ||| FLEEEEING.
  7700 | D:5      | 7700 ||| FLEEEEING.
  7720 | D:5      | 7720 ||| FLEEEEING.
  7740 | D:5      | 7740 ||| FLEEEEING.
  7760 | D:5      | 7760 ||| FLEEEEING.
  7780 | D:5      | 7780 ||| FLEEEEING.
  7800 | D:5      | 7800 ||| FLEEEEING.
  7820 | D:5      | 7820 ||| FLEEEEING.
  7840 | D:5      | 7840 ||| FLEEEEING.
  7860 | D:5      | 7860 ||| FLEEEEING.
  7880 | D:5      | 7880 ||| FLEEEEING.
  7900 | D:5      | 7900 ||| FLEEEEING.
  7920 | D:5      | 7920 ||| FLEEEEING.
  7940 | D:5      | 7940 ||| FLEEEEING.
  7960 | D:5      | 7960 ||| FLEEEEING.
  7980 | D:5      | 7980 ||| FLEEEEING.
  8000 | D:5      | 8000 ||| FLEEEEING.
  8020 | D:5      | 8020 ||| FLEEEEING.
  8040 | D:5      | 8040 ||| FLEEEEING.
  8060 | D:5      | 8060 ||| FLEEEEING.
  8080 | D:5      | 8080 ||| FLEEEEING.
  8100 | D:5      | 8100 ||| FLEEEEING.
  8120 | D:5      | 8120 ||| FLEEEEING.
  8140 | D:5      | 8140 ||| FLEEEEING.
  8160 | D:5      | 8160 ||| FLEEEEING.
  8180 | D:5      | 8180 ||| FLEEEEING.
  8200 | D:5      | 8200 ||| FLEEEEING.
  8220 | D:5      | 8220 ||| FLEEEEING.
  8240 | D:5      | 8240 ||| FLEEEEING.
  8260 | D:5      | 8260 ||| FLEEEEING.
  8280 | D:5      | 8280 ||| FLEEEEING.
  8300 | D:5      | 8300 ||| FLEEEEING.
  8320 | D:5      | 8320 ||| FLEEEEING.
  8340 | D:5      | 8340 ||| FLEEEEING.
  8360 | D:5      | 8360 ||| FLEEEEING.
  8380 | D:5      | 8380 ||| FLEEEEING.
  8400 | D:5      | 8400 ||| FLEEEEING.
  8420 | D:5      | 8420 ||| FLEEEEING.
  8440 | D:5      | 8440 ||| FLEEEEING.
  8460 | D:5      | 8460 ||| FLEEEEING.
  8480 | D:5      | 8480 ||| FLEEEEING.
  8500 | D:5      | 8500 ||| FLEEEEING.
  8520 | D:5      | 8520 ||| FLEEEEING.
  8540 | D:5      | 8540 ||| FLEEEEING.
  8560 | D:5      | 8560 ||| FLEEEEING.
  8580 | D:5      | 8580 ||| FLEEEEING.
  8600 | D:5      | 8600 ||| FLEEEEING.
  8620 | D:5      | 8620 ||| FLEEEEING.
  8640 | D:5      | 8640 ||| FLEEEEING.
  8660 | D:5      | 8660 ||| FLEEEEING.
  8680 | D:5      | 8680 ||| FLEEEEING.
  8700 | D:5      | 8700 ||| FLEEEEING.
  8720 | D:5      | 8720 ||| FLEEEEING.
  8740 | D:5      | 8740 ||| FLEEEEING.
  8760 | D:5      | 8760 ||| FLEEEEING.
  8780 | D:5      | 8780 ||| FLEEEEING.
  8800 | D:5      | 8800 ||| FLEEEEING.
  8820 | D:5      | 8820 ||| FLEEEEING.
  8840 | D:5      | 8840 ||| FLEEEEING.
  8860 | D:5      | 8860 ||| FLEEEEING.
  8880 | D:5      | 8880 ||| FLEEEEING.
  8900 | D:5      | 8900 ||| FLEEEEING.
  8920 | D:5      | 8920 ||| FLEEEEING.
  8940 | D:5      | 8940 ||| FLEEEEING.
  8960 | D:5      | 8960 ||| FLEEEEING.
  8980 | D:5      | 8980 ||| FLEEEEING.
  9000 | D:5      | 9000 ||| FLEEEEING.
  9020 | D:5      | 9020 ||| FLEEEEING.
  9040 | D:5      | 9040 ||| FLEEEEING.
  9060 | D:5      | 9060 ||| FLEEEEING.
  9080 | D:5      | 9080 ||| FLEEEEING.
  9100 | D:5      | 9100 ||| FLEEEEING.
  9120 | D:5      | 9120 ||| FLEEEEING.
  9140 | D:5      | 9140 ||| FLEEEEING.
  9160 | D:5      | 9160 ||| FLEEEEING.
  9180 | D:5      | 9180 ||| FLEEEEING.
  9200 | D:5      | 9200 ||| FLEEEEING.
  9220 | D:5      | 9220 ||| FLEEEEING.
  9240 | D:5      | 9240 ||| FLEEEEING.
  9260 | D:5      | 9260 ||| FLEEEEING.
  9280 | D:5      | 9280 ||| FLEEEEING.
  9300 | D:5      | 9300 ||| FLEEEEING.
  9320 | D:5      | 9320 ||| FLEEEEING.
  9340 | D:5      | 9340 ||| FLEEEEING.
  9360 | D:5      | 9360 ||| FLEEEEING.
  9380 | D:5      | 9380 ||| FLEEEEING.
  9400 | D:5      | 9400 ||| FLEEEEING.
  9420 | D:5      | 9420 ||| FLEEEEING.
  9440 | D:5      | 9440 ||| FLEEEEING.
  9460 | D:5      | 9460 ||| FLEEEEING.
  9480 | D:5      | 9480 ||| FLEEEEING.
  9500 | D:5      | 9500 ||| FLEEEEING.
  9520 | D:5      | 9520 ||| FLEEEEING.
  9540 | D:5      | 9540 ||| FLEEEEING.
  9560 | D:5      | 9560 ||| FLEEEEING.
  9580 | D:5      | 9580 ||| FLEEEEING.
  9600 | D:5      | 9600 ||| FLEEEEING.
  9620 | D:5      | 9620 ||| FLEEEEING.
  9640 | D:5      | 9640 ||| FLEEEEING.
  9660 | D:5      | 9660 ||| FLEEEEING.
  9680 | D:5      | 9680 ||| FLEEEEING.
  9700 | D:5      | 9700 ||| FLEEEEING.
  9720 | D:5      | 9720 ||| FLEEEEING.
  9740 | D:5      | 9740 ||| FLEEEEING.
  9760 | D:5      | 9760 ||| FLEEEEING.
  9780 | D:5      | 9780 ||| FLEEEEING.
  9800 | D:5      | 9800 ||| FLEEEEING.
  9820 | D:5      | 9820 ||| FLEEEEING.
  9840 | D:5      | 9840 ||| FLEEEEING.
  9860 | D:5      | 9860 ||| FLEEEEING.
  9880 | D:5      | 9880 ||| FLEEEEING.
  9900 | D:5      | 9900 ||| FLEEEEING.
  9920 | D:5      | 9920 ||| FLEEEEING.
  9940 | D:5      | 9940 ||| FLEEEEING.
  9960 | D:5      | 9960 ||| FLEEEEING.
  9980 | D:5      | 9980 ||| FLEEEEING.
 10000 | D:5      | 10000 ||| FLEEEEING.
 10020 | D:5      | 10020 ||| FLEEEEING.
 10040 | D:5      | 10040 ||| FLEEEEING.
 10060 | D:5      | 10060 ||| FLEEEEING.
 10080 | D:5      | 10080 ||| FLEEEEING.
 10100 | D:5      | 10100 ||| FLEEEEING.
 10120 | D:5      | 10120 ||| FLEEEEING.
 10140 | D:5      | 10140 ||| FLEEEEING.
 10160 | D:5      | 10160 ||| FLEEEEING.
 10180 | D:5      | 10180 ||| FLEEEEING.
 10200 | D:5      | 10200 ||| FLEEEEING.
 10220 | D:5      | 10220 ||| FLEEEEING.
 10240 | D:5      | 10240 ||| FLEEEEING.
 10260 | D:5      | 10260 ||| FLEEEEING.
 10280 | D:5      | 10280 ||| FLEEEEING.
 10300 | D:5      | 10300 ||| FLEEEEING.
 10320 | D:5      | 10320 ||| FLEEEEING.
 10340 | D:5      | 10340 ||| FLEEEEING.
 10360 | D:5      | 10360 ||| FLEEEEING.
 10380 | D:5      | 10380 ||| FLEEEEING.
 10400 | D:5      | 10400 ||| FLEEEEING.
 10420 | D:5      | 10420 ||| FLEEEEING.
 10440 | D:5      | 10440 ||| FLEEEEING.
 10460 | D:5      | 10460 ||| FLEEEEING.
 10480 | D:5      | 10480 ||| FLEEEEING.
 10500 | D:5      | 10500 ||| FLEEEEING.
 10520 | D:5      | 10520 ||| FLEEEEING.
 10540 | D:5      | 10540 ||| FLEEEEING.
 10560 | D:5      | 10560 ||| FLEEEEING.
 10580 | D:5      | 10580 ||| FLEEEEING.
 10600 | D:5      | 10600 ||| FLEEEEING.
 10620 | D:5      | 10620 ||| FLEEEEING.
 10640 | D:5      | 10640 ||| FLEEEEING.
 10660 | D:5      | 10660 ||| FLEEEEING.
 10680 | D:5      | 10680 ||| FLEEEEING.
 10700 | D:5      | 10700 ||| FLEEEEING.
 10720 | D:5      | 10720 ||| FLEEEEING.
 10740 | D:5      | 10740 ||| FLEEEEING.
 10760 | D:5      | 10760 ||| FLEEEEING.
 10780 | D:5      | 10780 ||| FLEEEEING.
 10800 | D:5      | 10800 ||| FLEEEEING.
 10820 | D:5      | 10820 ||| FLEEEEING.
 10840 | D:5      | 10840 ||| FLEEEEING.
 10860 | D:5      | 10860 ||| FLEEEEING.
 10880 | D:5      | 10880 ||| FLEEEEING.
 10900 | D:5      | 10900 ||| FLEEEEING.
 10920 | D:5      | 10920 ||| FLEEEEING.
 10940 | D:5      | 10940 ||| FLEEEEING.
 10960 | D:5      | 10960 ||| FLEEEEING.
 10980 | D:5      | 10980 ||| FLEEEEING.
 11000 | D:5      | 11000 ||| FLEEEEING.
 11020 | D:5      | 11020 ||| FLEEEEING.
 11040 | D:5      | 11040 ||| FLEEEEING.
 11060 | D:5      | 11060 ||| FLEEEEING.
 11080 | D:5      | 11080 ||| FLEEEEING.
 11100 | D:5      | 11100 ||| FLEEEEING.
 11120 | D:5      | 11120 ||| FLEEEEING.
 11140 | D:5      | 11140 ||| FLEEEEING.
 11160 | D:5      | 11160 ||| FLEEEEING.
 11180 | D:5      | 11180 ||| FLEEEEING.
 11200 | D:5      | 11200 ||| FLEEEEING.
 11220 | D:5      | 11220 ||| FLEEEEING.
 11240 | D:5      | 11240 ||| FLEEEEING.
 11260 | D:5      | 11260 ||| FLEEEEING.
 11280 | D:5      | 11280 ||| FLEEEEING.
 11300 | D:5      | 11300 ||| FLEEEEING.
 11320 | D:5      | 11320 ||| FLEEEEING.
 11340 | D:5      | 11340 ||| FLEEEEING.
 11360 | D:5      | 11360 ||| FLEEEEING.
 11380 | D:5      | 11380 ||| FLEEEEING.
 11400 | D:5      | 11400 ||| FLEEEEING.
 11420 | D:5      | 11420 ||| FLEEEEING.
 11440 | D:5      | 11440 ||| FLEEEEING.
 11460 | D:5      | 11460 ||| FLEEEEING.
 11480 | D:5      | 11480 ||| FLEEEEING.
 11500 | D:5      | 11500 ||| FLEEEEING.
 11520 | D:5      | 11520 ||| FLEEEEING.
 11540 | D:5      | 11540 ||| FLEEEEING.
 11560 | D:5      | 11560 ||| FLEEEEING.
 11580 | D:5      | 11580 ||| FLEEEEING.
 11600 | D:5      | 11600 ||| FLEEEEING.
 11620 | D:5      | 11620 ||| FLEEEEING.
 11640 | D:5      | 11640 ||| FLEEEEING.
 11660 | D:5      | 11660 ||| FLEEEEING.
 11680 | D:5      | 11680 ||| FLEEEEING.
 11700 | D:5      | 11700 ||| FLEEEEING.
 11720 | D:5      | 11720 ||| FLEEEEING.
 11740 | D:5      | 11740 ||| FLEEEEING.
 11760 | D:5      | 11760 ||| FLEEEEING.
 11780 | D:5      | 11780 ||| FLEEEEING.
 11800 | D:5      | 11800 ||| FLEEEEING.
 11820 | D:5      | 11820 ||| FLEEEEING.
 11840 | D:5      | 11840 ||| FLEEEEING.
 11860 | D:5      | 11860 ||| FLEEEEING.
 11880 | D:5      | 11880 ||| FLEEEEING.
 11900 | D:5      | 11900 ||| FLEEEEING.
 11920 | D:5      | 11920 ||| FLEEEEING.
 11940 | D:5      | 11940 ||| FLEEEEING.
 11960 | D:5      | 11960 ||| FLEEEEING.
 11980 | D:5      | 11980 ||| FLEEEEING.
 12000 | D:5      | 12000 ||| FLEEEEING.
 12020 | D:5      | 12020 ||| FLEEEEING.
 12040 | D:5      | 12040 ||| FLEEEEING.
 12060 | D:5      | 12060 ||| FLEEEEING.
 12080 | D:5      | 12080 ||| FLEEEEING.
 12100 | D:5      | 12100 ||| FLEEEEING.
 12120 | D:5      | 12120 ||| FLEEEEING.
 12140 | D:5      | 12140 ||| FLEEEEING.
 12160 | D:5      | 12160 ||| FLEEEEING.
 12180 | D:5      | 12180 ||| FLEEEEING.
 12200 | D:5      | 12200 ||| FLEEEEING.
 12220 | D:5      | 12220 ||| FLEEEEING.
 12240 | D:5      | 12240 ||| FLEEEEING.
 12260 | D:5      | 12260 ||| FLEEEEING.
 12280 | D:5      | 12280 ||| FLEEEEING.
 12300 | D:5      | 12300 ||| FLEEEEING.
 12320 | D:5      | 12320 ||| FLEEEEING.
 12340 | D:5      | 12340 ||| FLEEEEING.
 12360 | D:5      | 12360 ||| FLEEEEING.
 12380 | D:5      | 12380 ||| FLEEEEING.
 12400 | D:5      | 12400 ||| FLEEEEING.
 12420 | D:5      | 12420 ||| FLEEEEING.
 12440 | D:5      | 12440 ||| FLEEEEING.
 12460 | D:5      | 12460 ||| FLEEEEING.
 12480 | D:5      | 12480 ||| FLEEEEING.
 12500 | D:5      | 12500 ||| FLEEEEING.
 12520 | D:5      | 12520 ||| FLEEEEING.
 12540 | D:5      | 12540 ||| FLEEEEING.
 12560 | D:5      | 12560 ||| FLEEEEING.
 12580 | D:5      | 12580 ||| FLEEEEING.
 12600 | D:5      | 12600 ||| FLEEEEING.
 12620 | D:5      | 12620 ||| FLEEEEING.
 12640 | D:5      | 12640 ||| FLEEEEING.
 12660 | D:5      | 12660 ||| FLEEEEING.
 12680 | D:5      | 12680 ||| FLEEEEING.
 12700 | D:5      | 12700 ||| FLEEEEING.
 12720 | D:5      | 12720 ||| FLEEEEING.
 12740 | D:5      | 12740 ||| FLEEEEING.
 12760 | D:5      | 12760 ||| FLEEEEING.
 12780 | D:5      | 12780 ||| FLEEEEING.
 12800 | D:5      | 12800 ||| FLEEEEING.
 12820 | D:5      | 12820 ||| FLEEEEING.
 12840 | D:5      | 12840 ||| FLEEEEING.
 12860 | D:5      | 12860 ||| FLEEEEING.
 12880 | D:5      | 12880 ||| FLEEEEING.
 12900 | D:5      | 12900 ||| FLEEEEING.
 12920 | D:5      | 12920 ||| FLEEEEING.
 12940 | D:5      | 12940 ||| FLEEEEING.
 12960 | D:5      | 12960 ||| FLEEEEING.
 12980 | D:5      | 12980 ||| FLEEEEING.
 13000 | D:5      | 13000 ||| FLEEEEING.
 13020 | D:5      | 13020 ||| FLEEEEING.
 13040 | D:5      | 13040 ||| FLEEEEING.
 13060 | D:5      | 13060 ||| FLEEEEING.
 13080 | D:5      | 13080 ||| FLEEEEING.
 13100 | D:5      | 13100 ||| FLEEEEING.
 13120 | D:5      | 13120 ||| FLEEEEING.
 13140 | D:5      | 13140 ||| FLEEEEING.
 13160 | D:5      | 13160 ||| FLEEEEING.
 13180 | D:5      | 13180 ||| FLEEEEING.
 13200 | D:5      | 13200 ||| FLEEEEING.
 13220 | D:5      | 13220 ||| FLEEEEING.
 13240 | D:5      | 13240 ||| FLEEEEING.
 13260 | D:5      | 13260 ||| FLEEEEING.
 13280 | D:5      | 13280 ||| FLEEEEING.
 13300 | D:5      | 13300 ||| FLEEEEING.
 13320 | D:5      | 13320 ||| FLEEEEING.
 13340 | D:5      | 13340 ||| FLEEEEING.
 13360 | D:5      | 13360 ||| FLEEEEING.
 13380 | D:5      | 13380 ||| FLEEEEING.
 13400 | D:5      | 13400 ||| FLEEEEING.
 13420 | D:5      | 13420 ||| FLEEEEING.
 13440 | D:5      | 13440 ||| FLEEEEING.
 13460 | D:5      | 13460 ||| FLEEEEING.
 13480 | D:5      | 13480 ||| FLEEEEING.
 13500 | D:5      | 13500 ||| FLEEEEING.
 13520 | D:5      | 13520 ||| FLEEEEING.
 13540 | D:5      | 13540 ||| FLEEEEING.
 13560 | D:5      | 13560 ||| FLEEEEING.
 13580 | D:5      | 13580 ||| FLEEEEING.
 13600 | D:5      | 13600 ||| FLEEEEING.
 13620 | D:5      | 13620 ||| FLEEEEING.
 13640 | D:5      | 13640 ||| FLEEEEING.
 13660 | D:5      | 13660 ||| FLEEEEING.
 13680 | D:5      | 13680 ||| FLEEEEING.
 13700 | D:5      | 13700 ||| FLEEEEING.
 13720 | D:5      | 13720 ||| FLEEEEING.
 13740 | D:5      | 13740 ||| FLEEEEING.
 13760 | D:5      | 13760 ||| FLEEEEING.
 13780 | D:5      | 13780 ||| FLEEEEING.
 13800 | D:5      | 13800 ||| FLEEEEING.
 13820 | D:5      | 13820 ||| FLEEEEING.
 13840 | D:5      | 13840 ||| FLEEEEING.
 13860 | D:5      | 13860 ||| FLEEEEING.
 13880 | D:5      | 13880 ||| FLEEEEING.
 13900 | D:5      | 13900 ||| FLEEEEING.
 13920 | D:5      | 13920 ||| FLEEEEING.
 13940 | D:5      | 13940 ||| FLEEEEING.
 13960 | D:5      | 13960 ||| FLEEEEING.
 13980 | D:5      | 13980 ||| FLEEEEING.
 14000 | D:5      | 14000 ||| FLEEEEING.
 14020 | D:5      | 14020 ||| FLEEEEING.
 14040 | D:5      | 14040 ||| FLEEEEING.
 14060 | D:5      | 14060 ||| FLEEEEING.
 14080 | D:5      | 14080 ||| FLEEEEING.
 14100 | D:5      | 14100 ||| FLEEEEING.
 14120 | D:5      | 14120 ||| FLEEEEING.
 14140 | D:5      | 14140 ||| FLEEEEING.
 14160 | D:5      | 14160 ||| FLEEEEING.
 14180 | D:5      | 14180 ||| FLEEEEING.
 14200 | D:5      | 14200 ||| FLEEEEING.
 14220 | D:5      | 14220 ||| FLEEEEING.
 14240 | D:5      | 14240 ||| FLEEEEING.
 14260 | D:5      | 14260 ||| FLEEEEING.
 14280 | D:5      | 14280 ||| FLEEEEING.
 14300 | D:5      | 14300 ||| FLEEEEING.
 14320 | D:5      | 14320 ||| FLEEEEING.
 14340 | D:5      | 14340 ||| FLEEEEING.
 14360 | D:5      | 14360 ||| FLEEEEING.
 14380 | D:5      | 14380 ||| FLEEEEING.
 14400 | D:5      | 14400 ||| FLEEEEING.
 14420 | D:5      | 14420 ||| FLEEEEING.
 14440 | D:5      | 14440 ||| FLEEEEING.
 14460 | D:5      | 14460 ||| FLEEEEING.
 14480 | D:5      | 14480 ||| FLEEEEING.
 14500 | D:5      | 14500 ||| FLEEEEING.
 14520 | D:5      | 14520 ||| FLEEEEING.
 14540 | D:5      | 14540 ||| FLEEEEING.
 14560 | D:5      | 14560 ||| FLEEEEING.
 14580 | D:5      | 14580 ||| FLEEEEING.
 14600 | D:5      | 14600 ||| FLEEEEING.
 14620 | D:5      | 14620 ||| FLEEEEING.
 14640 | D:5      | 14640 ||| FLEEEEING.
 14660 | D:5      | 14660 ||| FLEEEEING.
 14680 | D:5      | 14680 ||| FLEEEEING.
 14700 | D:5      | 14700 ||| FLEEEEING.
 14720 | D:5      | 14720 ||| FLEEEEING.
 14740 | D:5      | 14740 ||| FLEEEEING.
 14760 | D:5      | 14760 ||| FLEEEEING.
 14780 | D:5      | 14780 ||| FLEEEEING.
 14800 | D:5      | 14800 ||| FLEEEEING.
 14820 | D:5      | 14820 ||| FLEEEEING.
 14840 | D:5      | 14840 ||| FLEEEEING.
 14860 | D:5      | 14860 ||| FLEEEEING.
 14880 | D:5      | 14880 ||| FLEEEEING.
 14900 | D:5      | 14900 ||| FLEEEEING.
 14920 | D:5      | 14920 ||| FLEEEEING.
 14940 | D:5      | 14940 ||| FLEEEEING.
 14960 | D:5      | 14960 ||| FLEEEEING.
 14980 | D:5      | 14980 ||| FLEEEEING.
 15000 | D:5      | 15000 ||| FLEEEEING.
 15020 | D:5      | 15020 ||| FLEEEEING.
 15040 | D:5      | 15040 ||| FLEEEEING.
 15060 | D:5      | 15060 ||| FLEEEEING.
 15080 | D:5      | 15080 ||| FLEEEEING.
 15100 | D:5      | 15100 ||| FLEEEEING.
 15120 | D:5      | 15120 ||| FLEEEEING.
 15140 | D:5      | 15140 ||| FLEEEEING.
 15160 | D:5      | 15160 ||| FLEEEEING.
 15180 | D:5      | 15180 ||| FLEEEEING.
 15200 | D:5      | 15200 ||| FLEEEEING.
 15220 | D:5      | 15220 ||| FLEEEEING.
 15240 | D:5      | 15240 ||| FLEEEEING.
 15260 | D:5      | 15260 ||| FLEEEEING.
 15280 | D:5      | 15280 ||| FLEEEEING.
 15300 | D:5      | 15300 ||| FLEEEEING.
 15320 | D:5      | 15320 ||| FLEEEEING.
 15340 | D:5      | 15340 ||| FLEEEEING.
 15360 | D:5      | 15360 ||| FLEEEEING.
 15380 | D:5      | 15380 ||| FLEEEEING.
 15400 | D:5      | 15400 ||| FLEEEEING.
 15420 | D:5      | 15420 ||| FLEEEEING.
 15440 | D:5      | 15440 ||| FLEEEEING.
 15460 | D:5      | 15460 ||| FLEEEEING.
 15480 | D:5      | 15480 ||| FLEEEEING.
 15500 | D:5      | 15500 ||| FLEEEEING.
 15520 | D:5      | 15520 ||| FLEEEEING.
 15540 | D:5      | 15540 ||| FLEEEEING.
 15560 | D:5      | 15560 ||| FLEEEEING.
 15580 | D:5      | 15580 ||| FLEEEEING.
 15600 | D:5      | 15600 ||| FLEEEEING.
 15620 | D:5      | 15620 ||| FLEEEEING.
 15640 | D:5      | 15640 ||| FLEEEEING.
 15660 | D:5      | 15660 ||| FLEEEEING.
 15680 | D:5      | 15680 ||| FLEEEEING.
 15700 | D:5      | 15700 ||| FLEEEEING.
 15720 | D:5      | 15720 ||| FLEEEEING.
 15740 | D:5      | 15740 ||| FLEEEEING.
 15760 | D:5      | 15760 ||| FLEEEEING.
 15780 | D:5      | 15780 ||| FLEEEEING.
 15800 | D:5      | 15800 ||| FLEEEEING.
 15820 | D:5      | 15820 ||| FLEEEEING.
 15840 | D:5      | 15840 ||| FLEEEEING.
 15860 | D:5      | 15860 ||| FLEEEEING.
 15880 | D:5      | 15880 ||| FLEEEEING.
 15900 | D:5      | 15900 ||| FLEEEEING.
 15920 | D:5      | 15920 ||| FLEEEEING.
 15940 | D:5      | 15940 ||| FLEEEEING.
 15960 | D:5      | 15960 ||| FLEEEEING.
 15980 | D:5      | 15980 ||| FLEEEEING.
 16000 | D:5      | 16000 ||| FLEEEEING.
 16020 | D:5      | 16020 ||| FLEEEEING.
 16040 | D:5      | 16040 ||| FLEEEEING.
 16060 | D:5      | 16060 ||| FLEEEEING.
 16080 | D:5      | 16080 ||| FLEEEEING.
 16100 | D:5      | 16100 ||| FLEEEEING.
 16120 | D:5      | 16120 ||| FLEEEEING.
 16140 | D:5      | 16140 ||| FLEEEEING.
 16160 | D:5      | 16160 ||| FLEEEEING.
 16180 | D:5      | 16180 ||| FLEEEEING.
 16200 | D:5      | 16200 ||| FLEEEEING.
 16220 | D:5      | 16220 ||| FLEEEEING.
 16240 | D:5      | 16240 ||| FLEEEEING.
 16260 | D:5      | 16260 ||| FLEEEEING.
 16280 | D:5      | 16280 ||| FLEEEEING.
 16300 | D:5      | 16300 ||| FLEEEEING.
 16320 | D:5      | 16320 ||| FLEEEEING.
 16340 | D:5      | 16340 ||| FLEEEEING.
 16360 | D:5      | 16360 ||| FLEEEEING.
 16380 | D:5      | 16380 ||| FLEEEEING.
 16400 | D:5      | 16400 ||| FLEEEEING.
 16420 | D:5      | 16420 ||| FLEEEEING.
 16440 | D:5      | 16440 ||| FLEEEEING.
 16460 | D:5      | 16460 ||| FLEEEEING.
 16480 | D:5      | 16480 ||| FLEEEEING.
 16500 | D:5      | 16500 ||| FLEEEEING.
 16520 | D:5      | 16520 ||| FLEEEEING.
 16540 | D:5      | 16540 ||| FLEEEEING.
 16560 | D:5      | 16560 ||| FLEEEEING.
 16580 | D:5      | 16580 ||| FLEEEEING.
 16600 | D:5      | 16600 ||| FLEEEEING.
 16620 | D:5      | 16620 ||| FLEEEEING.
 16640 | D:5      | 16640 ||| FLEEEEING.
 16660 | D:5      | 16660 ||| FLEEEEING.
 16680 | D:5      | 16680 ||| FLEEEEING.
 16700 | D:5      | 16700 ||| FLEEEEING.
 16720 | D:5      | 16720 ||| FLEEEEING.
 16740 | D:5      | 16740 ||| FLEEEEING.
 16760 | D:5      | 16760 ||| FLEEEEING.
 16780 | D:5      | 16780 ||| FLEEEEING.
 16800 | D:5      | 16800 ||| FLEEEEING.
 16820 | D:5      | 16820 ||| FLEEEEING.
 16840 | D:5      | 16840 ||| FLEEEEING.
 16860 | D:5      | 16860 ||| FLEEEEING.
 16880 | D:5      | 16880 ||| FLEEEEING.
 16900 | D:5      | 16900 ||| FLEEEEING.
 16920 | D:5      | 16920 ||| FLEEEEING.
 16940 | D:5      | 16940 ||| FLEEEEING.
 16960 | D:5      | 16960 ||| FLEEEEING.
 16980 | D:5      | 16980 ||| FLEEEEING.
 17000 | D:5      | 17000 ||| FLEEEEING.
 17020 | D:5      | 17020 ||| FLEEEEING.
 17040 | D:5      | 17040 ||| FLEEEEING.
 17060 | D:5      | 17060 ||| FLEEEEING.
 17080 | D:5      | 17080 ||| FLEEEEING.
 17100 | D:5      | 17100 ||| FLEEEEING.
 17120 | D:5      | 17120 ||| FLEEEEING.
 17140 | D:5      | 17140 ||| FLEEEEING.
 17160 | D:5      | 17160 ||| FLEEEEING.
 17180 | D:5      | 17180 ||| FLEEEEING.
 17200 | D:5      | 17200 ||| FLEEEEING.
 17220 | D:5      | 17220 ||| FLEEEEING.
 17240 | D:5      | 17240 ||| FLEEEEING.
 17260 | D:5      | 17260 ||| FLEEEEING.
 17280 | D:5      | 17280 ||| FLEEEEING.
 17300 | D:5      | 17300 ||| FLEEEEING.
 17320 | D:5      | 17320 ||| FLEEEEING.
 17340 | D:5      | 17340 ||| FLEEEEING.
 17360 | D:5      | 17360 ||| FLEEEEING.
 17380 | D:5      | 17380 ||| FLEEEEING.
 17400 | D:5      | 17400 ||| FLEEEEING.
 17420 | D:5      | 17420 ||| FLEEEEING.
 17440 | D:5      | 17440 ||| FLEEEEING.
 17460 | D:5      | 17460 ||| FLEEEEING.
 17480 | D:5      | 17480 ||| FLEEEEING.
 17500 | D:5      | 17500 ||| FLEEEEING.
 17520 | D:5      | 17520 ||| FLEEEEING.
 17540 | D:5      | 17540 ||| FLEEEEING.
 17560 | D:5      | 17560 ||| FLEEEEING.
 17580 | D:5      | 17580 ||| FLEEEEING.
 17600 | D:5      | 17600 ||| FLEEEEING.
 17620 | D:5      | 17620 ||| FLEEEEING.
 17640 | D:5      | 17640 ||| FLEEEEING.
 17660 | D:5      | 17660 ||| FLEEEEING.
 17680 | D:5      | 17680 ||| FLEEEEING.
 17700 | D:5      | 17700 ||| FLEEEEING.
 17720 | D:5      | 17720 ||| FLEEEEING.
 17740 | D:5      | 17740 ||| FLEEEEING.
 17760 | D:5      | 17760 ||| FLEEEEING.
 17780 | D:5      | 17780 ||| FLEEEEING.
 17800 | D:5      | 17800 ||| FLEEEEING.
 17820 | D:5      | 17820 ||| FLEEEEING.
 17840 | D:5      | 17840 ||| FLEEEEING.
 17860 | D:5      | 17860 ||| FLEEEEING.
 17880 | D:5      | 17880 ||| FLEEEEING.
 17900 | D:5      | 17900 ||| FLEEEEING.
 17920 | D:5      | 17920 ||| FLEEEEING.
 17940 | D:5      | 17940 ||| FLEEEEING.
 17960 | D:5      | 17960 ||| FLEEEEING.
 17980 | D:5      | 17980 ||| FLEEEEING.
 18000 | D:5      | 18000 ||| FLEEEEING.
 18020 | D:5      | 18020 ||| FLEEEEING.
 18040 | D:5      | 18040 ||| FLEEEEING.
 18060 | D:5      | 18060 ||| FLEEEEING.
 18080 | D:5      | 18080 ||| FLEEEEING.
 18100 | D:5      | 18100 ||| FLEEEEING.
 18120 | D:5      | 18120 ||| FLEEEEING.
 18140 | D:5      | 18140 ||| FLEEEEING.
 18160 | D:5      | 18160 ||| FLEEEEING.
 18180 | D:5      | 18180 ||| FLEEEEING.
 18200 | D:5      | 18200 ||| FLEEEEING.
 18220 | D:5      | 18220 ||| FLEEEEING.
 18240 | D:5      | 18240 ||| FLEEEEING.
 18260 | D:5      | 18260 ||| FLEEEEING.
 18280 | D:5      | 18280 ||| FLEEEEING.
 18300 | D:5      | 18300 ||| FLEEEEING.
 18320 | D:5      | 18320 ||| FLEEEEING.
 18340 | D:5      | 18340 ||| FLEEEEING.
 18360 | D:5      | 18360 ||| FLEEEEING.
 18380 | D:5      | 18380 ||| FLEEEEING.
 18400 | D:5      | 18400 ||| FLEEEEING.
 18420 | D:5      | 18420 ||| FLEEEEING.
 18440 | D:5      | 18440 ||| FLEEEEING.
 18460 | D:5      | 18460 ||| FLEEEEING.
 18480 | D:5      | 18480 ||| FLEEEEING.
 18500 | D:5      | 18500 ||| FLEEEEING.
 18520 | D:5      | 18520 ||| FLEEEEING.
 18540 | D:5      | 18540 ||| FLEEEEING.
 18560 | D:5      | 18560 ||| FLEEEEING.
 18580 | D:5      | 18580 ||| FLEEEEING.
 18600 | D:5      | 18600 ||| FLEEEEING.
 18620 | D:5      | 18620 ||| FLEEEEING.
 18640 | D:5      | 18640 ||| FLEEEEING.
 18660 | D:5      | 18660 ||| FLEEEEING.
 18680 | D:5      | 18680 ||| FLEEEEING.
 18700 | D:5      | 18700 ||| FLEEEEING.
 18720 | D:5      | 18720 ||| FLEEEEING.
 18740 | D:5      | 18740 ||| FLEEEEING.
 18760 | D:5      | 18760 ||| FLEEEEING.
 18780 | D:5      | 18780 ||| FLEEEEING.
 18800 | D:5      | 18800 ||| FLEEEEING.
 18820 | D:5      | 18820 ||| FLEEEEING.
 18840 | D:5      | 18840 ||| FLEEEEING.
 18860 | D:5      | 18860 ||| FLEEEEING.
 18880 | D:5      | 18880 ||| FLEEEEING.
 18900 | D:5      | 18900 ||| FLEEEEING.
 18920 | D:5      | 18920 ||| FLEEEEING.
 18940 | D:5      | 18940 ||| FLEEEEING.
 18960 | D:5      | 18960 ||| FLEEEEING.
 18980 | D:5      | 18980 ||| FLEEEEING.
 19000 | D:5      | 19000 ||| FLEEEEING.
 19020 | D:5      | 19020 ||| FLEEEEING.
 19040 | D:5      | 19040 ||| FLEEEEING.
 19060 | D:5      | 19060 ||| FLEEEEING.
 19080 | D:5      | 19080 ||| FLEEEEING.
 19100 | D:5      | 19100 ||| FLEEEEING.
 19120 | D:5      | 19120 ||| FLEEEEING.
 19140 | D:5      | 19140 ||| FLEEEEING.
 19160 | D:5      | 19160 ||| FLEEEEING.
 19180 | D:5      | 19180 ||| FLEEEEING.
 19200 | D:5      | 19200 ||| FLEEEEING.
 19220 | D:5      | 19220 ||| FLEEEEING.
 19240 | D:5      | 19240 ||| FLEEEEING.
 19260 | D:5      | 19260 ||| FLEEEEING.
 19280 | D:5      | 19280 ||| FLEEEEING.
 19300 | D:5      | 19300 ||| FLEEEEING.
 19320 | D:5      | 19320 ||| FLEEEEING.
 19340 | D:5      | 19340 ||| FLEEEEING.
 19360 | D:5      | 19360 ||| FLEEEEING.
 19380 | D:5      | 19380 ||| FLEEEEING.
 19400 | D:5      | 19400 ||| FLEEEEING.
 19420 | D:5      | 19420 ||| FLEEEEING.
 19440 | D:5      | 19440 ||| FLEEEEING.
 19460 | D:5      | 19460 ||| FLEEEEING.
 19480 | D:5      | 19480 ||| FLEEEEING.
 19500 | D:5      | 19500 ||| FLEEEEING.
 19520 | D:5      | 19520 ||| FLEEEEING.
 19540 | D:5      | 19540 ||| FLEEEEING.
 19560 | D:5      | 19560 ||| FLEEEEING.
 19580 | D:5      | 19580 ||| FLEEEEING.
 19600 | D:5      | 19600 ||| FLEEEEING.
 19620 | D:5      | 19620 ||| FLEEEEING.
 19640 | D:5      | 19640 ||| FLEEEEING.
 19660 | D:5      | 19660 ||| FLEEEEING.
 19680 | D:5      | 19680 ||| FLEEEEING.
 19700 | D:5      | 19700 ||| FLEEEEING.
 19720 | D:5      | 19720 ||| FLEEEEING.
 19740 | D:5      | 19740 ||| FLEEEEING.
 19760 | D:5      | 19760 ||| FLEEEEING.
 19780 | D:5      | 19780 ||| FLEEEEING.
 19800 | D:5      | 19800 ||| FLEEEEING.
 19820 | D:5      | 19820 ||| FLEEEEING.
 19840 | D:5      | 19840 ||| FLEEEEING.
 19860 | D:5      | 19860 ||| FLEEEEING.
 19880 | D:5      | 19880 ||| FLEEEEING.
 19900 | D:5      | 19900 ||| FLEEEEING.
 19920 | D:5      | 19920 ||| FLEEEEING.
 19940 | D:5      | 19940 ||| FLEEEEING.
 19960 | D:5      | 19960 ||| FLEEEEING.
 19980 | D:5      | 19980 ||| FLEEEEING.
 20000 | D:5      | 20000 ||| FLEEEEING.
 20020 | D:5      | 20020 ||| FLEEEEING.
 20040 | D:5      | 20040 ||| FLEEEEING.
 20060 | D:5      | 20060 ||| FLEEEEING.
 20080 | D:5      | 20080 ||| FLEEEEING.
 20100 | D:5      | 20100 ||| FLEEEEING.
 20120 | D:5      | 20120 ||| FLEEEEING.
 20140 | D:5      | 20140 ||| FLEEEEING.
 20160 | D:5      | 20160 ||| FLEEEEING.
 20180 | D:5      | 20180 ||| FLEEEEING.
 20200 | D:5      | 20200 ||| FLEEEEING.
 20220 | D:5      | 20220 ||| FLEEEEING.
 20240 | D:5      | 20240 ||| FLEEEEING.
 20260 | D:5      | 20260 ||| FLEEEEING.
 20280 | D:5      | 20280 ||| FLEEEEING.
 20300 | D:5      | 20300 ||| FLEEEEING.
 20320 | D:5      | 20320 ||| FLEEEEING.
 20340 | D:5      | 20340 ||| FLEEEEING.
 20360 | D:5      | 20360 ||| FLEEEEING.
 20380 | D:5      | 20380 ||| FLEEEEING.
 20400 | D:5      | 20400 ||| FLEEEEING.
 20420 | D:5      | 20420 ||| FLEEEEING.
 20440 | D:5      | 20440 ||| FLEEEEING.
 20460 | D:5      | 20460 ||| FLEEEEING.
 20480 | D:5      | 20480 ||| FLEEEEING.
 20500 | D:5      | 20500 ||| FLEEEEING.
 20520 | D:5      | 20520 ||| FLEEEEING.
 20540 | D:5      | 20540 ||| FLEEEEING.
 20560 | D:5      | 20560 ||| FLEEEEING.
 20580 | D:5      | 20580 ||| FLEEEEING.
 20600 | D:5      | 20600 ||| FLEEEEING.
 20620 | D:5      | 20620 ||| FLEEEEING.
 20640 | D:5      | 20640 ||| FLEEEEING.
 20660 | D:5      | 20660 ||| FLEEEEING.
 20680 | D:5      | 20680 ||| FLEEEEING.
 20700 | D:5      | 20700 ||| FLEEEEING.
 20720 | D:5      | 20720 ||| FLEEEEING.
 20740 | D:5      | 20740 ||| FLEEEEING.
 20760 | D:5      | 20760 ||| FLEEEEING.
 20780 | D:5      | 20780 ||| FLEEEEING.
 20800 | D:5      | 20800 ||| FLEEEEING.
 20820 | D:5      | 20820 ||| FLEEEEING.
 20840 | D:5      | 20840 ||| FLEEEEING.
 20860 | D:5      | 20860 ||| FLEEEEING.
 20880 | D:5      | 20880 ||| FLEEEEING.
 20900 | D:5      | 20900 ||| FLEEEEING.
 20920 | D:5      | 20920 ||| FLEEEEING.
 20940 | D:5      | 20940 ||| FLEEEEING.
 20960 | D:5      | 20960 ||| FLEEEEING.
 20980 | D:5      | 20980 ||| FLEEEEING.
 21000 | D:5      | 21000 ||| FLEEEEING.
 21020 | D:5      | 21020 ||| FLEEEEING.
 21040 | D:5      | 21040 ||| FLEEEEING.
 21060 | D:5      | 21060 ||| FLEEEEING.
 21080 | D:5      | 21080 ||| FLEEEEING.
 21100 | D:5      | 21100 ||| FLEEEEING.
 21120 | D:5      | 21120 ||| FLEEEEING.
 21140 | D:5      | 21140 ||| FLEEEEING.
 21160 | D:5      | 21160 ||| FLEEEEING.
 21180 | D:5      | 21180 ||| FLEEEEING.
 21200 | D:5      | 21200 ||| FLEEEEING.
 21220 | D:5      | 21220 ||| FLEEEEING.
 21240 | D:5      | 21240 ||| FLEEEEING.
 21260 | D:5      | 21260 ||| FLEEEEING.
 21280 | D:5      | 21280 ||| FLEEEEING.
 21300 | D:5      | 21300 ||| FLEEEEING.
 21320 | D:5      | 21320 ||| FLEEEEING.
 21340 | D:5      | 21340 ||| FLEEEEING.
 21360 | D:5      | 21360 ||| FLEEEEING.
 21380 | D:5      | 21380 ||| FLEEEEING.
 21400 | D:5      | 21400 ||| FLEEEEING.
 21420 | D:5      | 21420 ||| FLEEEEING.
 21440 | D:5      | 21440 ||| FLEEEEING.
 21460 | D:5      | 21460 ||| FLEEEEING.
 21480 | D:5      | 21480 ||| FLEEEEING.
 21500 | D:5      | 21500 ||| FLEEEEING.
 21520 | D:5      | 21520 ||| FLEEEEING.
 21540 | D:5      | 21540 ||| FLEEEEING.
 21560 | D:5      | 21560 ||| FLEEEEING.
 21580 | D:5      | 21580 ||| FLEEEEING.
 21600 | D:5      | 21600 ||| FLEEEEING.
 21620 | D:5      | 21620 ||| FLEEEEING.
 21640 | D:5      | 21640 ||| FLEEEEING.
 21660 | D:5      | 21660 ||| FLEEEEING.
 21680 | D:5      | 21680 ||| FLEEEEING.
 21700 | D:5      | 21700 ||| FLEEEEING.
 21720 | D:5      | 21720 ||| FLEEEEING.
 21740 | D:5      | 21740 ||| FLEEEEING.
 21760 | D:5      | 21760 ||| FLEEEEING.
 21780 | D:5      | 21780 ||| FLEEEEING.
 21800 | D:5      | 21800 ||| FLEEEEING.
 21820 | D:5      | 21820 ||| FLEEEEING.
 21840 | D:5      | 21840 ||| FLEEEEING.
 21860 | D:5      | 21860 ||| FLEEEEING.
 21880 | D:5      | 21880 ||| FLEEEEING.
 21900 | D:5      | 21900 ||| FLEEEEING.
 21920 | D:5      | 21920 ||| FLEEEEING.
 21940 | D:5      | 21940 ||| FLEEEEING.
 21960 | D:5      | 21960 ||| FLEEEEING.
 21980 | D:5      | 21980 ||| FLEEEEING.
 22000 | D:5      | 22000 ||| FLEEEEING.
 22020 | D:5      | 22020 ||| FLEEEEING.
 22040 | D:5      | 22040 ||| FLEEEEING.
 22060 | D:5      | 22060 ||| FLEEEEING.
 22080 | D:5      | 22080 ||| FLEEEEING.
 22100 | D:5      | 22100 ||| FLEEEEING.
 22120 | D:5      | 22120 ||| FLEEEEING.
 22140 | D:5      | 22140 ||| FLEEEEING.
 22160 | D:5      | 22160 ||| FLEEEEING.
 22180 | D:5      | 22180 ||| FLEEEEING.
 22200 | D:5      | 22200 ||| FLEEEEING.
 22220 | D:5      | 22220 ||| FLEEEEING.
 22240 | D:5      | 22240 ||| FLEEEEING.
 22260 | D:5      | 22260 ||| FLEEEEING.
 22280 | D:5      | 22280 ||| FLEEEEING.
 22300 | D:5      | 22300 ||| FLEEEEING.
 22320 | D:5      | 22320 ||| FLEEEEING.
 22340 | D:5      | 22340 ||| FLEEEEING.
 22360 | D:5      | 22360 ||| FLEEEEING.
 22380 | D:5      | 22380 ||| FLEEEEING.
 22400 | D:5      | 22400 ||| FLEEEEING.
 22420 | D:5      | 22420 ||| FLEEEEING.
 22440 | D:5      | 22440 ||| FLEEEEING.
 22460 | D:5      | 22460 ||| FLEEEEING.
 22480 | D:5      | 22480 ||| FLEEEEING.
 22500 | D:5      | 22500 ||| FLEEEEING.
 22520 | D:5      | 22520 ||| FLEEEEING.
 22540 | D:5      | 22540 ||| FLEEEEING.
 22560 | D:5      | 22560 ||| FLEEEEING.
 22580 | D:5      | 22580 ||| FLEEEEING.
 22600 | D:5      | 22600 ||| FLEEEEING.
 22620 | D:5      | 22620 ||| FLEEEEING.
 22640 | D:5      | 22640 ||| FLEEEEING.
 22660 | D:5      | 22660 ||| FLEEEEING.
 22680 | D:5      | 22680 ||| FLEEEEING.
 22700 | D:5      | 22700 ||| FLEEEEING.
 22720 | D:5      | 22720 ||| FLEEEEING.
 22740 | D:5      | 22740 ||| FLEEEEING.
 22760 | D:5      | 22760 ||| FLEEEEING.
 22780 | D:5      | 22780 ||| FLEEEEING.
 22800 | D:5      | 22800 ||| FLEEEEING.
 22820 | D:5      | 22820 ||| FLEEEEING.
 22840 | D:5      | 22840 ||| FLEEEEING.
 22860 | D:5      | 22860 ||| FLEEEEING.
 22880 | D:5      | 22880 ||| FLEEEEING.
 22900 | D:5      | 22900 ||| FLEEEEING.
 22920 | D:5      | 22920 ||| FLEEEEING.
 22940 | D:5      | 22940 ||| FLEEEEING.
 22960 | D:5      | 22960 ||| FLEEEEING.
 22980 | D:5      | 22980 ||| FLEEEEING.
 23000 | D:5      | 23000 ||| FLEEEEING.
 23020 | D:5      | 23020 ||| FLEEEEING.
 23040 | D:5      | 23040 ||| FLEEEEING.
 23060 | D:5      | 23060 ||| FLEEEEING.
 23080 | D:5      | 23080 ||| FLEEEEING.
 23100 | D:5      | 23100 ||| FLEEEEING.
 23120 | D:5      | 23120 ||| FLEEEEING.
 23140 | D:5      | 23140 ||| FLEEEEING.
 23160 | D:5      | 23160 ||| FLEEEEING.
 23180 | D:5      | 23180 ||| FLEEEEING.
 23200 | D:5      | 23200 ||| FLEEEEING.
 23220 | D:5      | 23220 ||| FLEEEEING.
 23240 | D:5      | 23240 ||| FLEEEEING.
 23260 | D:5      | 23260 ||| FLEEEEING.
 23280 | D:5      | 23280 ||| FLEEEEING.
 23300 | D:5      | 23300 ||| FLEEEEING.
 23320 | D:5      | 23320 ||| FLEEEEING.
 23340 | D:5      | 23340 ||| FLEEEEING.
 23360 | D:5      | 23360 ||| FLEEEEING.
 23380 | D:5      | 23380 ||| FLEEEEING.
 23400 | D:5      | 23400 ||| FLEEEEING.
 23420 | D:5      | 23420 ||| FLEEEEING.
 23440 | D:5      | 23440 ||| FLEEEEING.
 23460 | D:5      | 23460 ||| FLEEEEING.
 23480 | D:5      | 23480 ||| FLEEEEING.
 23500 | D:5      | 23500 ||| FLEEEEING.
 23520 | D:5      | 23520 ||| FLEEEEING.
 23540 | D:5      | 23540 ||| FLEEEEING.
 23560 | D:5      | 23560 ||| FLEEEEING.
 23580 | D:5      | 23580 ||| FLEEEEING.
 23600 | D:5      | 23600 ||| FLEEEEING.
 23620 | D:5      | 23620 ||| FLEEEEING.
 23640 | D:5      | 23640 ||| FLEEEEING.
 23660 | D:5      | 23660 ||| FLEEEEING.
 23680 | D:5      | 23680 ||| FLEEEEING.
 23700 | D:5      | 23700 ||| FLEEEEING.
 23720 | D:5      | 23720 ||| FLEEEEING.
 23740 | D:5      | 23740 ||| FLEEEEING.
 23760 | D:5      | 23760 ||| FLEEEEING.
 23780 | D:5      | 23780 ||| FLEEEEING.
 23800 | D:5      | 23800 ||| FLEEEEING.
 23820 | D:5      | 23820 ||| FLEEEEING.
 23840 | D:5      | 23840 ||| FLEEEEING.
 23860 | D:5      | 23860 ||| FLEEEEING.
 23880 | D:5      | 23880 ||| FLEEEEING.
 23900 | D:5      | 23900 ||| FLEEEEING.
 23920 | D:5      | 23920 ||| FLEEEEING.
 23940 | D:5      | 23940 ||| FLEEEEING.
 23960 | D:5      | 23960 ||| FLEEEEING.
 23980 | D:5      | 23980 ||| FLEEEEING.
 24000 | D:5      | 24000 ||| FLEEEEING.
 24020 | D:5      | 24020 ||| FLEEEEING.
 24040 | D:5      | 24040 ||| FLEEEEING.
 24060 | D:5      | 24060 ||| FLEEEEING.
 24080 | D:5      | 24080 ||| FLEEEEING.
 24100 | D:5      | 24100 ||| FLEEEEING.
 24120 | D:5      | 24120 ||| FLEEEEING.
 24140 | D:5      | 24140 ||| FLEEEEING.
 24160 | D:5      | 24160 ||| FLEEEEING.
 24180 | D:5      | 24180 ||| FLEEEEING.
 24200 | D:5      | 24200 ||| FLEEEEING.
 24220 | D:5      | 24220 ||| FLEEEEING.
 24240 | D:5      | 24240 ||| FLEEEEING.
 24260 | D:5      | 24260 ||| FLEEEEING.
 24280 | D:5      | 24280 ||| FLEEEEING.
 24300 | D:5      | 24300 ||| FLEEEEING.
 24320 | D:5      | 24320 ||| FLEEEEING.
 24340 | D:5      | 24340 ||| FLEEEEING.
 24360 | D:5      | 24360 ||| FLEEEEING.
 24380 | D:5      | 24380 ||| FLEEEEING.
 24400 | D:5      | 24400 ||| FLEEEEING.
 24420 | D:5      | 24420 ||| FLEEEEING.
 24440 | D:5      | 24440 ||| FLEEEEING.
 24460 | D:5      | 24460 ||| FLEEEEING.
 24480 | D:5      | 24480 ||| FLEEEEING.
 24500 | D:5      | 24500 ||| FLEEEEING.
 24520 | D:5      | 24520 ||| FLEEEEING.
 24540 | D:5      | 24540 ||| FLEEEEING.
 24560 | D:5      | 24560 ||| FLEEEEING.
 24580 | D:5      | 24580 ||| FLEEEEING.
 24600 | D:5      | 24600 ||| FLEEEEING.
 24620 | D:5      | 24620 ||| FLEEEEING.
 24640 | D:5      | 24640 ||| FLEEEEING.
 24660 | D:5      | 24660 ||| FLEEEEING.
 24680 | D:5      | 24680 ||| FLEEEEING.
 24700 | D:5      | 24700 ||| FLEEEEING.
 24720 | D:5      | 24720 ||| FLEEEEING.
 24740 | D:5      | 24740 ||| FLEEEEING.
 24760 | D:5      | 24760 ||| FLEEEEING.
 24780 | D:5      | 24780 ||| FLEEEEING.
 24800 | D:5      | 24800 ||| FLEEEEING.
 24820 | D:5      | 24820 ||| FLEEEEING.
 24840 | D:5      | 24840 ||| FLEEEEING.
 24860 | D:5      | 24860 ||| FLEEEEING.
 24880 | D:5      | 24880 ||| FLEEEEING.
 24900 | D:5      | 24900 ||| FLEEEEING.
 24920 | D:5      | 24920 ||| FLEEEEING.
 24940 | D:5      | 24940 ||| FLEEEEING.
 24960 | D:5      | 24960 ||| FLEEEEING.
 24980 | D:5      | 24980 ||| FLEEEEING.
 25000 | D:5      | 25000 ||| FLEEEEING.
 25020 | D:5      | 25020 ||| FLEEEEING.
 25040 | D:5      | 25040 ||| FLEEEEING.
 25060 | D:5      | 25060 ||| FLEEEEING.
 25080 | D:5      | 25080 ||| FLEEEEING.
 25100 | D:5      | 25100 ||| FLEEEEING.
 25120 | D:5      | 25120 ||| FLEEEEING.
 25140 | D:5      | 25140 ||| FLEEEEING.
 25160 | D:5      | 25160 ||| FLEEEEING.
 25180 | D:5      | 25180 ||| FLEEEEING.
 25200 | D:5      | 25200 ||| FLEEEEING.
 25220 | D:5      | 25220 ||| FLEEEEING.
 25240 | D:5      | 25240 ||| FLEEEEING.
 25260 | D:5      | 25260 ||| FLEEEEING.
 25280 | D:5      | 25280 ||| FLEEEEING.
 25300 | D:5      | 25300 ||| FLEEEEING.
 25320 | D:5      | 25320 ||| FLEEEEING.
 25340 | D:5      | 25340 ||| FLEEEEING.
 25360 | D:5      | 25360 ||| FLEEEEING.
 25380 | D:5      | 25380 ||| FLEEEEING.
 25400 | D:5      | 25400 ||| FLEEEEING.
 25420 | D:5      | 25420 ||| FLEEEEING.
 25440 | D:5      | 25440 ||| FLEEEEING.
 25460 | D:5      | 25460 ||| FLEEEEING.
 25480 | D:5      | 25480 ||| FLEEEEING.
 25500 | D:5      | 25500 ||| FLEEEEING.
 25520 | D:5      | 25520 ||| FLEEEEING.
 25540 | D:5      | 25540 ||| FLEEEEING.
 25560 | D:5      | 25560 ||| FLEEEEING.
 25580 | D:5      | 25580 ||| FLEEEEING.
 25600 | D:5      | 25600 ||| FLEEEEING.
 25620 | D:5      | 25620 ||| FLEEEEING.
 25640 | D:5      | 25640 ||| FLEEEEING.
 25660 | D:5      | 25660 ||| FLEEEEING.
 25680 | D:5      | 25680 ||| FLEEEEING.
 25700 | D:5      | 25700 ||| FLEEEEING.
 25720 | D:5      | 25720 ||| FLEEEEING.
 25740 | D:5      | 25740 ||| FLEEEEING.
 25760 | D:5      | 25760 ||| FLEEEEING.
 25780 | D:5      | 25780 ||| FLEEEEING.
 25800 | D:5      | 25800 ||| FLEEEEING.
 25820 | D:5      | 25820 ||| FLEEEEING.
 25840 | D:5      | 25840 ||| FLEEEEING.
 25860 | D:5      | 25860 ||| FLEEEEING.
 25880 | D:5      | 25880 ||| FLEEEEING.
 25900 | D:5      | 25900 ||| FLEEEEING.
 25920 | D:5      | 25920 ||| FLEEEEING.
 25940 | D:5      | 25940 ||| FLEEEEING.
 25960 | D:5      | 25960 ||| FLEEEEING.
 25980 | D:5      | 25980 ||| FLEEEEING.
 26000 | D:5      | 26000 ||| FLEEEEING.
 26020 | D:5      | 26020 ||| FLEEEEING.
 26040 | D:5      | 26040 ||| FLEEEEING.
 26060 | D:5      | 26060 ||| FLEEEEING.
 26080 | D:5      | 26080 ||| FLEEEEING.
 26100 | D:5      | 26100 ||| FLEEEEING.
 26120 | D:5      | 26120 ||| FLEEEEING.
 26140 | D:5      | 26140 ||| FLEEEEING.
 26160 | D:5      | 26160 ||| FLEEEEING.
 26180 | D:5      | 26180 ||| FLEEEEING.
 26200 | D:5      | 26200 ||| FLEEEEING.
 26220 | D:5      | 26220 ||| FLEEEEING.
 26240 | D:5      | 26240 ||| FLEEEEING.
 26260 | D:5      | 26260 ||| FLEEEEING.
 26280 | D:5      | 26280 ||| FLEEEEING.
 26300 | D:5      | 26300 ||| FLEEEEING.
 26320 | D:5      | 26320 ||| FLEEEEING.
 26340 | D:5      | 26340 ||| FLEEEEING.
 26360 | D:5      | 26360 ||| FLEEEEING.
 26380 | D:5      | 26380 ||| FLEEEEING.
 26400 | D:5      | 26400 ||| FLEEEEING.
 26420 | D:5      | 26420 ||| FLEEEEING.
 26440 | D:5      | 26440 ||| FLEEEEING.
 26460 | D:5      | 26460 ||| FLEEEEING.
 26480 | D:5      | 26480 ||| FLEEEEING.
 26500 | D:5      | 26500 ||| FLEEEEING.
 26520 | D:5      | 26520 ||| FLEEEEING.
 26540 | D:5      | 26540 ||| FLEEEEING.
 26560 | D:5      | 26560 ||| FLEEEEING.
 26580 | D:5      | 26580 ||| FLEEEEING.
 26600 | D:5      | 26600 ||| FLEEEEING.
 26620 | D:5      | 26620 ||| FLEEEEING.
 26640 | D:5      | 26640 ||| FLEEEEING.
 26660 | D:5      | 26660 ||| FLEEEEING.
 26680 | D:5      | 26680 ||| FLEEEEING.
 26700 | D:5      | 26700 ||| FLEEEEING.
 26720 | D:5      | 26720 ||| FLEEEEING.
 26740 | D:5      | 26740 ||| FLEEEEING.
 26760 | D:5      | 26760 ||| FLEEEEING.
 26780 | D:5      | 26780 ||| FLEEEEING.
 26800 | D:5      | 26800 ||| FLEEEEING.
 26820 | D:5      | 26820 ||| FLEEEEING.
 26840 | D:5      | 26840 ||| FLEEEEING.
 26860 | D:5      | 26860 ||| FLEEEEING.
 26880 | D:5      | 26880 ||| FLEEEEING.
 26900 | D:5      | 26900 ||| FLEEEEING.
 26920 | D:5      | 26920 ||| FLEEEEING.
 26940 | D:5      | 26940 ||| FLEEEEING.
 26960 | D:5      | 26960 ||| FLEEEEING.
 26980 | D:5      | 26980 ||| FLEEEEING.
 27000 | D:5      | 27000 ||| FLEEEEING.
 27020 | D:5      | 27020 ||| FLEEEEING.
 27040 | D:5      | 27040 ||| FLEEEEING.
 27060 | D:5      | 27060 ||| FLEEEEING.
 27080 | D:5      | 27080 ||| FLEEEEING.
 27100 | D:5      | 27100 ||| FLEEEEING.
 27120 | D:5      | 27120 ||| FLEEEEING.
 27140 | D:5      | 27140 ||| FLEEEEING.
 27160 | D:5      | 27160 ||| FLEEEEING.
 27180 | D:5      | 27180 ||| FLEEEEING.
 27200 | D:5      | 27200 ||| FLEEEEING.
 27220 | D:5      | 27220 ||| FLEEEEING.
 27240 | D:5      | 27240 ||| FLEEEEING.
 27260 | D:5      | 27260 ||| FLEEEEING.
 27280 | D:5      | 27280 ||| FLEEEEING.
 27300 | D:5      | 27300 ||| FLEEEEING.
 27320 | D:5      | 27320 ||| FLEEEEING.
 27340 | D:5      | 27340 ||| FLEEEEING.
 27360 | D:5      | 27360 ||| FLEEEEING.
 27380 | D:5      | 27380 ||| FLEEEEING.
 27400 | D:5      | 27400 ||| FLEEEEING.
 27420 | D:5      | 27420 ||| FLEEEEING.
 27440 | D:5      | 27440 ||| FLEEEEING.
 27460 | D:5      | 27460 ||| FLEEEEING.
 27480 | D:5      | 27480 ||| FLEEEEING.
 27500 | D:5      | 27500 ||| FLEEEEING.
 27520 | D:5      | 27520 ||| FLEEEEING.
 27540 | D:5      | 27540 ||| FLEEEEING.
 27560 | D:5      | 27560 ||| FLEEEEING.
 27580 | D:5      | 27580 ||| FLEEEEING.
 27600 | D:5      | 27600 ||| FLEEEEING.
 27620 | D:5      | 27620 ||| FLEEEEING.
 27640 | D:5      | 27640 ||| FLEEEEING.
 27660 | D:5      | 27660 ||| FLEEEEING.
 27680 | D:5      | 27680 ||| FLEEEEING.
 27700 | D:5      | 27700 ||| FLEEEEING.
 27720 | D:5      | 27720 ||| FLEEEEING.
 27740 | D:5      | 27740 ||| FLEEEEING.
 27760 | D:5      | 27760 ||| FLEEEEING.
 27780 | D:5      | 27780 ||| FLEEEEING.
 27800 | D:5      | 27800 ||| FLEEEEING.
 27820 | D:5      | 27820 ||| FLEEEEING.
 27840 | D:5      | 27840 ||| FLEEEEING.
 27860 | D:5      | 27860 ||| FLEEEEING.
 27880 | D:5      | 27880 ||| FLEEEEING.
 27900 | D:5      | 27900 ||| FLEEEEING.
 27920 | D:5      | 27920 ||| FLEEEEING.
 27940 | D:5      | 27940 ||| FLEEEEING.
 27960 | D:5      | 27960 ||| FLEEEEING.
 27980 | D:5      | 27980 ||| FLEEEEING.
 28000 | D:5      | 28000 ||| FLEEEEING.
 28020 | D:5      | 28020 ||| FLEEEEING.
 28040 | D:5      | 28040 ||| FLEEEEING.
 28060 | D:5      | 28060 ||| FLEEEEING.
 28080 | D:5      | 28080 ||| FLEEEEING.
 28100 | D:5      | 28100 ||| FLEEEEING.
 28120 | D:5      | 28120 ||| FLEEEEING.
 28140 | D:5      | 28140 ||| FLEEEEING.
 28160 | D:5      | 28160 ||| FLEEEEING.
 28180 | D:5      | 28180 ||| FLEEEEING.
 28200 | D:5      | 28200 ||| FLEEEEING.
 28220 | D:5      | 28220 ||| FLEEEEING.
 28240 | D:5      | 28240 ||| FLEEEEING.
 28260 | D:5      | 28260 ||| FLEEEEING.
 28280 | D:5      | 28280 ||| FLEEEEING.
 28300 | D:5      | 28300 ||| FLEEEEING.
 28320 | D:5      | 28320 ||| FLEEEEING.
 28340 | D:5      | 28340 ||| FLEEEEING.
 28360 | D:5      | 28360 ||| FLEEEEING.
 28380 | D:5      | 28380 ||| FLEEEEING.
 28400 | D:5      | 28400 ||| FLEEEEING.
 28420 | D:5      | 28420 ||| FLEEEEING.
 28440 | D:5      | 28440 ||| FLEEEEING.
 28460 | D:5      | 28460 ||| FLEEEEING.
 28480 | D:5      | 28480 ||| FLEEEEING.
 28500 | D:5      | 28500 ||| FLEEEEING.
 28520 | D:5      | 28520 ||| FLEEEEING.
 28540 | D:5      | 28540 ||| FLEEEEING.
 28560 | D:5      | 28560 ||| FLEEEEING.
 28580 | D:5      | 28580 ||| FLEEEEING.
 28600 | D:5      | 28600 ||| FLEEEEING.
 28620 | D:5      | 28620 ||| FLEEEEING.
 28640 | D:5      | 28640 ||| FLEEEEING.
 28660 | D:5      | 28660 ||| FLEEEEING.
 28680 | D:5      | 28680 ||| FLEEEEING.
 28700 | D:5      | 28700 ||| FLEEEEING.
 28720 | D:5      | 28720 ||| FLEEEEING.
 28740 | D:5      | 28740 ||| FLEEEEING.
 28760 | D:5      | 28760 ||| FLEEEEING.
 28780 | D:5      | 28780 ||| FLEEEEING.
 28800 | D:5      | 28800 ||| FLEEEEING.
 28820 | D:5      | 28820 ||| FLEEEEING.
 28840 | D:5      | 28840 ||| FLEEEEING.
 28860 | D:5      | 28860 ||| FLEEEEING.
 28880 | D:5      | 28880 ||| FLEEEEING.
 28900 | D:5      | 28900 ||| FLEEEEING.
 28900 | D:5      | Glimpsed the power of Zot.
 28920 | D:5      | 28920 ||| FLEEEEING.
 28940 | D:5      | 28940 ||| FLEEEEING.
 28960 | D:5      | 28960 ||| FLEEEEING.
 28980 | D:5      | 28980 ||| FLEEEEING.
 29000 | D:5      | 29000 ||| FLEEEEING.
 29020 | D:5      | 29020 ||| FLEEEEING.
 29040 | D:5      | 29040 ||| FLEEEEING.
 29060 | D:5      | 29060 ||| FLEEEEING.
 29080 | D:5      | 29080 ||| FLEEEEING.
 29100 | D:5      | 29100 ||| FLEEEEING.
 29120 | D:5      | 29120 ||| FLEEEEING.
 29140 | D:5      | 29140 ||| FLEEEEING.
 29160 | D:5      | 29160 ||| FLEEEEING.
 29180 | D:5      | 29180 ||| FLEEEEING.
 29200 | D:5      | 29200 ||| FLEEEEING.
 29220 | D:5      | 29220 ||| FLEEEEING.
 29240 | D:5      | 29240 ||| FLEEEEING.
 29260 | D:5      | 29260 ||| FLEEEEING.
 29280 | D:5      | 29280 ||| FLEEEEING.
 29300 | D:5      | 29300 ||| FLEEEEING.
 29320 | D:5      | 29320 ||| FLEEEEING.
 29340 | D:5      | 29340 ||| FLEEEEING.
 29360 | D:5      | 29360 ||| FLEEEEING.
 29380 | D:5      | 29380 ||| FLEEEEING.
 29400 | D:5      | 29400 ||| FLEEEEING.
 29400 | D:5      | Glimpsed the power of Zot.
 29420 | D:5      | 29420 ||| FLEEEEING.
 29440 | D:5      | 29440 ||| FLEEEEING.
 29460 | D:5      | 29460 ||| FLEEEEING.
 29480 | D:5      | 29480 ||| FLEEEEING.
 29500 | D:5      | 29500 ||| FLEEEEING.
 29520 | D:5      | 29520 ||| FLEEEEING.
 29540 | D:5      | 29540 ||| FLEEEEING.
 29560 | D:5      | 29560 ||| FLEEEEING.
 29580 | D:5      | 29580 ||| FLEEEEING.
 29600 | D:5      | 29600 ||| FLEEEEING.
 29620 | D:5      | 29620 ||| FLEEEEING.
 29640 | D:5      | 29640 ||| FLEEEEING.
 29660 | D:5      | 29660 ||| FLEEEEING.
 29680 | D:5      | 29680 ||| FLEEEEING.
 29700 | D:5      | 29700 ||| FLEEEEING.
 29720 | D:5      | 29720 ||| FLEEEEING.
 29740 | D:5      | 29740 ||| FLEEEEING.
 29760 | D:5      | 29760 ||| FLEEEEING.
 29780 | D:5      | 29780 ||| FLEEEEING.
 29800 | D:5      | 29800 ||| FLEEEEING.
 29800 | D:5      | Glimpsed the power of Zot.
 29820 | D:5      | 29820 ||| FLEEEEING.
 29840 | D:5      | 29840 ||| FLEEEEING.
 29860 | D:5      | 29860 ||| FLEEEEING.
 29880 | D:5      | 29880 ||| FLEEEEING.
 29900 | D:5      | 29900 ||| FLEEEEING.
 29900 | D:5      | Touched by the power of Zot (MHP 60 -> 47)
 29901 | D:5      | Glimpsed the power of Zot.
 29920 | D:5      | 29920 ||| FLEEEEING.
 29940 | D:5      | 29940 ||| FLEEEEING.
 29960 | D:5      | 29960 ||| FLEEEEING.
 29980 | D:5      | 29980 ||| FLEEEEING.
 30000 | D:5      | 30000 ||| FLEEEEING.
 30020 | D:5      | 30020 ||| FLEEEEING.
 30040 | D:5      | 30040 ||| FLEEEEING.
 30060 | D:5      | 30060 ||| FLEEEEING.
 30080 | D:5      | 30080 ||| FLEEEEING.
 30100 | D:5      | 30100 ||| FLEEEEING.
 30120 | D:5      | 30120 ||| FLEEEEING.
 30140 | D:5      | 30140 ||| FLEEEEING.
 30160 | D:5      | 30160 ||| FLEEEEING.
 30180 | D:5      | 30180 ||| FLEEEEING.
 30200 | D:5      | 30200 ||| FLEEEEING.
 30220 | D:5      | 30220 ||| FLEEEEING.
 30240 | D:5      | 30240 ||| FLEEEEING.
 30260 | D:5      | 30260 ||| FLEEEEING.
 30280 | D:5      | 30280 ||| FLEEEEING.
 30300 | D:5      | 30300 ||| FLEEEEING.
 30320 | D:5      | 30320 ||| FLEEEEING.
 30340 | D:5      | 30340 ||| FLEEEEING.
 30360 | D:5      | 30360 ||| FLEEEEING.
 30380 | D:5      | 30380 ||| FLEEEEING.
 30400 | D:5      | 30400 ||| FLEEEEING.
 30401 | D:5      | Glimpsed the power of Zot.
 30420 | D:5      | 30420 ||| FLEEEEING.
 30440 | D:5      | 30440 ||| FLEEEEING.
 30460 | D:5      | 30460 ||| FLEEEEING.
 30480 | D:5      | 30480 ||| FLEEEEING.
 30500 | D:5      | 30500 ||| FLEEEEING.
 30520 | D:5      | 30520 ||| FLEEEEING.
 30540 | D:5      | 30540 ||| FLEEEEING.
 30560 | D:5      | 30560 ||| FLEEEEING.
 30580 | D:5      | 30580 ||| FLEEEEING.
 30600 | D:5      | 30600 ||| FLEEEEING.
 30620 | D:5      | 30620 ||| FLEEEEING.
 30640 | D:5      | 30640 ||| FLEEEEING.
 30660 | D:5      | 30660 ||| FLEEEEING.
 30680 | D:5      | 30680 ||| FLEEEEING.
 30700 | D:5      | 30700 ||| FLEEEEING.
 30720 | D:5      | 30720 ||| FLEEEEING.
 30740 | D:5      | 30740 ||| FLEEEEING.
 30760 | D:5      | 30760 ||| FLEEEEING.
 30780 | D:5      | 30780 ||| FLEEEEING.
 30800 | D:5      | 30800 ||| FLEEEEING.
 30801 | D:5      | Glimpsed the power of Zot.
 30820 | D:5      | 30820 ||| FLEEEEING.
 30840 | D:5      | 30840 ||| FLEEEEING.
 30860 | D:5      | 30860 ||| FLEEEEING.
 30880 | D:5      | 30880 ||| FLEEEEING.
 30900 | D:5      | 30900 ||| FLEEEEING.
 30900 | D:5      | Touched by the power of Zot (MHP 46 -> 36)
 30901 | D:5      | Glimpsed the power of Zot.
 30920 | D:5      | 30920 ||| FLEEEEING.
 30940 | D:5      | 30940 ||| FLEEEEING.
 30960 | D:5      | 30960 ||| FLEEEEING.
 30980 | D:5      | 30980 ||| FLEEEEING.
 31000 | D:5      | 31000 ||| FLEEEEING.
 31020 | D:5      | 31020 ||| FLEEEEING.
 31040 | D:5      | 31040 ||| FLEEEEING.
 31060 | D:5      | 31060 ||| FLEEEEING.
 31080 | D:5      | 31080 ||| FLEEEEING.
 31100 | D:5      | 31100 ||| FLEEEEING.
 31120 | D:5      | 31120 ||| FLEEEEING.
 31140 | D:5      | 31140 ||| FLEEEEING.
 31160 | D:5      | 31160 ||| FLEEEEING.
 31180 | D:5      | 31180 ||| FLEEEEING.
 31200 | D:5      | 31200 ||| FLEEEEING.
 31220 | D:5      | 31220 ||| FLEEEEING.
 31240 | D:5      | 31240 ||| FLEEEEING.
 31260 | D:5      | 31260 ||| FLEEEEING.
 31280 | D:5      | 31280 ||| FLEEEEING.
 31300 | D:5      | 31300 ||| FLEEEEING.
 31320 | D:5      | 31320 ||| FLEEEEING.
 31340 | D:5      | 31340 ||| FLEEEEING.
 31360 | D:5      | 31360 ||| FLEEEEING.
 31380 | D:5      | 31380 ||| FLEEEEING.
 31400 | D:5      | 31400 ||| FLEEEEING.
 31401 | D:5      | Glimpsed the power of Zot.
 31420 | D:5      | 31420 ||| FLEEEEING.
 31440 | D:5      | 31440 ||| FLEEEEING.
 31460 | D:5      | 31460 ||| FLEEEEING.
 31480 | D:5      | 31480 ||| FLEEEEING.
 31500 | D:5      | 31500 ||| FLEEEEING.
 31520 | D:5      | 31520 ||| FLEEEEING.
 31540 | D:5      | 31540 ||| FLEEEEING.
 31560 | D:5      | 31560 ||| FLEEEEING.
 31580 | D:5      | 31580 ||| FLEEEEING.
 31600 | D:5      | 31600 ||| FLEEEEING.
 31620 | D:5      | 31620 ||| FLEEEEING.
 31640 | D:5      | 31640 ||| FLEEEEING.
 31660 | D:5      | 31660 ||| FLEEEEING.
 31680 | D:5      | 31680 ||| FLEEEEING.
 31700 | D:5      | 31700 ||| FLEEEEING.
 31720 | D:5      | 31720 ||| FLEEEEING.
 31740 | D:5      | 31740 ||| FLEEEEING.
 31760 | D:5      | 31760 ||| FLEEEEING.
 31780 | D:5      | 31780 ||| FLEEEEING.
 31800 | D:5      | 31800 ||| FLEEEEING.
 31801 | D:5      | Glimpsed the power of Zot.
 31820 | D:5      | 31820 ||| FLEEEEING.
 31840 | D:5      | 31840 ||| FLEEEEING.
 31860 | D:5      | 31860 ||| FLEEEEING.
 31880 | D:5      | 31880 ||| FLEEEEING.
 31900 | D:5      | 31900 ||| FLEEEEING.
 31900 | D:5      | Touched by the power of Zot (MHP 35 -> 27)
 31901 | D:5      | Glimpsed the power of Zot.
 31920 | D:5      | 31920 ||| FLEEEEING.
 31940 | D:5      | 31940 ||| FLEEEEING.
 31960 | D:5      | 31960 ||| FLEEEEING.
 31980 | D:5      | 31980 ||| FLEEEEING.
 32000 | D:5      | 32000 ||| FLEEEEING.
 32020 | D:5      | 32020 ||| FLEEEEING.
 32040 | D:5      | 32040 ||| FLEEEEING.
 32060 | D:5      | 32060 ||| FLEEEEING.
 32080 | D:5      | 32080 ||| FLEEEEING.
 32100 | D:5      | 32100 ||| FLEEEEING.
 32120 | D:5      | 32120 ||| FLEEEEING.
 32140 | D:5      | 32140 ||| FLEEEEING.
 32160 | D:5      | 32160 ||| FLEEEEING.
 32180 | D:5      | 32180 ||| FLEEEEING.
 32200 | D:5      | 32200 ||| FLEEEEING.
 32220 | D:5      | 32220 ||| FLEEEEING.
 32240 | D:5      | 32240 ||| FLEEEEING.
 32260 | D:5      | 32260 ||| FLEEEEING.
 32280 | D:5      | 32280 ||| FLEEEEING.
 32300 | D:5      | 32300 ||| FLEEEEING.
 32320 | D:5      | 32320 ||| FLEEEEING.
 32340 | D:5      | 32340 ||| FLEEEEING.
 32360 | D:5      | 32360 ||| FLEEEEING.
 32380 | D:5      | 32380 ||| FLEEEEING.
 32400 | D:5      | 32400 ||| FLEEEEING.
 32401 | D:5      | Glimpsed the power of Zot.
 32420 | D:5      | 32420 ||| FLEEEEING.
 32440 | D:5      | 32440 ||| FLEEEEING.
 32460 | D:5      | 32460 ||| FLEEEEING.
 32480 | D:5      | 32480 ||| FLEEEEING.
 32500 | D:5      | 32500 ||| FLEEEEING.
 32520 | D:5      | 32520 ||| FLEEEEING.
 32540 | D:5      | 32540 ||| FLEEEEING.
 32560 | D:5      | 32560 ||| FLEEEEING.
 32580 | D:5      | 32580 ||| FLEEEEING.
 32600 | D:5      | 32600 ||| FLEEEEING.
 32620 | D:5      | 32620 ||| FLEEEEING.
 32640 | D:5      | 32640 ||| FLEEEEING.
 32660 | D:5      | 32660 ||| FLEEEEING.
 32680 | D:5      | 32680 ||| FLEEEEING.
 32700 | D:5      | 32700 ||| FLEEEEING.
 32720 | D:5      | 32720 ||| FLEEEEING.
 32740 | D:5      | 32740 ||| FLEEEEING.
 32760 | D:5      | 32760 ||| FLEEEEING.
 32780 | D:5      | 32780 ||| FLEEEEING.
 32800 | D:5      | 32800 ||| FLEEEEING.
 32801 | D:5      | Glimpsed the power of Zot.
 32820 | D:5      | 32820 ||| FLEEEEING.
 32840 | D:5      | 32840 ||| FLEEEEING.
 32860 | D:5      | 32860 ||| FLEEEEING.
 32880 | D:5      | 32880 ||| FLEEEEING.
 32900 | D:5      | 32900 ||| FLEEEEING.
 32900 | D:5      | Touched by the power of Zot (MHP 26 -> 19)
 32901 | D:5      | Glimpsed the power of Zot.
 32920 | D:5      | 32920 ||| FLEEEEING.
 32940 | D:5      | 32940 ||| FLEEEEING.
 32960 | D:5      | 32960 ||| FLEEEEING.
 32980 | D:5      | 32980 ||| FLEEEEING.
 33000 | D:5      | 33000 ||| FLEEEEING.
 33020 | D:5      | 33020 ||| FLEEEEING.
 33040 | D:5      | 33040 ||| FLEEEEING.
 33060 | D:5      | 33060 ||| FLEEEEING.
 33080 | D:5      | 33080 ||| FLEEEEING.
 33100 | D:5      | 33100 ||| FLEEEEING.
 33120 | D:5      | 33120 ||| FLEEEEING.
 33140 | D:5      | 33140 ||| FLEEEEING.
 33160 | D:5      | 33160 ||| FLEEEEING.
 33180 | D:5      | 33180 ||| FLEEEEING.
 33200 | D:5      | 33200 ||| FLEEEEING.
 33220 | D:5      | 33220 ||| FLEEEEING.
 33240 | D:5      | 33240 ||| FLEEEEING.
 33260 | D:5      | 33260 ||| FLEEEEING.
 33280 | D:5      | 33280 ||| FLEEEEING.
 33300 | D:5      | 33300 ||| FLEEEEING.
 33320 | D:5      | 33320 ||| FLEEEEING.
 33340 | D:5      | 33340 ||| FLEEEEING.
 33360 | D:5      | 33360 ||| FLEEEEING.
 33380 | D:5      | 33380 ||| FLEEEEING.
 33400 | D:5      | 33400 ||| FLEEEEING.
 33401 | D:5      | Glimpsed the power of Zot.
 33420 | D:5      | 33420 ||| FLEEEEING.
 33440 | D:5      | 33440 ||| FLEEEEING.
 33460 | D:5      | 33460 ||| FLEEEEING.
 33480 | D:5      | 33480 ||| FLEEEEING.
 33500 | D:5      | 33500 ||| FLEEEEING.
 33520 | D:5      | 33520 ||| FLEEEEING.
 33540 | D:5      | 33540 ||| FLEEEEING.
 33560 | D:5      | 33560 ||| FLEEEEING.
 33580 | D:5      | 33580 ||| FLEEEEING.
 33600 | D:5      | 33600 ||| FLEEEEING.
 33620 | D:5      | 33620 ||| FLEEEEING.
 33640 | D:5      | 33640 ||| FLEEEEING.
 33660 | D:5      | 33660 ||| FLEEEEING.
 33680 | D:5      | 33680 ||| FLEEEEING.
 33700 | D:5      | 33700 ||| FLEEEEING.
 33720 | D:5      | 33720 ||| FLEEEEING.
 33740 | D:5      | 33740 ||| FLEEEEING.
 33760 | D:5      | 33760 ||| FLEEEEING.
 33780 | D:5      | 33780 ||| FLEEEEING.
 33800 | D:5      | 33800 ||| FLEEEEING.
 33801 | D:5      | Glimpsed the power of Zot.
 33820 | D:5      | 33820 ||| FLEEEEING.
 33840 | D:5      | 33840 ||| FLEEEEING.
 33860 | D:5      | 33860 ||| FLEEEEING.
 33880 | D:5      | 33880 ||| FLEEEEING.
 33900 | D:5      | 33900 ||| FLEEEEING.
 33900 | D:5      | Touched by the power of Zot (MHP 18 -> 12)
 33901 | D:5      | Glimpsed the power of Zot.
 33920 | D:5      | 33920 ||| FLEEEEING.
 33940 | D:5      | 33940 ||| FLEEEEING.
 33960 | D:5      | 33960 ||| FLEEEEING.
 33980 | D:5      | 33980 ||| FLEEEEING.
 34000 | D:5      | 34000 ||| FLEEEEING.
 34020 | D:5      | 34020 ||| FLEEEEING.
 34040 | D:5      | 34040 ||| FLEEEEING.
 34060 | D:5      | 34060 ||| FLEEEEING.
 34080 | D:5      | 34080 ||| FLEEEEING.
 34100 | D:5      | 34100 ||| FLEEEEING.
 34120 | D:5      | 34120 ||| FLEEEEING.
 34140 | D:5      | 34140 ||| FLEEEEING.
 34160 | D:5      | 34160 ||| FLEEEEING.
 34180 | D:5      | 34180 ||| FLEEEEING.
 34200 | D:5      | 34200 ||| FLEEEEING.
 34220 | D:5      | 34220 ||| FLEEEEING.
 34240 | D:5      | 34240 ||| FLEEEEING.
 34260 | D:5      | 34260 ||| FLEEEEING.
 34280 | D:5      | 34280 ||| FLEEEEING.
 34300 | D:5      | 34300 ||| FLEEEEING.
 34320 | D:5      | 34320 ||| FLEEEEING.
 34340 | D:5      | 34340 ||| FLEEEEING.
 34360 | D:5      | 34360 ||| FLEEEEING.
 34380 | D:5      | 34380 ||| FLEEEEING.
 34400 | D:5      | 34400 ||| FLEEEEING.
 34401 | D:5      | Glimpsed the power of Zot.
 34420 | D:5      | 34420 ||| FLEEEEING.
 34440 | D:5      | 34440 ||| FLEEEEING.
 34460 | D:5      | 34460 ||| FLEEEEING.
 34480 | D:5      | 34480 ||| FLEEEEING.
 34500 | D:5      | 34500 ||| FLEEEEING.
 34520 | D:5      | 34520 ||| FLEEEEING.
 34540 | D:5      | 34540 ||| FLEEEEING.
 34560 | D:5      | 34560 ||| FLEEEEING.
 34580 | D:5      | 34580 ||| FLEEEEING.
 34600 | D:5      | 34600 ||| FLEEEEING.
 34620 | D:5      | 34620 ||| FLEEEEING.
 34640 | D:5      | 34640 ||| FLEEEEING.
 34660 | D:5      | 34660 ||| FLEEEEING.
 34680 | D:5      | 34680 ||| FLEEEEING.
 34700 | D:5      | 34700 ||| FLEEEEING.
 34720 | D:5      | 34720 ||| FLEEEEING.
 34740 | D:5      | 34740 ||| FLEEEEING.
 34760 | D:5      | 34760 ||| FLEEEEING.
 34780 | D:5      | 34780 ||| FLEEEEING.
 34800 | D:5      | 34800 ||| FLEEEEING.
 34801 | D:5      | Glimpsed the power of Zot.
 34820 | D:5      | 34820 ||| FLEEEEING.
 34840 | D:5      | 34840 ||| FLEEEEING.
 34860 | D:5      | 34860 ||| FLEEEEING.
 34880 | D:5      | 34880 ||| FLEEEEING.
 34900 | D:5      | 34900 ||| FLEEEEING.
 34900 | D:5      | Touched by the power of Zot (MHP 12 -> 7)
 34901 | D:5      | Glimpsed the power of Zot.
 34920 | D:5      | 34920 ||| FLEEEEING.
 34940 | D:5      | 34940 ||| FLEEEEING.
 34960 | D:5      | 34960 ||| FLEEEEING.
 34980 | D:5      | 34980 ||| FLEEEEING.
 35000 | D:5      | 35000 ||| FLEEEEING.
 35020 | D:5      | 35020 ||| FLEEEEING.
 35040 | D:5      | 35040 ||| FLEEEEING.
 35060 | D:5      | 35060 ||| FLEEEEING.
 35080 | D:5      | 35080 ||| FLEEEEING.
 35100 | D:5      | 35100 ||| FLEEEEING.
 35120 | D:5      | 35120 ||| FLEEEEING.
 35140 | D:5      | 35140 ||| FLEEEEING.
 35160 | D:5      | 35160 ||| FLEEEEING.
 35180 | D:5      | 35180 ||| FLEEEEING.
 35200 | D:5      | 35200 ||| FLEEEEING.
 35220 | D:5      | 35220 ||| FLEEEEING.
 35240 | D:5      | 35240 ||| FLEEEEING.
 35260 | D:5      | 35260 ||| FLEEEEING.
 35280 | D:5      | 35280 ||| FLEEEEING.
 35300 | D:5      | 35300 ||| FLEEEEING.
 35320 | D:5      | 35320 ||| FLEEEEING.
 35340 | D:5      | 35340 ||| FLEEEEING.
 35360 | D:5      | 35360 ||| FLEEEEING.
 35380 | D:5      | 35380 ||| FLEEEEING.
 35400 | D:5      | 35400 ||| FLEEEEING.
 35401 | D:5      | Glimpsed the power of Zot.
 35420 | D:5      | 35420 ||| FLEEEEING.
 35440 | D:5      | 35440 ||| FLEEEEING.
 35460 | D:5      | 35460 ||| FLEEEEING.
 35480 | D:5      | 35480 ||| FLEEEEING.
 35500 | D:5      | 35500 ||| FLEEEEING.
 35520 | D:5      | 35520 ||| FLEEEEING.
 35540 | D:5      | 35540 ||| FLEEEEING.
 35560 | D:5      | 35560 ||| FLEEEEING.
 35580 | D:5      | 35580 ||| FLEEEEING.
 35600 | D:5      | 35600 ||| FLEEEEING.
 35620 | D:5      | 35620 ||| FLEEEEING.
 35640 | D:5      | 35640 ||| FLEEEEING.
 35660 | D:5      | 35660 ||| FLEEEEING.
 35680 | D:5      | 35680 ||| FLEEEEING.
 35700 | D:5      | 35700 ||| FLEEEEING.
 35720 | D:5      | 35720 ||| FLEEEEING.
 35740 | D:5      | 35740 ||| FLEEEEING.
 35760 | D:5      | 35760 ||| FLEEEEING.
 35780 | D:5      | 35780 ||| FLEEEEING.
 35800 | D:5      | 35800 ||| FLEEEEING.
 35801 | D:5      | Glimpsed the power of Zot.
 35820 | D:5      | 35820 ||| FLEEEEING.
 35840 | D:5      | 35840 ||| FLEEEEING.
 35860 | D:5      | 35860 ||| FLEEEEING.
 35880 | D:5      | 35880 ||| FLEEEEING.
 35900 | D:5      | 35900 ||| FLEEEEING.
 35900 | D:5      | Touched by the power of Zot (MHP 6 -> 2)
 35901 | D:5      | Glimpsed the power of Zot.
 35920 | D:5      | 35920 ||| FLEEEEING.
 35940 | D:5      | 35940 ||| FLEEEEING.
 35960 | D:5      | 35960 ||| FLEEEEING.
 35980 | D:5      | 35980 ||| FLEEEEING.
 36000 | D:5      | 36000 ||| FLEEEEING.
 36020 | D:5      | 36020 ||| FLEEEEING.
 36040 | D:5      | 36040 ||| FLEEEEING.
 36060 | D:5      | 36060 ||| FLEEEEING.
 36080 | D:5      | 36080 ||| FLEEEEING.
 36100 | D:5      | 36100 ||| FLEEEEING.
 36120 | D:5      | 36120 ||| FLEEEEING.
 36140 | D:5      | 36140 ||| FLEEEEING.
 36160 | D:5      | 36160 ||| FLEEEEING.
 36180 | D:5      | 36180 ||| FLEEEEING.
 36200 | D:5      | 36200 ||| FLEEEEING.
 36220 | D:5      | 36220 ||| FLEEEEING.
 36240 | D:5      | 36240 ||| FLEEEEING.
 36260 | D:5      | 36260 ||| FLEEEEING.
 36280 | D:5      | 36280 ||| FLEEEEING.
 36300 | D:5      | 36300 ||| FLEEEEING.
 36320 | D:5      | 36320 ||| FLEEEEING.
 36340 | D:5      | 36340 ||| FLEEEEING.
 36360 | D:5      | 36360 ||| FLEEEEING.
 36380 | D:5      | 36380 ||| FLEEEEING.
 36400 | D:5      | 36400 ||| FLEEEEING.
 36401 | D:5      | Glimpsed the power of Zot.
 36420 | D:5      | 36420 ||| FLEEEEING.
 36440 | D:5      | 36440 ||| FLEEEEING.
 36460 | D:5      | 36460 ||| FLEEEEING.
 36480 | D:5      | 36480 ||| FLEEEEING.
 36500 | D:5      | 36500 ||| FLEEEEING.
 36520 | D:5      | 36520 ||| FLEEEEING.
 36540 | D:5      | 36540 ||| FLEEEEING.
 36560 | D:5      | 36560 ||| FLEEEEING.
 36580 | D:5      | 36580 ||| FLEEEEING.
 36600 | D:5      | 36600 ||| FLEEEEING.
 36620 | D:5      | 36620 ||| FLEEEEING.
 36640 | D:5      | 36640 ||| FLEEEEING.
 36660 | D:5      | 36660 ||| FLEEEEING.
 36680 | D:5      | 36680 ||| FLEEEEING.
 36700 | D:5      | 36700 ||| FLEEEEING.
 36720 | D:5      | 36720 ||| FLEEEEING.
 36740 | D:5      | 36740 ||| FLEEEEING.
 36760 | D:5      | 36760 ||| FLEEEEING.
 36780 | D:5      | 36780 ||| FLEEEEING.
 36800 | D:5      | 36800 ||| FLEEEEING.
 36801 | D:5      | Glimpsed the power of Zot.
 36820 | D:5      | 36820 ||| FLEEEEING.
 36840 | D:5      | 36840 ||| FLEEEEING.
 36860 | D:5      | 36860 ||| FLEEEEING.
 36880 | D:5      | 36880 ||| FLEEEEING.
 36900 | D:5      | 36900 ||| FLEEEEING.
 36900 | D:5      | Touched by the power of Zot (MHP 2 -> 1)
 36901 | D:5      | Glimpsed the power of Zot.
 36920 | D:5      | 36920 ||| FLEEEEING.
 36940 | D:5      | 36940 ||| FLEEEEING.
 36960 | D:5      | 36960 ||| FLEEEEING.
 36980 | D:5      | 36980 ||| FLEEEEING.
 37000 | D:5      | 37000 ||| FLEEEEING.
 37020 | D:5      | 37020 ||| FLEEEEING.
 37040 | D:5      | 37040 ||| FLEEEEING.
 37060 | D:5      | 37060 ||| FLEEEEING.
 37080 | D:5      | 37080 ||| FLEEEEING.
 37100 | D:5      | 37100 ||| FLEEEEING.
 37120 | D:5      | 37120 ||| FLEEEEING.
 37140 | D:5      | 37140 ||| FLEEEEING.
 37160 | D:5      | 37160 ||| FLEEEEING.
 37180 | D:5      | 37180 ||| FLEEEEING.
 37200 | D:5      | 37200 ||| FLEEEEING.
 37220 | D:5      | 37220 ||| FLEEEEING.
 37240 | D:5      | 37240 ||| FLEEEEING.
 37260 | D:5      | 37260 ||| FLEEEEING.
 37280 | D:5      | 37280 ||| FLEEEEING.
 37300 | D:5      | 37300 ||| FLEEEEING.
 37320 | D:5      | 37320 ||| FLEEEEING.
 37340 | D:5      | 37340 ||| FLEEEEING.
 37360 | D:5      | 37360 ||| FLEEEEING.
 37380 | D:5      | 37380 ||| FLEEEEING.
 37400 | D:5      | 37400 ||| FLEEEEING.
 37401 | D:5      | Glimpsed the power of Zot.
 37420 | D:5      | 37420 ||| FLEEEEING.
 37440 | D:5      | 37440 ||| FLEEEEING.
 37460 | D:5      | 37460 ||| FLEEEEING.
 37480 | D:5      | 37480 ||| FLEEEEING.
 37500 | D:5      | 37500 ||| FLEEEEING.
 37520 | D:5      | 37520 ||| FLEEEEING.
 37540 | D:5      | 37540 ||| FLEEEEING.
 37560 | D:5      | 37560 ||| FLEEEEING.
 37580 | D:5      | 37580 ||| FLEEEEING.
 37600 | D:5      | 37600 ||| FLEEEEING.
 37620 | D:5      | 37620 ||| FLEEEEING.
 37640 | D:5      | 37640 ||| FLEEEEING.
 37660 | D:5      | 37660 ||| FLEEEEING.
 37680 | D:5      | 37680 ||| FLEEEEING.
 37700 | D:5      | 37700 ||| FLEEEEING.
 37720 | D:5      | 37720 ||| FLEEEEING.
 37740 | D:5      | 37740 ||| FLEEEEING.
 37760 | D:5      | 37760 ||| FLEEEEING.
 37780 | D:5      | 37780 ||| FLEEEEING.
 37800 | D:5      | 37800 ||| FLEEEEING.
 37801 | D:5      | Glimpsed the power of Zot.
 37820 | D:5      | 37820 ||| FLEEEEING.
 37840 | D:5      | 37840 ||| FLEEEEING.
 37860 | D:5      | 37860 ||| FLEEEEING.
 37880 | D:5      | 37880 ||| FLEEEEING.
 37900 | D:5      | 37900 ||| FLEEEEING.
 37900 | D:5      | Touched by the power of Zot (MHP 1 -> 1)
 37901 | D:5      | Glimpsed the power of Zot.
 37920 | D:5      | 37920 ||| FLEEEEING.
 37940 | D:5      | 37940 ||| FLEEEEING.
 37960 | D:5      | 37960 ||| FLEEEEING.
 37980 | D:5      | 37980 ||| FLEEEEING.
 38000 | D:5      | 38000 ||| FLEEEEING.
 38020 | D:5      | 38020 ||| FLEEEEING.
 38040 | D:5      | 38040 ||| FLEEEEING.
 38060 | D:5      | 38060 ||| FLEEEEING.
 38080 | D:5      | 38080 ||| FLEEEEING.
 38100 | D:5      | 38100 ||| FLEEEEING.
 38120 | D:5      | 38120 ||| FLEEEEING.
 38140 | D:5      | 38140 ||| FLEEEEING.
 38160 | D:5      | 38160 ||| FLEEEEING.
 38180 | D:5      | 38180 ||| FLEEEEING.
 38200 | D:5      | 38200 ||| FLEEEEING.
 38220 | D:5      | 38220 ||| FLEEEEING.
 38240 | D:5      | 38240 ||| FLEEEEING.
 38260 | D:5      | 38260 ||| FLEEEEING.
 38280 | D:5      | 38280 ||| FLEEEEING.
 38300 | D:5      | 38300 ||| FLEEEEING.
 38320 | D:5      | 38320 ||| FLEEEEING.
 38340 | D:5      | 38340 ||| FLEEEEING.
 38360 | D:5      | 38360 ||| FLEEEEING.
 38380 | D:5      | 38380 ||| FLEEEEING.
 38400 | D:5      | 38400 ||| FLEEEEING.
 38401 | D:5      | Glimpsed the power of Zot.
 38420 | D:5      | 38420 ||| FLEEEEING.
 38440 | D:5      | 38440 ||| FLEEEEING.
 38460 | D:5      | 38460 ||| FLEEEEING.
 38480 | D:5      | 38480 ||| FLEEEEING.
 38500 | D:5      | 38500 ||| FLEEEEING.
 38520 | D:5      | 38520 ||| FLEEEEING.
 38540 | D:5      | 38540 ||| FLEEEEING.
 38560 | D:5      | 38560 ||| FLEEEEING.
 38580 | D:5      | 38580 ||| FLEEEEING.
 38600 | D:5      | 38600 ||| FLEEEEING.
 38620 | D:5      | 38620 ||| FLEEEEING.
 38640 | D:5      | 38640 ||| FLEEEEING.
 38660 | D:5      | 38660 ||| FLEEEEING.
 38680 | D:5      | 38680 ||| FLEEEEING.
 38700 | D:5      | 38700 ||| FLEEEEING.
 38720 | D:5      | 38720 ||| FLEEEEING.
 38740 | D:5      | 38740 ||| FLEEEEING.
 38760 | D:5      | 38760 ||| FLEEEEING.
 38780 | D:5      | 38780 ||| FLEEEEING.
 38800 | D:5      | 38800 ||| FLEEEEING.
 38801 | D:5      | Glimpsed the power of Zot.
 38820 | D:5      | 38820 ||| FLEEEEING.
 38840 | D:5      | 38840 ||| FLEEEEING.
 38860 | D:5      | 38860 ||| FLEEEEING.
 38880 | D:5      | 38880 ||| FLEEEEING.
 38900 | D:5      | 38900 ||| FLEEEEING.
 38900 | D:5      | Touched by the power of Zot (MHP 1 -> 1)
 38901 | D:5      | Glimpsed the power of Zot.
 38920 | D:5      | 38920 ||| FLEEEEING.
 38940 | D:5      | 38940 ||| FLEEEEING.
 38960 | D:5      | 38960 ||| FLEEEEING.
 38980 | D:5      | 38980 ||| FLEEEEING.
 39000 | D:5      | 39000 ||| FLEEEEING.
 39020 | D:5      | 39020 ||| FLEEEEING.
 39040 | D:5      | 39040 ||| FLEEEEING.
 39060 | D:5      | 39060 ||| FLEEEEING.
 39080 | D:5      | 39080 ||| FLEEEEING.
 39100 | D:5      | 39100 ||| FLEEEEING.
 39120 | D:5      | 39120 ||| FLEEEEING.
 39140 | D:5      | 39140 ||| FLEEEEING.
 39160 | D:5      | 39160 ||| FLEEEEING.
 39180 | D:5      | 39180 ||| FLEEEEING.
 39200 | D:5      | 39200 ||| FLEEEEING.
 39220 | D:5      | 39220 ||| FLEEEEING.
 39240 | D:5      | 39240 ||| FLEEEEING.
 39260 | D:5      | 39260 ||| FLEEEEING.
 39280 | D:5      | 39280 ||| FLEEEEING.
 39300 | D:5      | 39300 ||| FLEEEEING.
 39320 | D:5      | 39320 ||| FLEEEEING.
 39340 | D:5      | 39340 ||| FLEEEEING.
 39360 | D:5      | 39360 ||| FLEEEEING.
 39380 | D:5      | 39380 ||| FLEEEEING.
 39400 | D:5      | 39400 ||| FLEEEEING.
 39401 | D:5      | Glimpsed the power of Zot.
 39420 | D:5      | 39420 ||| FLEEEEING.
 39440 | D:5      | 39440 ||| FLEEEEING.
 39460 | D:5      | 39460 ||| FLEEEEING.
 39480 | D:5      | 39480 ||| FLEEEEING.
 39500 | D:5      | 39500 ||| FLEEEEING.
 39520 | D:5      | 39520 ||| FLEEEEING.
 39540 | D:5      | 39540 ||| FLEEEEING.
 39560 | D:5      | 39560 ||| FLEEEEING.
 39580 | D:5      | 39580 ||| FLEEEEING.
 39600 | D:5      | 39600 ||| FLEEEEING.
 39620 | D:5      | 39620 ||| FLEEEEING.
 39640 | D:5      | 39640 ||| FLEEEEING.
 39660 | D:5      | 39660 ||| FLEEEEING.
 39680 | D:5      | 39680 ||| FLEEEEING.
 39700 | D:5      | 39700 ||| FLEEEEING.
 39720 | D:5      | 39720 ||| FLEEEEING.
 39740 | D:5      | 39740 ||| FLEEEEING.
 39760 | D:5      | 39760 ||| FLEEEEING.
 39780 | D:5      | 39780 ||| FLEEEEING.
 39800 | D:5      | 39800 ||| FLEEEEING.
 39801 | D:5      | Glimpsed the power of Zot.
 39820 | D:5      | 39820 ||| FLEEEEING.
 39840 | D:5      | 39840 ||| FLEEEEING.
 39860 | D:5      | 39860 ||| FLEEEEING.
 39880 | D:5      | 39880 ||| FLEEEEING.
 39900 | D:5      | 39900 ||| FLEEEEING.
 39900 | D:5      | Touched by the power of Zot (MHP 1 -> 1)
 39901 | D:5      | Glimpsed the power of Zot.
 39920 | D:5      | 39920 ||| FLEEEEING.
 39940 | D:5      | 39940 ||| FLEEEEING.
 39960 | D:5      | 39960 ||| FLEEEEING.
 39980 | D:5      | 39980 ||| FLEEEEING.
 40000 | D:5      | 40000 ||| FLEEEEING.
 40020 | D:5      | 40020 ||| FLEEEEING.
 40040 | D:5      | 40040 ||| FLEEEEING.
 40060 | D:5      | 40060 ||| FLEEEEING.
 40080 | D:5      | 40080 ||| FLEEEEING.
 40100 | D:5      | 40100 ||| FLEEEEING.
 40120 | D:5      | 40120 ||| FLEEEEING.
 40140 | D:5      | 40140 ||| FLEEEEING.
 40160 | D:5      | 40160 ||| FLEEEEING.
 40180 | D:5      | 40180 ||| FLEEEEING.
 40200 | D:5      | 40200 ||| FLEEEEING.
 40220 | D:5      | 40220 ||| FLEEEEING.
 40240 | D:5      | 40240 ||| FLEEEEING.
 40260 | D:5      | 40260 ||| FLEEEEING.
 40280 | D:5      | 40280 ||| FLEEEEING.
 40300 | D:5      | 40300 ||| FLEEEEING.
 40320 | D:5      | 40320 ||| FLEEEEING.
 40340 | D:5      | 40340 ||| FLEEEEING.
 40360 | D:5      | 40360 ||| FLEEEEING.
 40380 | D:5      | 40380 ||| FLEEEEING.
 40400 | D:5      | 40400 ||| FLEEEEING.
 40401 | D:5      | Glimpsed the power of Zot.
 40420 | D:5      | 40420 ||| FLEEEEING.
 40440 | D:5      | 40440 ||| FLEEEEING.
 40460 | D:5      | 40460 ||| FLEEEEING.
 40480 | D:5      | 40480 ||| FLEEEEING.
 40500 | D:5      | 40500 ||| FLEEEEING.
 40520 | D:5      | 40520 ||| FLEEEEING.
 40540 | D:5      | 40540 ||| FLEEEEING.
 40560 | D:5      | 40560 ||| FLEEEEING.
 40580 | D:5      | 40580 ||| FLEEEEING.
 40600 | D:5      | 40600 ||| FLEEEEING.
 40620 | D:5      | 40620 ||| FLEEEEING.
 40640 | D:5      | 40640 ||| FLEEEEING.
 40660 | D:5      | 40660 ||| FLEEEEING.
 40680 | D:5      | 40680 ||| FLEEEEING.
 40700 | D:5      | 40700 ||| FLEEEEING.
 40720 | D:5      | 40720 ||| FLEEEEING.
 40740 | D:5      | 40740 ||| FLEEEEING.
 40760 | D:5      | 40760 ||| FLEEEEING.
 40780 | D:5      | 40780 ||| FLEEEEING.
 40800 | D:5      | 40800 ||| FLEEEEING.
 40801 | D:5      | Glimpsed the power of Zot.
 40820 | D:5      | 40820 ||| FLEEEEING.
 40840 | D:5      | 40840 ||| FLEEEEING.
 40860 | D:5      | 40860 ||| FLEEEEING.
 40880 | D:5      | 40880 ||| FLEEEEING.
 40900 | D:5      | 40900 ||| FLEEEEING.
 40900 | D:5      | Touched by the power of Zot (MHP 1 -> 1)
 40901 | D:5      | Glimpsed the power of Zot.
 40920 | D:5      | 40920 ||| FLEEEEING.
 40940 | D:5      | 40940 ||| FLEEEEING.
 40960 | D:5      | 40960 ||| FLEEEEING.
 40980 | D:5      | 40980 ||| FLEEEEING.
 41000 | D:5      | 41000 ||| FLEEEEING.
 41020 | D:5      | 41020 ||| FLEEEEING.
 41040 | D:5      | 41040 ||| FLEEEEING.
 41060 | D:5      | 41060 ||| FLEEEEING.
 41080 | D:5      | 41080 ||| FLEEEEING.
 41100 | D:5      | 41100 ||| FLEEEEING.
 41120 | D:5      | 41120 ||| FLEEEEING.
 41140 | D:5      | 41140 ||| FLEEEEING.
 41160 | D:5      | 41160 ||| FLEEEEING.
 41180 | D:5      | 41180 ||| FLEEEEING.
 41200 | D:5      | 41200 ||| FLEEEEING.
 41220 | D:5      | 41220 ||| FLEEEEING.
 41240 | D:5      | 41240 ||| FLEEEEING.
 41260 | D:5      | 41260 ||| FLEEEEING.
 41280 | D:5      | 41280 ||| FLEEEEING.
 41300 | D:5      | 41300 ||| FLEEEEING.
 41320 | D:5      | 41320 ||| FLEEEEING.
 41340 | D:5      | 41340 ||| FLEEEEING.
 41360 | D:5      | 41360 ||| FLEEEEING.
 41380 | D:5      | 41380 ||| FLEEEEING.
 41400 | D:5      | 41400 ||| FLEEEEING.
 41401 | D:5      | Glimpsed the power of Zot.
 41420 | D:5      | 41420 ||| FLEEEEING.
 41440 | D:5      | 41440 ||| FLEEEEING.
 41460 | D:5      | 41460 ||| FLEEEEING.
 41480 | D:5      | 41480 ||| FLEEEEING.
 41500 | D:5      | 41500 ||| FLEEEEING.
 41520 | D:5      | 41520 ||| FLEEEEING.
 41540 | D:5      | 41540 ||| FLEEEEING.
 41560 | D:5      | 41560 ||| FLEEEEING.
 41580 | D:5      | 41580 ||| FLEEEEING.
 41600 | D:5      | 41600 ||| FLEEEEING.
 41620 | D:5      | 41620 ||| FLEEEEING.
 41640 | D:5      | 41640 ||| FLEEEEING.
 41660 | D:5      | 41660 ||| FLEEEEING.
 41680 | D:5      | 41680 ||| FLEEEEING.
 41700 | D:5      | 41700 ||| FLEEEEING.
 41720 | D:5      | 41720 ||| FLEEEEING.
 41740 | D:5      | 41740 ||| FLEEEEING.
 41760 | D:5      | 41760 ||| FLEEEEING.
 41780 | D:5      | 41780 ||| FLEEEEING.
 41800 | D:5      | 41800 ||| FLEEEEING.
 41801 | D:5      | Glimpsed the power of Zot.
 41820 | D:5      | 41820 ||| FLEEEEING.
 41840 | D:5      | 41840 ||| FLEEEEING.
 41860 | D:5      | 41860 ||| FLEEEEING.
 41880 | D:5      | 41880 ||| FLEEEEING.
 41900 | D:5      | 41900 ||| FLEEEEING.
 41900 | D:5      | Touched by the power of Zot (MHP 1 -> 1)
 41901 | D:5      | Glimpsed the power of Zot.
 41920 | D:5      | 41920 ||| FLEEEEING.
 41940 | D:5      | 41940 ||| FLEEEEING.
 41960 | D:5      | 41960 ||| FLEEEEING.
 41980 | D:5      | 41980 ||| FLEEEEING.
 42000 | D:5      | 42000 ||| FLEEEEING.
 42020 | D:5      | 42020 ||| FLEEEEING.
 42040 | D:5      | 42040 ||| FLEEEEING.
 42060 | D:5      | 42060 ||| FLEEEEING.
 42080 | D:5      | 42080 ||| FLEEEEING.
 42100 | D:5      | 42100 ||| FLEEEEING.
 42120 | D:5      | 42120 ||| FLEEEEING.
 42140 | D:5      | 42140 ||| FLEEEEING.
 42160 | D:5      | 42160 ||| FLEEEEING.
 42180 | D:5      | 42180 ||| FLEEEEING.
 42200 | D:5      | 42200 ||| FLEEEEING.
 42220 | D:5      | 42220 ||| FLEEEEING.
 42240 | D:5      | 42240 ||| FLEEEEING.
 42260 | D:5      | 42260 ||| FLEEEEING.
 42280 | D:5      | 42280 ||| FLEEEEING.
 42300 | D:5      | 42300 ||| FLEEEEING.
 42320 | D:5      | 42320 ||| FLEEEEING.
 42340 | D:5      | 42340 ||| FLEEEEING.
 42360 | D:5      | 42360 ||| FLEEEEING.
 42380 | D:5      | 42380 ||| FLEEEEING.
 42400 | D:5      | 42400 ||| FLEEEEING.
 42401 | D:5      | Glimpsed the power of Zot.
 42420 | D:5      | 42420 ||| FLEEEEING.
 42440 | D:5      | 42440 ||| FLEEEEING.
 42460 | D:5      | 42460 ||| FLEEEEING.
 42480 | D:5      | 42480 ||| FLEEEEING.
 42500 | D:5      | 42500 ||| FLEEEEING.
 42520 | D:5      | 42520 ||| FLEEEEING.
 42540 | D:5      | 42540 ||| FLEEEEING.
 42560 | D:5      | 42560 ||| FLEEEEING.
 42580 | D:5      | 42580 ||| FLEEEEING.
 42600 | D:5      | 42600 ||| FLEEEEING.
 42620 | D:5      | 42620 ||| FLEEEEING.
 42640 | D:5      | 42640 ||| FLEEEEING.
 42660 | D:5      | 42660 ||| FLEEEEING.
 42680 | D:5      | 42680 ||| FLEEEEING.
 42700 | D:5      | 42700 ||| FLEEEEING.
 42720 | D:5      | 42720 ||| FLEEEEING.
 42740 | D:5      | 42740 ||| FLEEEEING.
 42760 | D:5      | 42760 ||| FLEEEEING.
 42780 | D:5      | 42780 ||| FLEEEEING.
 42800 | D:5      | 42800 ||| FLEEEEING.
 42801 | D:5      | Glimpsed the power of Zot.
 42820 | D:5      | 42820 ||| FLEEEEING.
 42840 | D:5      | 42840 ||| FLEEEEING.
 42860 | D:5      | 42860 ||| FLEEEEING.
 42880 | D:5      | 42880 ||| FLEEEEING.
 42900 | D:5      | 42900 ||| FLEEEEING.
 42900 | D:5      | Touched by the power of Zot (MHP 1 -> 1)
 42901 | D:5      | Glimpsed the power of Zot.
 42920 | D:5      | 42920 ||| FLEEEEING.
 42940 | D:5      | 42940 ||| FLEEEEING.
 42960 | D:5      | 42960 ||| FLEEEEING.
 42980 | D:5      | 42980 ||| FLEEEEING.
 43000 | D:5      | 43000 ||| FLEEEEING.
 43020 | D:5      | 43020 ||| FLEEEEING.
 43040 | D:5      | 43040 ||| FLEEEEING.
 43060 | D:5      | 43060 ||| FLEEEEING.
 43080 | D:5      | 43080 ||| FLEEEEING.
 43100 | D:5      | 43100 ||| FLEEEEING.
 43120 | D:5      | 43120 ||| FLEEEEING.
 43140 | D:5      | 43140 ||| FLEEEEING.
 43160 | D:5      | 43160 ||| FLEEEEING.
 43180 | D:5      | 43180 ||| FLEEEEING.
 43200 | D:5      | 43200 ||| FLEEEEING.
 43220 | D:5      | 43220 ||| FLEEEEING.
 43240 | D:5      | 43240 ||| FLEEEEING.
 43260 | D:5      | 43260 ||| FLEEEEING.
 43280 | D:5      | 43280 ||| FLEEEEING.
 43300 | D:5      | 43300 ||| FLEEEEING.
 43320 | D:5      | 43320 ||| FLEEEEING.
 43340 | D:5      | 43340 ||| FLEEEEING.
 43360 | D:5      | 43360 ||| FLEEEEING.
 43380 | D:5      | 43380 ||| FLEEEEING.
 43400 | D:5      | 43400 ||| FLEEEEING.
 43401 | D:5      | Glimpsed the power of Zot.
 43420 | D:5      | 43420 ||| FLEEEEING.
 43440 | D:5      | 43440 ||| FLEEEEING.
 43460 | D:5      | 43460 ||| FLEEEEING.
 43480 | D:5      | 43480 ||| FLEEEEING.
 43500 | D:5      | 43500 ||| FLEEEEING.
 43520 | D:5      | 43520 ||| FLEEEEING.
 43540 | D:5      | 43540 ||| FLEEEEING.
 43560 | D:5      | 43560 ||| FLEEEEING.
 43580 | D:5      | 43580 ||| FLEEEEING.
 43600 | D:5      | 43600 ||| FLEEEEING.
 43620 | D:5      | 43620 ||| FLEEEEING.
 43640 | D:5      | 43640 ||| FLEEEEING.
 43660 | D:5      | 43660 ||| FLEEEEING.
 43680 | D:5      | 43680 ||| FLEEEEING.
 43700 | D:5      | 43700 ||| FLEEEEING.
 43720 | D:5      | 43720 ||| FLEEEEING.
 43740 | D:5      | 43740 ||| FLEEEEING.
 43760 | D:5      | 43760 ||| FLEEEEING.
 43780 | D:5      | 43780 ||| FLEEEEING.
 43800 | D:5      | 43800 ||| FLEEEEING.
 43801 | D:5      | Glimpsed the power of Zot.
 43820 | D:5      | 43820 ||| FLEEEEING.
 43840 | D:5      | 43840 ||| FLEEEEING.
 43860 | D:5      | 43860 ||| FLEEEEING.
 43880 | D:5      | 43880 ||| FLEEEEING.
 43900 | D:5      | 43900 ||| FLEEEEING.
 43900 | D:5      | Touched by the power of Zot (MHP 1 -> 1)
 43901 | D:5      | Glimpsed the power of Zot.
 43920 | D:5      | 43920 ||| FLEEEEING.
 43940 | D:5      | 43940 ||| FLEEEEING.
 43960 | D:5      | 43960 ||| FLEEEEING.
 43980 | D:5      | 43980 ||| FLEEEEING.
 44000 | D:5      | 44000 ||| FLEEEEING.
 44020 | D:5      | 44020 ||| FLEEEEING.
 44040 | D:5      | 44040 ||| FLEEEEING.
 44060 | D:5      | 44060 ||| FLEEEEING.
 44080 | D:5      | 44080 ||| FLEEEEING.
 44100 | D:5      | 44100 ||| FLEEEEING.
 44120 | D:5      | 44120 ||| FLEEEEING.
 44140 | D:5      | 44140 ||| FLEEEEING.
 44160 | D:5      | 44160 ||| FLEEEEING.
 44180 | D:5      | 44180 ||| FLEEEEING.
 44200 | D:5      | 44200 ||| FLEEEEING.
 44220 | D:5      | 44220 ||| FLEEEEING.
 44240 | D:5      | 44240 ||| FLEEEEING.
 44260 | D:5      | 44260 ||| FLEEEEING.
 44280 | D:5      | 44280 ||| FLEEEEING.
 44300 | D:5      | 44300 ||| FLEEEEING.
 44320 | D:5      | 44320 ||| FLEEEEING.
 44340 | D:5      | 44340 ||| FLEEEEING.
 44360 | D:5      | 44360 ||| FLEEEEING.
 44380 | D:5      | 44380 ||| FLEEEEING.
 44400 | D:5      | 44400 ||| FLEEEEING.
 44401 | D:5      | Glimpsed the power of Zot.
 44420 | D:5      | 44420 ||| FLEEEEING.
 44440 | D:5      | 44440 ||| FLEEEEING.
 44460 | D:5      | 44460 ||| FLEEEEING.
 44480 | D:5      | 44480 ||| FLEEEEING.
 44500 | D:5      | 44500 ||| FLEEEEING.
 44520 | D:5      | 44520 ||| FLEEEEING.
 44540 | D:5      | 44540 ||| FLEEEEING.
 44560 | D:5      | 44560 ||| FLEEEEING.
 44580 | D:5      | 44580 ||| FLEEEEING.
 44600 | D:5      | 44600 ||| FLEEEEING.
 44620 | D:5      | 44620 ||| FLEEEEING.
 44640 | D:5      | 44640 ||| FLEEEEING.
 44660 | D:5      | 44660 ||| FLEEEEING.
 44680 | D:5      | 44680 ||| FLEEEEING.
 44700 | D:5      | 44700 ||| FLEEEEING.
 44720 | D:5      | 44720 ||| FLEEEEING.
 44740 | D:5      | 44740 ||| FLEEEEING.
 44760 | D:5      | 44760 ||| FLEEEEING.
 44780 | D:5      | 44780 ||| FLEEEEING.
 44800 | D:5      | 44800 ||| FLEEEEING.
 44801 | D:5      | Glimpsed the power of Zot.
 44820 | D:5      | 44820 ||| FLEEEEING.
 44840 | D:5      | 44840 ||| FLEEEEING.
 44860 | D:5      | 44860 ||| FLEEEEING.
 44880 | D:5      | 44880 ||| FLEEEEING.
 44900 | D:5      | 44900 ||| FLEEEEING.
 44900 | D:5      | Touched by the power of Zot (MHP 1 -> 1)
 44901 | D:5      | Glimpsed the power of Zot.
 44920 | D:5      | 44920 ||| FLEEEEING.
 44940 | D:5      | 44940 ||| FLEEEEING.
 44960 | D:5      | 44960 ||| FLEEEEING.
 44980 | D:5      | 44980 ||| FLEEEEING.
 45000 | D:5      | 45000 ||| FLEEEEING.
 45020 | D:5      | 45020 ||| FLEEEEING.
 45040 | D:5      | 45040 ||| FLEEEEING.
 45060 | D:5      | 45060 ||| FLEEEEING.
 45080 | D:5      | 45080 ||| FLEEEEING.
 45100 | D:5      | 45100 ||| FLEEEEING.
 45120 | D:5      | 45120 ||| FLEEEEING.
 45140 | D:5      | 45140 ||| FLEEEEING.
 45160 | D:5      | 45160 ||| FLEEEEING.
 45180 | D:5      | 45180 ||| FLEEEEING.
 45200 | D:5      | 45200 ||| FLEEEEING.
 45220 | D:5      | 45220 ||| FLEEEEING.
 45240 | D:5      | 45240 ||| FLEEEEING.
 45260 | D:5      | 45260 ||| FLEEEEING.
 45280 | D:5      | 45280 ||| FLEEEEING.
 45300 | D:5      | 45300 ||| FLEEEEING.
 45320 | D:5      | 45320 ||| FLEEEEING.
 45340 | D:5      | 45340 ||| FLEEEEING.
 45360 | D:5      | 45360 ||| FLEEEEING.
 45380 | D:5      | 45380 ||| FLEEEEING.
 45400 | D:5      | 45400 ||| FLEEEEING.
 45401 | D:5      | Glimpsed the power of Zot.
 45420 | D:5      | 45420 ||| FLEEEEING.
 45440 | D:5      | 45440 ||| FLEEEEING.
 45460 | D:5      | 45460 ||| FLEEEEING.
 45480 | D:5      | 45480 ||| FLEEEEING.
 45500 | D:5      | 45500 ||| FLEEEEING.
 45520 | D:5      | 45520 ||| FLEEEEING.
 45540 | D:5      | 45540 ||| FLEEEEING.
 45560 | D:5      | 45560 ||| FLEEEEING.
 45580 | D:5      | 45580 ||| FLEEEEING.
 45600 | D:5      | 45600 ||| FLEEEEING.
 45620 | D:5      | 45620 ||| FLEEEEING.
 45640 | D:5      | 45640 ||| FLEEEEING.
 45660 | D:5      | 45660 ||| FLEEEEING.
 45680 | D:5      | 45680 ||| FLEEEEING.
 45700 | D:5      | 45700 ||| FLEEEEING.
 45720 | D:5      | 45720 ||| FLEEEEING.
 45740 | D:5      | 45740 ||| FLEEEEING.
 45760 | D:5      | 45760 ||| FLEEEEING.
 45780 | D:5      | 45780 ||| FLEEEEING.
 45800 | D:5      | 45800 ||| FLEEEEING.
 45801 | D:5      | Glimpsed the power of Zot.
 45820 | D:5      | 45820 ||| FLEEEEING.
 45840 | D:5      | 45840 ||| FLEEEEING.
 45860 | D:5      | 45860 ||| FLEEEEING.
 45880 | D:5      | 45880 ||| FLEEEEING.
 45900 | D:5      | 45900 ||| FLEEEEING.
 45900 | D:5      | Touched by the power of Zot (MHP 1 -> 1)
 45901 | D:5      | Glimpsed the power of Zot.
 45920 | D:5      | 45920 ||| FLEEEEING.
 45940 | D:5      | 45940 ||| FLEEEEING.
 45960 | D:5      | 45960 ||| FLEEEEING.
 45980 | D:5      | 45980 ||| FLEEEEING.
 46000 | D:5      | 46000 ||| FLEEEEING.
 46020 | D:5      | 46020 ||| FLEEEEING.
 46040 | D:5      | 46040 ||| FLEEEEING.
 46060 | D:5      | 46060 ||| FLEEEEING.
 46080 | D:5      | 46080 ||| FLEEEEING.
 46100 | D:5      | 46100 ||| FLEEEEING.
 46120 | D:5      | 46120 ||| FLEEEEING.
 46140 | D:5      | 46140 ||| FLEEEEING.
 46160 | D:5      | 46160 ||| FLEEEEING.
 46180 | D:5      | 46180 ||| FLEEEEING.
 46200 | D:5      | 46200 ||| FLEEEEING.
 46220 | D:5      | 46220 ||| FLEEEEING.
 46240 | D:5      | 46240 ||| FLEEEEING.
 46260 | D:5      | 46260 ||| FLEEEEING.
 46280 | D:5      | 46280 ||| FLEEEEING.
 46300 | D:5      | 46300 ||| FLEEEEING.
 46320 | D:5      | 46320 ||| FLEEEEING.
 46340 | D:5      | 46340 ||| FLEEEEING.
 46360 | D:5      | 46360 ||| FLEEEEING.
 46380 | D:5      | 46380 ||| FLEEEEING.
 46400 | D:5      | 46400 ||| FLEEEEING.
 46401 | D:5      | Glimpsed the power of Zot.
 46420 | D:5      | 46420 ||| FLEEEEING.
 46440 | D:5      | 46440 ||| FLEEEEING.
 46460 | D:5      | 46460 ||| FLEEEEING.
 46480 | D:5      | 46480 ||| FLEEEEING.
 46500 | D:5      | 46500 ||| FLEEEEING.
 46520 | D:5      | 46520 ||| FLEEEEING.
 46540 | D:5      | 46540 ||| FLEEEEING.
 46560 | D:5      | 46560 ||| FLEEEEING.
 46580 | D:5      | 46580 ||| FLEEEEING.
 46600 | D:5      | 46600 ||| FLEEEEING.
 46620 | D:5      | 46620 ||| FLEEEEING.
 46640 | D:5      | 46640 ||| FLEEEEING.
 46660 | D:5      | 46660 ||| FLEEEEING.
 46680 | D:5      | 46680 ||| FLEEEEING.
 46700 | D:5      | 46700 ||| FLEEEEING.
 46720 | D:5      | 46720 ||| FLEEEEING.
 46740 | D:5      | 46740 ||| FLEEEEING.
 46760 | D:5      | 46760 ||| FLEEEEING.
 46780 | D:5      | 46780 ||| FLEEEEING.
 46800 | D:5      | 46800 ||| FLEEEEING.
 46801 | D:5      | Glimpsed the power of Zot.
 46820 | D:5      | 46820 ||| FLEEEEING.
 46840 | D:5      | 46840 ||| FLEEEEING.
 46860 | D:5      | 46860 ||| FLEEEEING.
 46880 | D:5      | 46880 ||| FLEEEEING.
 46900 | D:5      | 46900 ||| FLEEEEING.
 46900 | D:5      | Touched by the power of Zot (MHP 1 -> 1)
 46901 | D:5      | Glimpsed the power of Zot.
 46920 | D:5      | 46920 ||| FLEEEEING.
 46940 | D:5      | 46940 ||| FLEEEEING.
 46960 | D:5      | 46960 ||| FLEEEEING.
 46980 | D:5      | 46980 ||| FLEEEEING.
 47000 | D:5      | 47000 ||| FLEEEEING.
 47020 | D:5      | 47020 ||| FLEEEEING.
 47040 | D:5      | 47040 ||| FLEEEEING.
 47060 | D:5      | 47060 ||| FLEEEEING.
 47080 | D:5      | 47080 ||| FLEEEEING.
 47100 | D:5      | 47100 ||| FLEEEEING.
 47120 | D:5      | 47120 ||| FLEEEEING.
 47140 | D:5      | 47140 ||| FLEEEEING.
 47160 | D:5      | 47160 ||| FLEEEEING.
 47180 | D:5      | 47180 ||| FLEEEEING.
 47200 | D:5      | 47200 ||| FLEEEEING.
 47220 | D:5      | 47220 ||| FLEEEEING.
 47240 | D:5      | 47240 ||| FLEEEEING.
 47260 | D:5      | 47260 ||| FLEEEEING.
 47280 | D:5      | 47280 ||| FLEEEEING.
 47300 | D:5      | 47300 ||| FLEEEEING.
 47320 | D:5      | 47320 ||| FLEEEEING.
 47340 | D:5      | 47340 ||| FLEEEEING.
 47360 | D:5      | 47360 ||| FLEEEEING.
 47380 | D:5      | 47380 ||| FLEEEEING.
 47400 | D:5      | 47400 ||| FLEEEEING.
 47401 | D:5      | Glimpsed the power of Zot.
 47420 | D:5      | 47420 ||| FLEEEEING.
 47440 | D:5      | 47440 ||| FLEEEEING.
 47460 | D:5      | 47460 ||| FLEEEEING.
 47480 | D:5      | 47480 ||| FLEEEEING.
 47500 | D:5      | 47500 ||| FLEEEEING.
 47520 | D:5      | 47520 ||| FLEEEEING.
 47540 | D:5      | 47540 ||| FLEEEEING.
 47560 | D:5      | 47560 ||| FLEEEEING.
 47580 | D:5      | 47580 ||| FLEEEEING.
 47600 | D:5      | 47600 ||| FLEEEEING.
 47620 | D:5      | 47620 ||| FLEEEEING.
 47640 | D:5      | 47640 ||| FLEEEEING.
 47660 | D:5      | 47660 ||| FLEEEEING.
 47680 | D:5      | 47680 ||| FLEEEEING.
 47700 | D:5      | 47700 ||| FLEEEEING.
 47720 | D:5      | 47720 ||| FLEEEEING.
 47740 | D:5      | 47740 ||| FLEEEEING.
 47760 | D:5      | 47760 ||| FLEEEEING.
 47780 | D:5      | 47780 ||| FLEEEEING.
 47800 | D:5      | 47800 ||| FLEEEEING.
 47801 | D:5      | Glimpsed the power of Zot.
 47820 | D:5      | 47820 ||| FLEEEEING.
 47840 | D:5      | 47840 ||| FLEEEEING.
 47860 | D:5      | 47860 ||| FLEEEEING.
 47880 | D:5      | 47880 ||| FLEEEEING.
 47900 | D:5      | 47900 ||| FLEEEEING.
 47900 | D:5      | Touched by the power of Zot (MHP 1 -> 1)
 47901 | D:5      | Glimpsed the power of Zot.
 47920 | D:5      | 47920 ||| FLEEEEING.
 47940 | D:5      | 47940 ||| FLEEEEING.
 47960 | D:5      | 47960 ||| FLEEEEING.
 47980 | D:5      | 47980 ||| FLEEEEING.
 48000 | D:5      | 48000 ||| FLEEEEING.
 48020 | D:5      | 48020 ||| FLEEEEING.
 48040 | D:5      | 48040 ||| FLEEEEING.
 48060 | D:5      | 48060 ||| FLEEEEING.
 48080 | D:5      | 48080 ||| FLEEEEING.
 48100 | D:5      | 48100 ||| FLEEEEING.
 48120 | D:5      | 48120 ||| FLEEEEING.
 48140 | D:5      | 48140 ||| FLEEEEING.
 48160 | D:5      | 48160 ||| FLEEEEING.
 48180 | D:5      | 48180 ||| FLEEEEING.
 48200 | D:5      | 48200 ||| FLEEEEING.
 48220 | D:5      | 48220 ||| FLEEEEING.
 48240 | D:5      | 48240 ||| FLEEEEING.
 48260 | D:5      | 48260 ||| FLEEEEING.
 48280 | D:5      | 48280 ||| FLEEEEING.
 48300 | D:5      | 48300 ||| FLEEEEING.
 48320 | D:5      | 48320 ||| FLEEEEING.
 48340 | D:5      | 48340 ||| FLEEEEING.
 48360 | D:5      | 48360 ||| FLEEEEING.
 48380 | D:5      | 48380 ||| FLEEEEING.
 48400 | D:5      | 48400 ||| FLEEEEING.
 48401 | D:5      | Glimpsed the power of Zot.
 48420 | D:5      | 48420 ||| FLEEEEING.
 48440 | D:5      | 48440 ||| FLEEEEING.
 48460 | D:5      | 48460 ||| FLEEEEING.
 48480 | D:5      | 48480 ||| FLEEEEING.
 48500 | D:5      | 48500 ||| FLEEEEING.
 48520 | D:5      | 48520 ||| FLEEEEING.
 48540 | D:5      | 48540 ||| FLEEEEING.
 48560 | D:5      | 48560 ||| FLEEEEING.
 48580 | D:5      | 48580 ||| FLEEEEING.
 48600 | D:5      | 48600 ||| FLEEEEING.
 48620 | D:5      | 48620 ||| FLEEEEING.
 48640 | D:5      | 48640 ||| FLEEEEING.
 48660 | D:5      | 48660 ||| FLEEEEING.
 48680 | D:5      | 48680 ||| FLEEEEING.
 48700 | D:5      | 48700 ||| FLEEEEING.
 48720 | D:5      | 48720 ||| FLEEEEING.
 48740 | D:5      | 48740 ||| FLEEEEING.
 48760 | D:5      | 48760 ||| FLEEEEING.
 48780 | D:5      | 48780 ||| FLEEEEING.
 48800 | D:5      | 48800 ||| FLEEEEING.
 48801 | D:5      | Glimpsed the power of Zot.
 48820 | D:5      | 48820 ||| FLEEEEING.
 48840 | D:5      | 48840 ||| FLEEEEING.
 48860 | D:5      | 48860 ||| FLEEEEING.
 48880 | D:5      | 48880 ||| FLEEEEING.
 48900 | D:5      | 48900 ||| FLEEEEING.
 48900 | D:5      | Touched by the power of Zot (MHP 1 -> 1)
 48901 | D:5      | Glimpsed the power of Zot.
 48920 | D:5      | 48920 ||| FLEEEEING.
 48940 | D:5      | 48940 ||| FLEEEEING.
 48960 | D:5      | 48960 ||| FLEEEEING.
 48980 | D:5      | 48980 ||| FLEEEEING.
 49000 | D:5      | 49000 ||| FLEEEEING.
 49020 | D:5      | 49020 ||| FLEEEEING.
 49040 | D:5      | 49040 ||| FLEEEEING.
 49060 | D:5      | 49060 ||| FLEEEEING.
 49080 | D:5      | 49080 ||| FLEEEEING.
 49100 | D:5      | 49100 ||| FLEEEEING.
 49120 | D:5      | 49120 ||| FLEEEEING.
 49140 | D:5      | 49140 ||| FLEEEEING.
 49160 | D:5      | 49160 ||| FLEEEEING.
 49180 | D:5      | 49180 ||| FLEEEEING.
 49200 | D:5      | 49200 ||| FLEEEEING.
 49220 | D:5      | 49220 ||| FLEEEEING.
 49240 | D:5      | 49240 ||| FLEEEEING.
 49260 | D:5      | 49260 ||| FLEEEEING.
 49280 | D:5      | 49280 ||| FLEEEEING.
 49300 | D:5      | 49300 ||| FLEEEEING.
 49320 | D:5      | 49320 ||| FLEEEEING.
 49340 | D:5      | 49340 ||| FLEEEEING.
 49360 | D:5      | 49360 ||| FLEEEEING.
 49380 | D:5      | 49380 ||| FLEEEEING.
 49400 | D:5      | 49400 ||| FLEEEEING.
 49401 | D:5      | Glimpsed the power of Zot.
 49420 | D:5      | 49420 ||| FLEEEEING.
 49440 | D:5      | 49440 ||| FLEEEEING.
 49460 | D:5      | 49460 ||| FLEEEEING.
 49480 | D:5      | 49480 ||| FLEEEEING.
 49500 | D:5      | 49500 ||| FLEEEEING.
 49520 | D:5      | 49520 ||| FLEEEEING.
 49540 | D:5      | 49540 ||| FLEEEEING.
 49560 | D:5      | 49560 ||| FLEEEEING.
 49580 | D:5      | 49580 ||| FLEEEEING.
 49600 | D:5      | 49600 ||| FLEEEEING.
 49620 | D:5      | 49620 ||| FLEEEEING.
 49640 | D:5      | 49640 ||| FLEEEEING.
 49660 | D:5      | 49660 ||| FLEEEEING.
 49680 | D:5      | 49680 ||| FLEEEEING.
 49700 | D:5      | 49700 ||| FLEEEEING.
 49720 | D:5      | 49720 ||| FLEEEEING.
 49740 | D:5      | 49740 ||| FLEEEEING.
 49760 | D:5      | 49760 ||| FLEEEEING.
 49780 | D:5      | 49780 ||| FLEEEEING.
 49800 | D:5      | 49800 ||| FLEEEEING.
 49801 | D:5      | Glimpsed the power of Zot.
 49820 | D:5      | 49820 ||| FLEEEEING.
 49840 | D:5      | 49840 ||| FLEEEEING.
 49860 | D:5      | 49860 ||| FLEEEEING.
 49880 | D:5      | 49880 ||| FLEEEEING.
 49900 | D:5      | 49900 ||| FLEEEEING.
 49900 | D:5      | Touched by the power of Zot (MHP 1 -> 1)
 49901 | D:5      | Glimpsed the power of Zot.
 49920 | D:5      | 49920 ||| FLEEEEING.
 49940 | D:5      | 49940 ||| FLEEEEING.
 49960 | D:5      | 49960 ||| FLEEEEING.
 49980 | D:5      | 49980 ||| FLEEEEING.
 50000 | D:5      | 50000 ||| FLEEEEING.
 50020 | D:5      | 50020 ||| FLEEEEING.
 50040 | D:5      | 50040 ||| FLEEEEING.
 50060 | D:5      | 50060 ||| FLEEEEING.
 50080 | D:5      | 50080 ||| FLEEEEING.
 50100 | D:5      | 50100 ||| FLEEEEING.
 50120 | D:5      | 50120 ||| FLEEEEING.
 50140 | D:5      | 50140 ||| FLEEEEING.
 50160 | D:5      | 50160 ||| FLEEEEING.
 50180 | D:5      | 50180 ||| FLEEEEING.
 50200 | D:5      | 50200 ||| FLEEEEING.
 50220 | D:5      | 50220 ||| FLEEEEING.
 50240 | D:5      | 50240 ||| FLEEEEING.
 50260 | D:5      | 50260 ||| FLEEEEING.
 50280 | D:5      | 50280 ||| FLEEEEING.
 50300 | D:5      | 50300 ||| FLEEEEING.
 50320 | D:5      | 50320 ||| FLEEEEING.
 50340 | D:5      | 50340 ||| FLEEEEING.
 50360 | D:5      | 50360 ||| FLEEEEING.
 50380 | D:5      | 50380 ||| FLEEEEING.
 50400 | D:5      | 50400 ||| FLEEEEING.
 50401 | D:5      | Glimpsed the power of Zot.
 50420 | D:5      | 50420 ||| FLEEEEING.
 50440 | D:5      | 50440 ||| FLEEEEING.
 50460 | D:5      | 50460 ||| FLEEEEING.
 50480 | D:5      | 50480 ||| FLEEEEING.
 50500 | D:5      | 50500 ||| FLEEEEING.
 50520 | D:5      | 50520 ||| FLEEEEING.
 50540 | D:5      | 50540 ||| FLEEEEING.
 50560 | D:5      | 50560 ||| FLEEEEING.
 50580 | D:5      | 50580 ||| FLEEEEING.
 50600 | D:5      | 50600 ||| FLEEEEING.
 50620 | D:5      | 50620 ||| FLEEEEING.
 50640 | D:5      | 50640 ||| FLEEEEING.
 50660 | D:5      | 50660 ||| FLEEEEING.
 50680 | D:5      | 50680 ||| FLEEEEING.
 50700 | D:5      | 50700 ||| FLEEEEING.
 50720 | D:5      | 50720 ||| FLEEEEING.
 50740 | D:5      | 50740 ||| FLEEEEING.
 50760 | D:5      | 50760 ||| FLEEEEING.
 50780 | D:5      | 50780 ||| FLEEEEING.
 50800 | D:5      | 50800 ||| FLEEEEING.
 50801 | D:5      | Glimpsed the power of Zot.
 50820 | D:5      | 50820 ||| FLEEEEING.
 50840 | D:5      | 50840 ||| FLEEEEING.
 50860 | D:5      | 50860 ||| FLEEEEING.
 50880 | D:5      | 50880 ||| FLEEEEING.
 50900 | D:5      | 50900 ||| FLEEEEING.
 50900 | D:5      | Touched by the power of Zot (MHP 1 -> 1)
 50901 | D:5      | Glimpsed the power of Zot.
 50920 | D:5      | 50920 ||| FLEEEEING.
 50940 | D:5      | 50940 ||| FLEEEEING.
 50960 | D:5      | 50960 ||| FLEEEEING.
 50980 | D:5      | 50980 ||| FLEEEEING.
 51000 | D:5      | 51000 ||| FLEEEEING.
 51020 | D:5      | 51020 ||| FLEEEEING.
 51040 | D:5      | 51040 ||| FLEEEEING.
 51060 | D:5      | 51060 ||| FLEEEEING.
 51080 | D:5      | 51080 ||| FLEEEEING.
 51100 | D:5      | 51100 ||| FLEEEEING.
 51120 | D:5      | 51120 ||| FLEEEEING.
 51140 | D:5      | 51140 ||| FLEEEEING.
 51160 | D:5      | 51160 ||| FLEEEEING.
 51180 | D:5      | 51180 ||| FLEEEEING.
 51200 | D:5      | 51200 ||| FLEEEEING.
 51220 | D:5      | 51220 ||| FLEEEEING.
 51240 | D:5      | 51240 ||| FLEEEEING.
 51260 | D:5      | 51260 ||| FLEEEEING.
 51280 | D:5      | 51280 ||| FLEEEEING.
 51300 | D:5      | 51300 ||| FLEEEEING.
 51320 | D:5      | 51320 ||| FLEEEEING.
 51340 | D:5      | 51340 ||| FLEEEEING.
 51360 | D:5      | 51360 ||| FLEEEEING.
 51380 | D:5      | 51380 ||| FLEEEEING.
 51400 | D:5      | 51400 ||| FLEEEEING.
 51401 | D:5      | Glimpsed the power of Zot.
 51420 | D:5      | 51420 ||| FLEEEEING.
 51440 | D:5      | 51440 ||| FLEEEEING.
 51460 | D:5      | 51460 ||| FLEEEEING.
 51480 | D:5      | 51480 ||| FLEEEEING.
 51500 | D:5      | 51500 ||| FLEEEEING.
 51520 | D:5      | 51520 ||| FLEEEEING.
 51540 | D:5      | 51540 ||| FLEEEEING.
 51560 | D:5      | 51560 ||| FLEEEEING.
 51580 | D:5      | 51580 ||| FLEEEEING.
 51600 | D:5      | 51600 ||| FLEEEEING.
 51620 | D:5      | 51620 ||| FLEEEEING.
 51640 | D:5      | 51640 ||| FLEEEEING.
 51660 | D:5      | 51660 ||| FLEEEEING.
 51680 | D:5      | 51680 ||| FLEEEEING.
 51700 | D:5      | 51700 ||| FLEEEEING.
 51720 | D:5      | 51720 ||| FLEEEEING.
 51740 | D:5      | 51740 ||| FLEEEEING.
 51760 | D:5      | 51760 ||| FLEEEEING.
 51780 | D:5      | 51780 ||| FLEEEEING.
 51800 | D:5      | 51800 ||| FLEEEEING.
 51801 | D:5      | Glimpsed the power of Zot.
 51820 | D:5      | 51820 ||| FLEEEEING.
 51840 | D:5      | 51840 ||| FLEEEEING.
 51860 | D:5      | 51860 ||| FLEEEEING.
 51880 | D:5      | 51880 ||| FLEEEEING.
 51900 | D:5      | 51900 ||| FLEEEEING.
 51900 | D:5      | Touched by the power of Zot (MHP 1 -> 1)
 51901 | D:5      | Glimpsed the power of Zot.
 51920 | D:5      | 51920 ||| FLEEEEING.
 51940 | D:5      | 51940 ||| FLEEEEING.
 51960 | D:5      | 51960 ||| FLEEEEING.
 51980 | D:5      | 51980 ||| FLEEEEING.
 52000 | D:5      | 52000 ||| FLEEEEING.
 52020 | D:5      | 52020 ||| FLEEEEING.
 52040 | D:5      | 52040 ||| FLEEEEING.
 52060 | D:5      | 52060 ||| FLEEEEING.
 52080 | D:5      | 52080 ||| FLEEEEING.
 52100 | D:5      | 52100 ||| FLEEEEING.
 52120 | D:5      | 52120 ||| FLEEEEING.
 52140 | D:5      | 52140 ||| FLEEEEING.
 52160 | D:5      | 52160 ||| FLEEEEING.
 52180 | D:5      | 52180 ||| FLEEEEING.
 52200 | D:5      | 52200 ||| FLEEEEING.
 52220 | D:5      | 52220 ||| FLEEEEING.
 52240 | D:5      | 52240 ||| FLEEEEING.
 52260 | D:5      | 52260 ||| FLEEEEING.
 52280 | D:5      | 52280 ||| FLEEEEING.
 52300 | D:5      | 52300 ||| FLEEEEING.
 52320 | D:5      | 52320 ||| FLEEEEING.
 52340 | D:5      | 52340 ||| FLEEEEING.
 52360 | D:5      | 52360 ||| FLEEEEING.
 52380 | D:5      | 52380 ||| FLEEEEING.
 52400 | D:5      | 52400 ||| FLEEEEING.
 52401 | D:5      | Glimpsed the power of Zot.
 52420 | D:5      | 52420 ||| FLEEEEING.
 52440 | D:5      | 52440 ||| FLEEEEING.
 52460 | D:5      | 52460 ||| FLEEEEING.
 52480 | D:5      | 52480 ||| FLEEEEING.
 52500 | D:5      | 52500 ||| FLEEEEING.
 52520 | D:5      | 52520 ||| FLEEEEING.
 52540 | D:5      | 52540 ||| FLEEEEING.
 52560 | D:5      | 52560 ||| FLEEEEING.
 52580 | D:5      | 52580 ||| FLEEEEING.
 52600 | D:5      | 52600 ||| FLEEEEING.
 52620 | D:5      | 52620 ||| FLEEEEING.
 52640 | D:5      | 52640 ||| FLEEEEING.
 52660 | D:5      | 52660 ||| FLEEEEING.
 52680 | D:5      | 52680 ||| FLEEEEING.
 52700 | D:5      | 52700 ||| FLEEEEING.
 52720 | D:5      | 52720 ||| FLEEEEING.
 52740 | D:5      | 52740 ||| FLEEEEING.
 52760 | D:5      | 52760 ||| FLEEEEING.
 52780 | D:5      | 52780 ||| FLEEEEING.
 52800 | D:5      | 52800 ||| FLEEEEING.
 52801 | D:5      | Glimpsed the power of Zot.
 52820 | D:5      | 52820 ||| FLEEEEING.
 52840 | D:5      | 52840 ||| FLEEEEING.
 52860 | D:5      | 52860 ||| FLEEEEING.
 52880 | D:5      | 52880 ||| FLEEEEING.
 52900 | D:5      | 52900 ||| FLEEEEING.
 52900 | D:5      | Touched by the power of Zot (MHP 1 -> 1)
 52901 | D:5      | Glimpsed the power of Zot.
 52920 | D:5      | 52920 ||| FLEEEEING.
 52940 | D:5      | 52940 ||| FLEEEEING.
 52960 | D:5      | 52960 ||| FLEEEEING.
 52980 | D:5      | 52980 ||| FLEEEEING.
 53000 | D:5      | 53000 ||| FLEEEEING.
 53020 | D:5      | 53020 ||| FLEEEEING.
 53040 | D:5      | 53040 ||| FLEEEEING.
 53060 | D:5      | 53060 ||| FLEEEEING.
 53080 | D:5      | 53080 ||| FLEEEEING.
 53100 | D:5      | 53100 ||| FLEEEEING.
 53120 | D:5      | 53120 ||| FLEEEEING.
 53140 | D:5      | 53140 ||| FLEEEEING.
 53160 | D:5      | 53160 ||| FLEEEEING.
 53180 | D:5      | 53180 ||| FLEEEEING.
 53200 | D:5      | 53200 ||| FLEEEEING.
 53220 | D:5      | 53220 ||| FLEEEEING.
 53240 | D:5      | 53240 ||| FLEEEEING.
 53260 | D:5      | 53260 ||| FLEEEEING.
 53280 | D:5      | 53280 ||| FLEEEEING.
 53300 | D:5      | 53300 ||| FLEEEEING.
 53320 | D:5      | 53320 ||| FLEEEEING.
 53340 | D:5      | 53340 ||| FLEEEEING.
 53360 | D:5      | 53360 ||| FLEEEEING.
 53380 | D:5      | 53380 ||| FLEEEEING.
 53400 | D:5      | 53400 ||| FLEEEEING.
 53401 | D:5      | Glimpsed the power of Zot.
 53420 | D:5      | 53420 ||| FLEEEEING.
 53440 | D:5      | 53440 ||| FLEEEEING.
 53460 | D:5      | 53460 ||| FLEEEEING.
 53480 | D:5      | 53480 ||| FLEEEEING.
 53500 | D:5      | 53500 ||| FLEEEEING.
 53520 | D:5      | 53520 ||| FLEEEEING.
 53540 | D:5      | 53540 ||| FLEEEEING.
 53560 | D:5      | 53560 ||| FLEEEEING.
 53580 | D:5      | 53580 ||| FLEEEEING.
 53600 | D:5      | 53600 ||| FLEEEEING.
 53620 | D:5      | 53620 ||| FLEEEEING.
 53640 | D:5      | 53640 ||| FLEEEEING.
 53660 | D:5      | 53660 ||| FLEEEEING.
 53680 | D:5      | 53680 ||| FLEEEEING.
 53700 | D:5      | 53700 ||| FLEEEEING.
 53720 | D:5      | 53720 ||| FLEEEEING.
 53740 | D:5      | 53740 ||| FLEEEEING.
 53760 | D:5      | 53760 ||| FLEEEEING.
 53780 | D:5      | 53780 ||| FLEEEEING.
 53800 | D:5      | 53800 ||| FLEEEEING.
 53801 | D:5      | Glimpsed the power of Zot.
 53820 | D:5      | 53820 ||| FLEEEEING.
 53840 | D:5      | 53840 ||| FLEEEEING.
 53860 | D:5      | 53860 ||| FLEEEEING.
 53880 | D:5      | 53880 ||| FLEEEEING.
 53900 | D:5      | 53900 ||| FLEEEEING.
 53900 | D:5      | Touched by the power of Zot (MHP 1 -> 1)
 53901 | D:5      | Glimpsed the power of Zot.
 53920 | D:5      | 53920 ||| FLEEEEING.
 53940 | D:5      | 53940 ||| FLEEEEING.
 53960 | D:5      | 53960 ||| FLEEEEING.
 53980 | D:5      | 53980 ||| FLEEEEING.
 54000 | D:5      | 54000 ||| FLEEEEING.
 54020 | D:5      | 54020 ||| FLEEEEING.
 54040 | D:5      | 54040 ||| FLEEEEING.
 54060 | D:5      | 54060 ||| FLEEEEING.
 54080 | D:5      | 54080 ||| FLEEEEING.
 54100 | D:5      | 54100 ||| FLEEEEING.
 54120 | D:5      | 54120 ||| FLEEEEING.
 54140 | D:5      | 54140 ||| FLEEEEING.
 54160 | D:5      | 54160 ||| FLEEEEING.
 54180 | D:5      | 54180 ||| FLEEEEING.
 54200 | D:5      | 54200 ||| FLEEEEING.
 54220 | D:5      | 54220 ||| FLEEEEING.
 54240 | D:5      | 54240 ||| FLEEEEING.
 54260 | D:5      | 54260 ||| FLEEEEING.
 54280 | D:5      | 54280 ||| FLEEEEING.
 54300 | D:5      | 54300 ||| FLEEEEING.
 54320 | D:5      | 54320 ||| FLEEEEING.
 54340 | D:5      | 54340 ||| FLEEEEING.
 54360 | D:5      | 54360 ||| FLEEEEING.
 54380 | D:5      | 54380 ||| FLEEEEING.
 54400 | D:5      | 54400 ||| FLEEEEING.
 54401 | D:5      | Glimpsed the power of Zot.
 54420 | D:5      | 54420 ||| FLEEEEING.
 54440 | D:5      | 54440 ||| FLEEEEING.
 54460 | D:5      | 54460 ||| FLEEEEING.
 54480 | D:5      | 54480 ||| FLEEEEING.
 54500 | D:5      | 54500 ||| FLEEEEING.
 54520 | D:5      | 54520 ||| FLEEEEING.
 54540 | D:5      | 54540 ||| FLEEEEING.
 54560 | D:5      | 54560 ||| FLEEEEING.
 54580 | D:5      | 54580 ||| FLEEEEING.
 54600 | D:5      | 54600 ||| FLEEEEING.
 54620 | D:5      | 54620 ||| FLEEEEING.
 54640 | D:5      | 54640 ||| FLEEEEING.
 54660 | D:5      | 54660 ||| FLEEEEING.
 54680 | D:5      | 54680 ||| FLEEEEING.
 54700 | D:5      | 54700 ||| FLEEEEING.
 54720 | D:5      | 54720 ||| FLEEEEING.
 54740 | D:5      | 54740 ||| FLEEEEING.
 54760 | D:5      | 54760 ||| FLEEEEING.
 54780 | D:5      | 54780 ||| FLEEEEING.
 54800 | D:5      | 54800 ||| FLEEEEING.
 54801 | D:5      | Glimpsed the power of Zot.
 54820 | D:5      | 54820 ||| FLEEEEING.
 54840 | D:5      | 54840 ||| FLEEEEING.
 54860 | D:5      | 54860 ||| FLEEEEING.
 54880 | D:5      | 54880 ||| FLEEEEING.
 54900 | D:5      | 54900 ||| FLEEEEING.
 54900 | D:5      | Touched by the power of Zot (MHP 1 -> 1)
 54901 | D:5      | Glimpsed the power of Zot.
 54920 | D:5      | 54920 ||| FLEEEEING.
 54940 | D:5      | 54940 ||| FLEEEEING.
 54960 | D:5      | 54960 ||| FLEEEEING.
 54980 | D:5      | 54980 ||| FLEEEEING.
 55000 | D:5      | 55000 ||| FLEEEEING.
 55020 | D:5      | 55020 ||| FLEEEEING.
 55040 | D:5      | 55040 ||| FLEEEEING.
 55060 | D:5      | 55060 ||| FLEEEEING.
 55080 | D:5      | 55080 ||| FLEEEEING.
 55100 | D:5      | 55100 ||| FLEEEEING.
 55120 | D:5      | 55120 ||| FLEEEEING.
 55140 | D:5      | 55140 ||| FLEEEEING.
 55160 | D:5      | 55160 ||| FLEEEEING.
 55180 | D:5      | 55180 ||| FLEEEEING.
 55200 | D:5      | 55200 ||| FLEEEEING.
 55220 | D:5      | 55220 ||| FLEEEEING.
 55240 | D:5      | 55240 ||| FLEEEEING.
 55260 | D:5      | 55260 ||| FLEEEEING.
 55280 | D:5      | 55280 ||| FLEEEEING.
 55300 | D:5      | 55300 ||| FLEEEEING.
 55320 | D:5      | 55320 ||| FLEEEEING.
 55340 | D:5      | 55340 ||| FLEEEEING.
 55360 | D:5      | 55360 ||| FLEEEEING.
 55380 | D:5      | 55380 ||| FLEEEEING.
 55400 | D:5      | 55400 ||| FLEEEEING.
 55401 | D:5      | Glimpsed the power of Zot.
 55420 | D:5      | 55420 ||| FLEEEEING.
 55440 | D:5      | 55440 ||| FLEEEEING.
 55460 | D:5      | 55460 ||| FLEEEEING.
 55480 | D:5      | 55480 ||| FLEEEEING.
 55500 | D:5      | 55500 ||| FLEEEEING.
 55520 | D:5      | 55520 ||| FLEEEEING.
 55540 | D:5      | 55540 ||| FLEEEEING.
 55560 | D:5      | 55560 ||| FLEEEEING.
 55580 | D:5      | 55580 ||| FLEEEEING.
 55600 | D:5      | 55600 ||| FLEEEEING.
 55620 | D:5      | 55620 ||| FLEEEEING.
 55640 | D:5      | 55640 ||| FLEEEEING.
 55660 | D:5      | 55660 ||| FLEEEEING.
 55680 | D:5      | 55680 ||| FLEEEEING.
 55700 | D:5      | 55700 ||| FLEEEEING.
 55720 | D:5      | 55720 ||| FLEEEEING.
 55740 | D:5      | 55740 ||| FLEEEEING.
 55760 | D:5      | 55760 ||| FLEEEEING.
 55780 | D:5      | 55780 ||| FLEEEEING.
 55800 | D:5      | 55800 ||| FLEEEEING.
 55801 | D:5      | Glimpsed the power of Zot.
 55820 | D:5      | 55820 ||| FLEEEEING.
 55840 | D:5      | 55840 ||| FLEEEEING.
 55860 | D:5      | 55860 ||| FLEEEEING.
 55880 | D:5      | 55880 ||| FLEEEEING.
 55900 | D:5      | 55900 ||| FLEEEEING.
 55900 | D:5      | Touched by the power of Zot (MHP 1 -> 1)
 55901 | D:5      | Glimpsed the power of Zot.
 55920 | D:5      | 55920 ||| FLEEEEING.
 55940 | D:5      | 55940 ||| FLEEEEING.
 55960 | D:5      | 55960 ||| FLEEEEING.
 55980 | D:5      | 55980 ||| FLEEEEING.
 56000 | D:5      | 56000 ||| FLEEEEING.
 56020 | D:5      | 56020 ||| FLEEEEING.
 56040 | D:5      | 56040 ||| FLEEEEING.
 56060 | D:5      | 56060 ||| FLEEEEING.
 56080 | D:5      | 56080 ||| FLEEEEING.
 56100 | D:5      | 56100 ||| FLEEEEING.
 56120 | D:5      | 56120 ||| FLEEEEING.
 56140 | D:5      | 56140 ||| FLEEEEING.
 56160 | D:5      | 56160 ||| FLEEEEING.
 56180 | D:5      | 56180 ||| FLEEEEING.
 56200 | D:5      | 56200 ||| FLEEEEING.
 56220 | D:5      | 56220 ||| FLEEEEING.
 56240 | D:5      | 56240 ||| FLEEEEING.
 56260 | D:5      | 56260 ||| FLEEEEING.
 56280 | D:5      | 56280 ||| FLEEEEING.
 56300 | D:5      | 56300 ||| FLEEEEING.
 56320 | D:5      | 56320 ||| FLEEEEING.
 56340 | D:5      | 56340 ||| FLEEEEING.
 56360 | D:5      | 56360 ||| FLEEEEING.
 56380 | D:5      | 56380 ||| FLEEEEING.
 56400 | D:5      | 56400 ||| FLEEEEING.
 56401 | D:5      | Glimpsed the power of Zot.
 56420 | D:5      | 56420 ||| FLEEEEING.
 56440 | D:5      | 56440 ||| FLEEEEING.
 56460 | D:5      | 56460 ||| FLEEEEING.
 56480 | D:5      | 56480 ||| FLEEEEING.
 56500 | D:5      | 56500 ||| FLEEEEING.
 56520 | D:5      | 56520 ||| FLEEEEING.
 56540 | D:5      | 56540 ||| FLEEEEING.
 56560 | D:5      | 56560 ||| FLEEEEING.
 56580 | D:5      | 56580 ||| FLEEEEING.
 56600 | D:5      | 56600 ||| FLEEEEING.
 56620 | D:5      | 56620 ||| FLEEEEING.
 56640 | D:5      | 56640 ||| FLEEEEING.
 56660 | D:5      | 56660 ||| FLEEEEING.
 56680 | D:5      | 56680 ||| FLEEEEING.
 56700 | D:5      | 56700 ||| FLEEEEING.
 56720 | D:5      | 56720 ||| FLEEEEING.
 56740 | D:5      | 56740 ||| FLEEEEING.
 56760 | D:5      | 56760 ||| FLEEEEING.
 56780 | D:5      | 56780 ||| FLEEEEING.
 56800 | D:5      | 56800 ||| FLEEEEING.
 56801 | D:5      | Glimpsed the power of Zot.
 56820 | D:5      | 56820 ||| FLEEEEING.
 56840 | D:5      | 56840 ||| FLEEEEING.
 56860 | D:5      | 56860 ||| FLEEEEING.
 56880 | D:5      | 56880 ||| FLEEEEING.
 56900 | D:5      | 56900 ||| FLEEEEING.
 56900 | D:5      | Touched by the power of Zot (MHP 1 -> 1)
 56901 | D:5      | Glimpsed the power of Zot.
 56920 | D:5      | 56920 ||| FLEEEEING.
 56940 | D:5      | 56940 ||| FLEEEEING.
 56960 | D:5      | 56960 ||| FLEEEEING.
 56980 | D:5      | 56980 ||| FLEEEEING.
 57000 | D:5      | 57000 ||| FLEEEEING.
 57020 | D:5      | 57020 ||| FLEEEEING.
 57040 | D:5      | 57040 ||| FLEEEEING.
 57060 | D:5      | 57060 ||| FLEEEEING.
 57080 | D:5      | 57080 ||| FLEEEEING.
 57100 | D:5      | 57100 ||| FLEEEEING.
 57120 | D:5      | 57120 ||| FLEEEEING.
 57140 | D:5      | 57140 ||| FLEEEEING.
 57160 | D:5      | 57160 ||| FLEEEEING.
 57180 | D:5      | 57180 ||| FLEEEEING.
 57200 | D:5      | 57200 ||| FLEEEEING.
 57220 | D:5      | 57220 ||| FLEEEEING.
 57240 | D:5      | 57240 ||| FLEEEEING.
 57260 | D:5      | 57260 ||| FLEEEEING.
 57280 | D:5      | 57280 ||| FLEEEEING.
 57300 | D:5      | 57300 ||| FLEEEEING.
 57320 | D:5      | 57320 ||| FLEEEEING.
 57340 | D:5      | 57340 ||| FLEEEEING.
 57360 | D:5      | 57360 ||| FLEEEEING.
 57380 | D:5      | 57380 ||| FLEEEEING.
 57400 | D:5      | 57400 ||| FLEEEEING.
 57401 | D:5      | Glimpsed the power of Zot.
 57420 | D:5      | 57420 ||| FLEEEEING.
 57440 | D:5      | 57440 ||| FLEEEEING.
 57460 | D:5      | 57460 ||| FLEEEEING.
 57480 | D:5      | 57480 ||| FLEEEEING.
 57500 | D:5      | 57500 ||| FLEEEEING.
 57520 | D:5      | 57520 ||| FLEEEEING.
 57540 | D:5      | 57540 ||| FLEEEEING.
 57560 | D:5      | 57560 ||| FLEEEEING.
 57580 | D:5      | 57580 ||| FLEEEEING.
 57600 | D:5      | 57600 ||| FLEEEEING.
 57620 | D:5      | 57620 ||| FLEEEEING.
 57640 | D:5      | 57640 ||| FLEEEEING.
 57660 | D:5      | 57660 ||| FLEEEEING.
 57680 | D:5      | 57680 ||| FLEEEEING.
 57700 | D:5      | 57700 ||| FLEEEEING.
 57720 | D:5      | 57720 ||| FLEEEEING.
 57740 | D:5      | 57740 ||| FLEEEEING.
 57760 | D:5      | 57760 ||| FLEEEEING.
 57780 | D:5      | 57780 ||| FLEEEEING.
 57800 | D:5      | 57800 ||| FLEEEEING.
 57801 | D:5      | Glimpsed the power of Zot.
 57820 | D:5      | 57820 ||| FLEEEEING.
 57840 | D:5      | 57840 ||| FLEEEEING.
 57860 | D:5      | 57860 ||| FLEEEEING.
 57880 | D:5      | 57880 ||| FLEEEEING.
 57900 | D:5      | 57900 ||| FLEEEEING.
 57900 | D:5      | Touched by the power of Zot (MHP 1 -> 1)
 57901 | D:5      | Glimpsed the power of Zot.
 57920 | D:5      | 57920 ||| FLEEEEING.
 57940 | D:5      | 57940 ||| FLEEEEING.
 57960 | D:5      | 57960 ||| FLEEEEING.
 57980 | D:5      | 57980 ||| FLEEEEING.
 58000 | D:5      | 58000 ||| FLEEEEING.
 58020 | D:5      | 58020 ||| FLEEEEING.
 58040 | D:5      | 58040 ||| FLEEEEING.
 58060 | D:5      | 58060 ||| FLEEEEING.
 58080 | D:5      | 58080 ||| FLEEEEING.
 58100 | D:5      | 58100 ||| FLEEEEING.
 58120 | D:5      | 58120 ||| FLEEEEING.
 58140 | D:5      | 58140 ||| FLEEEEING.
 58160 | D:5      | 58160 ||| FLEEEEING.
 58180 | D:5      | 58180 ||| FLEEEEING.
 58200 | D:5      | 58200 ||| FLEEEEING.
 58220 | D:5      | 58220 ||| FLEEEEING.
 58240 | D:5      | 58240 ||| FLEEEEING.
 58260 | D:5      | 58260 ||| FLEEEEING.
 58280 | D:5      | 58280 ||| FLEEEEING.
 58300 | D:5      | 58300 ||| FLEEEEING.
 58320 | D:5      | 58320 ||| FLEEEEING.
 58340 | D:5      | 58340 ||| FLEEEEING.
 58360 | D:5      | 58360 ||| FLEEEEING.
 58380 | D:5      | 58380 ||| FLEEEEING.
 58400 | D:5      | 58400 ||| FLEEEEING.
 58401 | D:5      | Glimpsed the power of Zot.
 58420 | D:5      | 58420 ||| FLEEEEING.
 58440 | D:5      | 58440 ||| FLEEEEING.
 58460 | D:5      | 58460 ||| FLEEEEING.
 58480 | D:5      | 58480 ||| FLEEEEING.
 58500 | D:5      | 58500 ||| FLEEEEING.
 58520 | D:5      | 58520 ||| FLEEEEING.
 58540 | D:5      | 58540 ||| FLEEEEING.
 58560 | D:5      | 58560 ||| FLEEEEING.
 58580 | D:5      | 58580 ||| FLEEEEING.
 58600 | D:5      | 58600 ||| FLEEEEING.
 58620 | D:5      | 58620 ||| FLEEEEING.
 58640 | D:5      | 58640 ||| FLEEEEING.
 58660 | D:5      | 58660 ||| FLEEEEING.
 58680 | D:5      | 58680 ||| FLEEEEING.
 58700 | D:5      | 58700 ||| FLEEEEING.
 58720 | D:5      | 58720 ||| FLEEEEING.
 58740 | D:5      | 58740 ||| FLEEEEING.
 58760 | D:5      | 58760 ||| FLEEEEING.
 58780 | D:5      | 58780 ||| FLEEEEING.
 58800 | D:5      | 58800 ||| FLEEEEING.
 58801 | D:5      | Glimpsed the power of Zot.
 58820 | D:5      | 58820 ||| FLEEEEING.
 58840 | D:5      | 58840 ||| FLEEEEING.
 58860 | D:5      | 58860 ||| FLEEEEING.
 58880 | D:5      | 58880 ||| FLEEEEING.
 58900 | D:5      | 58900 ||| FLEEEEING.
 58900 | D:5      | Touched by the power of Zot (MHP 1 -> 1)
 58901 | D:5      | Glimpsed the power of Zot.
 58920 | D:5      | 58920 ||| FLEEEEING.
 58940 | D:5      | 58940 ||| FLEEEEING.
 58960 | D:5      | 58960 ||| FLEEEEING.
 58980 | D:5      | 58980 ||| FLEEEEING.
 59000 | D:5      | 59000 ||| FLEEEEING.
 59020 | D:5      | 59020 ||| FLEEEEING.
 59040 | D:5      | 59040 ||| FLEEEEING.
 59060 | D:5      | 59060 ||| FLEEEEING.
 59080 | D:5      | 59080 ||| FLEEEEING.
 59100 | D:5      | 59100 ||| FLEEEEING.
 59120 | D:5      | 59120 ||| FLEEEEING.
 59140 | D:5      | 59140 ||| FLEEEEING.
 59160 | D:5      | 59160 ||| FLEEEEING.
 59180 | D:5      | 59180 ||| FLEEEEING.
 59200 | D:5      | 59200 ||| FLEEEEING.
 59220 | D:5      | 59220 ||| FLEEEEING.
 59240 | D:5      | 59240 ||| FLEEEEING.
 59260 | D:5      | 59260 ||| FLEEEEING.
 59280 | D:5      | 59280 ||| FLEEEEING.
 59300 | D:5      | 59300 ||| FLEEEEING.
 59320 | D:5      | 59320 ||| FLEEEEING.
 59340 | D:5      | 59340 ||| FLEEEEING.
 59360 | D:5      | 59360 ||| FLEEEEING.
 59380 | D:5      | 59380 ||| FLEEEEING.
 59400 | D:5      | 59400 ||| FLEEEEING.
 59401 | D:5      | Glimpsed the power of Zot.
 59420 | D:5      | 59420 ||| FLEEEEING.
 59440 | D:5      | 59440 ||| FLEEEEING.
 59460 | D:5      | 59460 ||| FLEEEEING.
 59480 | D:5      | 59480 ||| FLEEEEING.
 59500 | D:5      | 59500 ||| FLEEEEING.
 59520 | D:5      | 59520 ||| FLEEEEING.
 59540 | D:5      | 59540 ||| FLEEEEING.
 59560 | D:5      | 59560 ||| FLEEEEING.
 59580 | D:5      | 59580 ||| FLEEEEING.
 59600 | D:5      | 59600 ||| FLEEEEING.
 59620 | D:5      | 59620 ||| FLEEEEING.
 59640 | D:5      | 59640 ||| FLEEEEING.
 59660 | D:5      | 59660 ||| FLEEEEING.
 59680 | D:5      | 59680 ||| FLEEEEING.
 59700 | D:5      | 59700 ||| FLEEEEING.
 59720 | D:5      | 59720 ||| FLEEEEING.
 59740 | D:5      | 59740 ||| FLEEEEING.
 59760 | D:5      | 59760 ||| FLEEEEING.
 59780 | D:5      | 59780 ||| FLEEEEING.
 59800 | D:5      | 59800 ||| FLEEEEING.
 59801 | D:5      | Glimpsed the power of Zot.
 59820 | D:5      | 59820 ||| FLEEEEING.
 59840 | D:5      | 59840 ||| FLEEEEING.
 59860 | D:5      | 59860 ||| FLEEEEING.
 59880 | D:5      | 59880 ||| FLEEEEING.
 59900 | D:5      | 59900 ||| FLEEEEING.
 59900 | D:5      | Touched by the power of Zot (MHP 1 -> 1)
 59901 | D:5      | Glimpsed the power of Zot.
 59920 | D:5      | 59920 ||| FLEEEEING.
 59940 | D:5      | 59940 ||| FLEEEEING.
 59960 | D:5      | 59960 ||| FLEEEEING.
 59980 | D:5      | 59980 ||| FLEEEEING.
 60000 | D:5      | 60000 ||| FLEEEEING.
 60020 | D:5      | 60020 ||| FLEEEEING.
 60040 | D:5      | 60040 ||| FLEEEEING.
 60060 | D:5      | 60060 ||| FLEEEEING.
 60080 | D:5      | 60080 ||| FLEEEEING.
 60100 | D:5      | 60100 ||| FLEEEEING.
 60120 | D:5      | 60120 ||| FLEEEEING.
 60140 | D:5      | 60140 ||| FLEEEEING.
 60160 | D:5      | 60160 ||| FLEEEEING.
 60180 | D:5      | 60180 ||| FLEEEEING.
 60200 | D:5      | 60200 ||| FLEEEEING.
 60220 | D:5      | 60220 ||| FLEEEEING.
 60240 | D:5      | 60240 ||| FLEEEEING.
 60260 | D:5      | 60260 ||| FLEEEEING.
 60280 | D:5      | 60280 ||| FLEEEEING.
 60300 | D:5      | 60300 ||| FLEEEEING.
 60320 | D:5      | 60320 ||| FLEEEEING.
 60340 | D:5      | 60340 ||| FLEEEEING.
 60360 | D:5      | 60360 ||| FLEEEEING.
 60380 | D:5      | 60380 ||| FLEEEEING.
 60400 | D:5      | 60400 ||| FLEEEEING.
 60401 | D:5      | Glimpsed the power of Zot.
 60420 | D:5      | 60420 ||| FLEEEEING.
 60440 | D:5      | 60440 ||| FLEEEEING.
 60460 | D:5      | 60460 ||| FLEEEEING.
 60480 | D:5      | 60480 ||| FLEEEEING.
 60500 | D:5      | 60500 ||| FLEEEEING.
 60520 | D:5      | 60520 ||| FLEEEEING.
 60540 | D:5      | 60540 ||| FLEEEEING.
 60560 | D:5      | 60560 ||| FLEEEEING.
 60580 | D:5      | 60580 ||| FLEEEEING.
 60600 | D:5      | 60600 ||| FLEEEEING.
 60620 | D:5      | 60620 ||| FLEEEEING.
 60640 | D:5      | 60640 ||| FLEEEEING.
 60660 | D:5      | 60660 ||| FLEEEEING.
 60680 | D:5      | 60680 ||| FLEEEEING.
 60700 | D:5      | 60700 ||| FLEEEEING.
 60720 | D:5      | 60720 ||| FLEEEEING.
 60740 | D:5      | 60740 ||| FLEEEEING.
 60760 | D:5      | 60760 ||| FLEEEEING.
 60780 | D:5      | 60780 ||| FLEEEEING.
 60800 | D:5      | 60800 ||| FLEEEEING.
 60801 | D:5      | Glimpsed the power of Zot.
 60820 | D:5      | 60820 ||| FLEEEEING.
 60840 | D:5      | 60840 ||| FLEEEEING.
 60860 | D:5      | 60860 ||| FLEEEEING.
 60880 | D:5      | 60880 ||| FLEEEEING.
 60900 | D:5      | 60900 ||| FLEEEEING.
 60900 | D:5      | Touched by the power of Zot (MHP 1 -> 1)
 60901 | D:5      | Glimpsed the power of Zot.
 60920 | D:5      | 60920 ||| FLEEEEING.
 60940 | D:5      | 60940 ||| FLEEEEING.
 60960 | D:5      | 60960 ||| FLEEEEING.
 60980 | D:5      | 60980 ||| FLEEEEING.
 61000 | D:5      | 61000 ||| FLEEEEING.
 61020 | D:5      | 61020 ||| FLEEEEING.
 61040 | D:5      | 61040 ||| FLEEEEING.
 61060 | D:5      | 61060 ||| FLEEEEING.
 61080 | D:5      | 61080 ||| FLEEEEING.
 61100 | D:5      | 61100 ||| FLEEEEING.
 61120 | D:5      | 61120 ||| FLEEEEING.
 61140 | D:5      | 61140 ||| FLEEEEING.
 61160 | D:5      | 61160 ||| FLEEEEING.
 61180 | D:5      | 61180 ||| FLEEEEING.
 61200 | D:5      | 61200 ||| FLEEEEING.
 61220 | D:5      | 61220 ||| FLEEEEING.
 61240 | D:5      | 61240 ||| FLEEEEING.
 61260 | D:5      | 61260 ||| FLEEEEING.
 61280 | D:5      | 61280 ||| FLEEEEING.
 61300 | D:5      | 61300 ||| FLEEEEING.
 61320 | D:5      | 61320 ||| FLEEEEING.
 61340 | D:5      | 61340 ||| FLEEEEING.
 61360 | D:5      | 61360 ||| FLEEEEING.
 61380 | D:5      | 61380 ||| FLEEEEING.
 61400 | D:5      | 61400 ||| FLEEEEING.
 61401 | D:5      | Glimpsed the power of Zot.
 61420 | D:5      | 61420 ||| FLEEEEING.
 61440 | D:5      | 61440 ||| FLEEEEING.
 61460 | D:5      | 61460 ||| FLEEEEING.
 61480 | D:5      | 61480 ||| FLEEEEING.
 61500 | D:5      | 61500 ||| FLEEEEING.
 61520 | D:5      | 61520 ||| FLEEEEING.
 61540 | D:5      | 61540 ||| FLEEEEING.
 61560 | D:5      | 61560 ||| FLEEEEING.
 61580 | D:5      | 61580 ||| FLEEEEING.
 61600 | D:5      | 61600 ||| FLEEEEING.
 61620 | D:5      | 61620 ||| FLEEEEING.
 61640 | D:5      | 61640 ||| FLEEEEING.
 61660 | D:5      | 61660 ||| FLEEEEING.
 61680 | D:5      | 61680 ||| FLEEEEING.
 61700 | D:5      | 61700 ||| FLEEEEING.
 61720 | D:5      | 61720 ||| FLEEEEING.
 61740 | D:5      | 61740 ||| FLEEEEING.
 61760 | D:5      | 61760 ||| FLEEEEING.
 61780 | D:5      | 61780 ||| FLEEEEING.
 61800 | D:5      | 61800 ||| FLEEEEING.
 61801 | D:5      | Glimpsed the power of Zot.
 61820 | D:5      | 61820 ||| FLEEEEING.
 61840 | D:5      | 61840 ||| FLEEEEING.
 61860 | D:5      | 61860 ||| FLEEEEING.
 61880 | D:5      | 61880 ||| FLEEEEING.
 61900 | D:5      | 61900 ||| FLEEEEING.
 61900 | D:5      | Touched by the power of Zot (MHP 1 -> 1)
 61901 | D:5      | Glimpsed the power of Zot.
 61920 | D:5      | 61920 ||| FLEEEEING.
 61940 | D:5      | 61940 ||| FLEEEEING.
 61960 | D:5      | 61960 ||| FLEEEEING.
 61980 | D:5      | 61980 ||| FLEEEEING.
 62000 | D:5      | 62000 ||| FLEEEEING.
 62020 | D:5      | 62020 ||| FLEEEEING.
 62040 | D:5      | 62040 ||| FLEEEEING.
 62060 | D:5      | 62060 ||| FLEEEEING.
 62080 | D:5      | 62080 ||| FLEEEEING.
 62100 | D:5      | 62100 ||| FLEEEEING.
 62120 | D:5      | 62120 ||| FLEEEEING.
 62140 | D:5      | 62140 ||| FLEEEEING.
 62160 | D:5      | 62160 ||| FLEEEEING.
 62180 | D:5      | 62180 ||| FLEEEEING.
 62200 | D:5      | 62200 ||| FLEEEEING.
 62220 | D:5      | 62220 ||| FLEEEEING.
 62240 | D:5      | 62240 ||| FLEEEEING.
 62260 | D:5      | 62260 ||| FLEEEEING.
 62280 | D:5      | 62280 ||| FLEEEEING.
 62300 | D:5      | 62300 ||| FLEEEEING.
 62320 | D:5      | 62320 ||| FLEEEEING.
 62340 | D:5      | 62340 ||| FLEEEEING.
 62360 | D:5      | 62360 ||| FLEEEEING.
 62380 | D:5      | 62380 ||| FLEEEEING.
 62400 | D:5      | 62400 ||| FLEEEEING.
 62401 | D:5      | Glimpsed the power of Zot.
 62420 | D:5      | 62420 ||| FLEEEEING.
 62440 | D:5      | 62440 ||| FLEEEEING.
 62460 | D:5      | 62460 ||| FLEEEEING.
 62480 | D:5      | 62480 ||| FLEEEEING.
 62500 | D:5      | 62500 ||| FLEEEEING.
 62520 | D:5      | 62520 ||| FLEEEEING.
 62540 | D:5      | 62540 ||| FLEEEEING.
 62560 | D:5      | 62560 ||| FLEEEEING.
 62580 | D:5      | 62580 ||| FLEEEEING.
 62600 | D:5      | 62600 ||| FLEEEEING.
 62620 | D:5      | 62620 ||| FLEEEEING.
 62640 | D:5      | 62640 ||| FLEEEEING.
 62660 | D:5      | 62660 ||| FLEEEEING.
 62680 | D:5      | 62680 ||| FLEEEEING.
 62700 | D:5      | 62700 ||| FLEEEEING.
 62720 | D:5      | 62720 ||| FLEEEEING.
 62740 | D:5      | 62740 ||| FLEEEEING.
 62760 | D:5      | 62760 ||| FLEEEEING.
 62780 | D:5      | 62780 ||| FLEEEEING.
 62800 | D:5      | 62800 ||| FLEEEEING.
 62801 | D:5      | Glimpsed the power of Zot.
 62820 | D:5      | 62820 ||| FLEEEEING.
 62840 | D:5      | 62840 ||| FLEEEEING.
 62860 | D:5      | 62860 ||| FLEEEEING.
 62880 | D:5      | 62880 ||| FLEEEEING.
 62900 | D:5      | 62900 ||| FLEEEEING.
 62900 | D:5      | Touched by the power of Zot (MHP 1 -> 1)
 62901 | D:5      | Glimpsed the power of Zot.
 62920 | D:5      | 62920 ||| FLEEEEING.
 62940 | D:5      | 62940 ||| FLEEEEING.
 62960 | D:5      | 62960 ||| FLEEEEING.
 62980 | D:5      | 62980 ||| FLEEEEING.
 63000 | D:5      | 63000 ||| FLEEEEING.
 63020 | D:5      | 63020 ||| FLEEEEING.
 63040 | D:5      | 63040 ||| FLEEEEING.
 63060 | D:5      | 63060 ||| FLEEEEING.
 63080 | D:5      | 63080 ||| FLEEEEING.
 63100 | D:5      | 63100 ||| FLEEEEING.
 63120 | D:5      | 63120 ||| FLEEEEING.
 63140 | D:5      | 63140 ||| FLEEEEING.
 63160 | D:5      | 63160 ||| FLEEEEING.
 63180 | D:5      | 63180 ||| FLEEEEING.
 63200 | D:5      | 63200 ||| FLEEEEING.
 63220 | D:5      | 63220 ||| FLEEEEING.
 63240 | D:5      | 63240 ||| FLEEEEING.
 63260 | D:5      | 63260 ||| FLEEEEING.
 63280 | D:5      | 63280 ||| FLEEEEING.
 63300 | D:5      | 63300 ||| FLEEEEING.
 63320 | D:5      | 63320 ||| FLEEEEING.
 63340 | D:5      | 63340 ||| FLEEEEING.
 63360 | D:5      | 63360 ||| FLEEEEING.
 63380 | D:5      | 63380 ||| FLEEEEING.
 63400 | D:5      | 63400 ||| FLEEEEING.
 63401 | D:5      | Glimpsed the power of Zot.
 63420 | D:5      | 63420 ||| FLEEEEING.
 63440 | D:5      | 63440 ||| FLEEEEING.
 63460 | D:5      | 63460 ||| FLEEEEING.
 63480 | D:5      | 63480 ||| FLEEEEING.
 63500 | D:5      | 63500 ||| FLEEEEING.
 63520 | D:5      | 63520 ||| FLEEEEING.
 63540 | D:5      | 63540 ||| FLEEEEING.
 63560 | D:5      | 63560 ||| FLEEEEING.
 63580 | D:5      | 63580 ||| FLEEEEING.
 63600 | D:5      | 63600 ||| FLEEEEING.
 63620 | D:5      | 63620 ||| FLEEEEING.
 63640 | D:5      | 63640 ||| FLEEEEING.
 63660 | D:5      | 63660 ||| FLEEEEING.
 63680 | D:5      | 63680 ||| FLEEEEING.
 63700 | D:5      | 63700 ||| FLEEEEING.
 63720 | D:5      | 63720 ||| FLEEEEING.
 63740 | D:5      | 63740 ||| FLEEEEING.
 63760 | D:5      | 63760 ||| FLEEEEING.
 63780 | D:5      | 63780 ||| FLEEEEING.
 63800 | D:5      | 63800 ||| FLEEEEING.
 63801 | D:5      | Glimpsed the power of Zot.
 63820 | D:5      | 63820 ||| FLEEEEING.
 63840 | D:5      | 63840 ||| FLEEEEING.
 63860 | D:5      | 63860 ||| FLEEEEING.
 63880 | D:5      | 63880 ||| FLEEEEING.
 63900 | D:5      | 63900 ||| FLEEEEING.
 63900 | D:5      | Touched by the power of Zot (MHP 1 -> 1)
 63901 | D:5      | Glimpsed the power of Zot.
 63920 | D:5      | 63920 ||| FLEEEEING.
 63940 | D:5      | 63940 ||| FLEEEEING.
 63960 | D:5      | 63960 ||| FLEEEEING.
 63980 | D:5      | 63980 ||| FLEEEEING.
 64000 | D:5      | 64000 ||| FLEEEEING.
 64020 | D:5      | 64020 ||| FLEEEEING.
 64040 | D:5      | 64040 ||| FLEEEEING.
 64060 | D:5      | 64060 ||| FLEEEEING.
 64080 | D:5      | 64080 ||| FLEEEEING.
 64100 | D:5      | 64100 ||| FLEEEEING.
 64120 | D:5      | 64120 ||| FLEEEEING.
 64140 | D:5      | 64140 ||| FLEEEEING.
 64160 | D:5      | 64160 ||| FLEEEEING.
 64180 | D:5      | 64180 ||| FLEEEEING.
 64200 | D:5      | 64200 ||| FLEEEEING.
 64220 | D:5      | 64220 ||| FLEEEEING.
 64240 | D:5      | 64240 ||| FLEEEEING.
 64260 | D:5      | 64260 ||| FLEEEEING.
 64280 | D:5      | 64280 ||| FLEEEEING.
 64300 | D:5      | 64300 ||| FLEEEEING.
 64320 | D:5      | 64320 ||| FLEEEEING.
 64340 | D:5      | 64340 ||| FLEEEEING.
 64360 | D:5      | 64360 ||| FLEEEEING.
 64380 | D:5      | 64380 ||| FLEEEEING.
 64400 | D:5      | 64400 ||| FLEEEEING.
 64401 | D:5      | Glimpsed the power of Zot.
 64420 | D:5      | 64420 ||| FLEEEEING.
 64440 | D:5      | 64440 ||| FLEEEEING.
 64460 | D:5      | 64460 ||| FLEEEEING.
 64480 | D:5      | 64480 ||| FLEEEEING.
 64500 | D:5      | 64500 ||| FLEEEEING.
 64520 | D:5      | 64520 ||| FLEEEEING.
 64540 | D:5      | 64540 ||| FLEEEEING.
 64560 | D:5      | 64560 ||| FLEEEEING.
 64580 | D:5      | 64580 ||| FLEEEEING.
 64600 | D:5      | 64600 ||| FLEEEEING.
 64620 | D:5      | 64620 ||| FLEEEEING.
 64640 | D:5      | 64640 ||| FLEEEEING.
 64660 | D:5      | 64660 ||| FLEEEEING.
 64680 | D:5      | 64680 ||| FLEEEEING.
 64700 | D:5      | 64700 ||| FLEEEEING.
 64720 | D:5      | 64720 ||| FLEEEEING.
 64740 | D:5      | 64740 ||| FLEEEEING.
 64760 | D:5      | 64760 ||| FLEEEEING.
 64780 | D:5      | 64780 ||| FLEEEEING.
 64800 | D:5      | 64800 ||| FLEEEEING.
 64801 | D:5      | Glimpsed the power of Zot.
 64820 | D:5      | 64820 ||| FLEEEEING.
 64840 | D:5      | 64840 ||| FLEEEEING.
 64860 | D:5      | 64860 ||| FLEEEEING.
 64880 | D:5      | 64880 ||| FLEEEEING.
 64900 | D:5      | 64900 ||| FLEEEEING.
 64900 | D:5      | Touched by the power of Zot (MHP 1 -> 1)
 64901 | D:5      | Glimpsed the power of Zot.
 64920 | D:5      | 64920 ||| FLEEEEING.
 64940 | D:5      | 64940 ||| FLEEEEING.
 64960 | D:5      | 64960 ||| FLEEEEING.
 64980 | D:5      | 64980 ||| FLEEEEING.
 65000 | D:5      | 65000 ||| FLEEEEING.
 65020 | D:5      | 65020 ||| FLEEEEING.
 65040 | D:5      | 65040 ||| FLEEEEING.
 65060 | D:5      | 65060 ||| FLEEEEING.
 65080 | D:5      | 65080 ||| FLEEEEING.
 65100 | D:5      | 65100 ||| FLEEEEING.
 65120 | D:5      | 65120 ||| FLEEEEING.
 65140 | D:5      | 65140 ||| FLEEEEING.
 65160 | D:5      | 65160 ||| FLEEEEING.
 65180 | D:5      | 65180 ||| FLEEEEING.
 65200 | D:5      | 65200 ||| FLEEEEING.
 65220 | D:5      | 65220 ||| FLEEEEING.
 65240 | D:5      | 65240 ||| FLEEEEING.
 65260 | D:5      | 65260 ||| FLEEEEING.
 65280 | D:5      | 65280 ||| FLEEEEING.
 65300 | D:5      | 65300 ||| FLEEEEING.
 65320 | D:5      | 65320 ||| FLEEEEING.
 65340 | D:5      | 65340 ||| FLEEEEING.
 65360 | D:5      | 65360 ||| FLEEEEING.
 65380 | D:5      | 65380 ||| FLEEEEING.
 65400 | D:5      | 65400 ||| FLEEEEING.
 65401 | D:5      | Glimpsed the power of Zot.
 65420 | D:5      | 65420 ||| FLEEEEING.
 65440 | D:5      | 65440 ||| FLEEEEING.
 65460 | D:5      | 65460 ||| FLEEEEING.
 65480 | D:5      | 65480 ||| FLEEEEING.
 65500 | D:5      | 65500 ||| FLEEEEING.
 65520 | D:5      | 65520 ||| FLEEEEING.
 65540 | D:5      | 65540 ||| FLEEEEING.
 65560 | D:5      | 65560 ||| FLEEEEING.
 65580 | D:5      | 65580 ||| FLEEEEING.
 65600 | D:5      | 65600 ||| FLEEEEING.
 65620 | D:5      | 65620 ||| FLEEEEING.
 65640 | D:5      | 65640 ||| FLEEEEING.
 65660 | D:5      | 65660 ||| FLEEEEING.
 65680 | D:5      | 65680 ||| FLEEEEING.
 65700 | D:5      | 65700 ||| FLEEEEING.
 65720 | D:5      | 65720 ||| FLEEEEING.
 65740 | D:5      | 65740 ||| FLEEEEING.
 65760 | D:5      | 65760 ||| FLEEEEING.
 65780 | D:5      | 65780 ||| FLEEEEING.
 65800 | D:5      | 65800 ||| FLEEEEING.
 65801 | D:5      | Glimpsed the power of Zot.
 65820 | D:5      | 65820 ||| FLEEEEING.
 65840 | D:5      | 65840 ||| FLEEEEING.
 65860 | D:5      | 65860 ||| FLEEEEING.
 65880 | D:5      | 65880 ||| FLEEEEING.
 65900 | D:5      | 65900 ||| FLEEEEING.
 65900 | D:5      | Touched by the power of Zot (MHP 1 -> 1)
 65901 | D:5      | Glimpsed the power of Zot.
 65920 | D:5      | 65920 ||| FLEEEEING.
 65940 | D:5      | 65940 ||| FLEEEEING.
 65960 | D:5      | 65960 ||| FLEEEEING.
 65980 | D:5      | 65980 ||| FLEEEEING.
 66000 | D:5      | 66000 ||| FLEEEEING.
 66020 | D:5      | 66020 ||| FLEEEEING.
 66040 | D:5      | 66040 ||| FLEEEEING.
 66060 | D:5      | 66060 ||| FLEEEEING.
 66080 | D:5      | 66080 ||| FLEEEEING.
 66100 | D:5      | 66100 ||| FLEEEEING.
 66120 | D:5      | 66120 ||| FLEEEEING.
 66140 | D:5      | 66140 ||| FLEEEEING.
 66160 | D:5      | 66160 ||| FLEEEEING.
 66180 | D:5      | 66180 ||| FLEEEEING.
 66200 | D:5      | 66200 ||| FLEEEEING.
 66220 | D:5      | 66220 ||| FLEEEEING.
 66240 | D:5      | 66240 ||| FLEEEEING.
 66260 | D:5      | 66260 ||| FLEEEEING.
 66280 | D:5      | 66280 ||| FLEEEEING.
 66300 | D:5      | 66300 ||| FLEEEEING.
 66320 | D:5      | 66320 ||| FLEEEEING.
 66340 | D:5      | 66340 ||| FLEEEEING.
 66360 | D:5      | 66360 ||| FLEEEEING.
 66380 | D:5      | 66380 ||| FLEEEEING.
 66400 | D:5      | 66400 ||| FLEEEEING.
 66401 | D:5      | Glimpsed the power of Zot.
 66420 | D:5      | 66420 ||| FLEEEEING.
 66440 | D:5      | 66440 ||| FLEEEEING.
 66460 | D:5      | 66460 ||| FLEEEEING.
 66480 | D:5      | 66480 ||| FLEEEEING.
 66500 | D:5      | 66500 ||| FLEEEEING.
 66520 | D:5      | 66520 ||| FLEEEEING.
 66540 | D:5      | 66540 ||| FLEEEEING.
 66560 | D:5      | 66560 ||| FLEEEEING.
 66580 | D:5      | 66580 ||| FLEEEEING.
 66600 | D:5      | 66600 ||| FLEEEEING.
 66620 | D:5      | 66620 ||| FLEEEEING.
 66640 | D:5      | 66640 ||| FLEEEEING.
 66660 | D:5      | 66660 ||| FLEEEEING.
 66680 | D:5      | 66680 ||| FLEEEEING.
 66700 | D:5      | 66700 ||| FLEEEEING.
 66720 | D:5      | 66720 ||| FLEEEEING.
 66740 | D:5      | 66740 ||| FLEEEEING.
 66760 | D:5      | 66760 ||| FLEEEEING.
 66780 | D:5      | 66780 ||| FLEEEEING.
 66800 | D:5      | 66800 ||| FLEEEEING.
 66801 | D:5      | Glimpsed the power of Zot.
 66820 | D:5      | 66820 ||| FLEEEEING.
 66840 | D:5      | 66840 ||| FLEEEEING.
 66860 | D:5      | 66860 ||| FLEEEEING.
 66880 | D:5      | 66880 ||| FLEEEEING.
 66900 | D:5      | 66900 ||| FLEEEEING.
 66900 | D:5      | Touched by the power of Zot (MHP 1 -> 1)
 66901 | D:5      | Glimpsed the power of Zot.
 66920 | D:5      | 66920 ||| FLEEEEING.
 66940 | D:5      | 66940 ||| FLEEEEING.
 66960 | D:5      | 66960 ||| FLEEEEING.
 66980 | D:5      | 66980 ||| FLEEEEING.
 67000 | D:5      | 67000 ||| FLEEEEING.
 67020 | D:5      | 67020 ||| FLEEEEING.
 67040 | D:5      | 67040 ||| FLEEEEING.
 67060 | D:5      | 67060 ||| FLEEEEING.
 67080 | D:5      | 67080 ||| FLEEEEING.
 67100 | D:5      | 67100 ||| FLEEEEING.
 67120 | D:5      | 67120 ||| FLEEEEING.
 67140 | D:5      | 67140 ||| FLEEEEING.
 67160 | D:5      | 67160 ||| FLEEEEING.
 67180 | D:5      | 67180 ||| FLEEEEING.
 67200 | D:5      | 67200 ||| FLEEEEING.
 67220 | D:5      | 67220 ||| FLEEEEING.
 67240 | D:5      | 67240 ||| FLEEEEING.
 67260 | D:5      | 67260 ||| FLEEEEING.
 67280 | D:5      | 67280 ||| FLEEEEING.
 67300 | D:5      | 67300 ||| FLEEEEING.
 67320 | D:5      | 67320 ||| FLEEEEING.
 67340 | D:5      | 67340 ||| FLEEEEING.
 67360 | D:5      | 67360 ||| FLEEEEING.
 67380 | D:5      | 67380 ||| FLEEEEING.
 67400 | D:5      | 67400 ||| FLEEEEING.
 67401 | D:5      | Glimpsed the power of Zot.
 67420 | D:5      | 67420 ||| FLEEEEING.
 67440 | D:5      | 67440 ||| FLEEEEING.
 67460 | D:5      | 67460 ||| FLEEEEING.
 67480 | D:5      | 67480 ||| FLEEEEING.
 67500 | D:5      | 67500 ||| FLEEEEING.
 67520 | D:5      | 67520 ||| FLEEEEING.
 67540 | D:5      | 67540 ||| FLEEEEING.
 67560 | D:5      | 67560 ||| FLEEEEING.
 67580 | D:5      | 67580 ||| FLEEEEING.
 67600 | D:5      | 67600 ||| FLEEEEING.
 67620 | D:5      | 67620 ||| FLEEEEING.
 67640 | D:5      | 67640 ||| FLEEEEING.
 67660 | D:5      | 67660 ||| FLEEEEING.
 67680 | D:5      | 67680 ||| FLEEEEING.
 67700 | D:5      | 67700 ||| FLEEEEING.
 67720 | D:5      | 67720 ||| FLEEEEING.
 67740 | D:5      | 67740 ||| FLEEEEING.
 67760 | D:5      | 67760 ||| FLEEEEING.
 67780 | D:5      | 67780 ||| FLEEEEING.
 67800 | D:5      | 67800 ||| FLEEEEING.
 67801 | D:5      | Glimpsed the power of Zot.
 67820 | D:5      | 67820 ||| FLEEEEING.
 67840 | D:5      | 67840 ||| FLEEEEING.
 67860 | D:5      | 67860 ||| FLEEEEING.
 67880 | D:5      | 67880 ||| FLEEEEING.
 67900 | D:5      | 67900 ||| FLEEEEING.
 67900 | D:5      | Touched by the power of Zot (MHP 1 -> 1)
 67901 | D:5      | Glimpsed the power of Zot.
 67920 | D:5      | 67920 ||| FLEEEEING.
 67940 | D:5      | 67940 ||| FLEEEEING.
 67960 | D:5      | 67960 ||| FLEEEEING.
 67980 | D:5      | 67980 ||| FLEEEEING.
 68000 | D:5      | 68000 ||| FLEEEEING.
 68020 | D:5      | 68020 ||| FLEEEEING.
 68040 | D:5      | 68040 ||| FLEEEEING.
 68060 | D:5      | 68060 ||| FLEEEEING.
 68080 | D:5      | 68080 ||| FLEEEEING.
 68100 | D:5      | 68100 ||| FLEEEEING.
 68120 | D:5      | 68120 ||| FLEEEEING.
 68140 | D:5      | 68140 ||| FLEEEEING.
 68160 | D:5      | 68160 ||| FLEEEEING.
 68180 | D:5      | 68180 ||| FLEEEEING.
 68200 | D:5      | 68200 ||| FLEEEEING.
 68220 | D:5      | 68220 ||| FLEEEEING.
 68240 | D:5      | 68240 ||| FLEEEEING.
 68260 | D:5      | 68260 ||| FLEEEEING.
 68280 | D:5      | 68280 ||| FLEEEEING.
 68300 | D:5      | 68300 ||| FLEEEEING.
 68320 | D:5      | 68320 ||| FLEEEEING.
 68340 | D:5      | 68340 ||| FLEEEEING.
 68360 | D:5      | 68360 ||| FLEEEEING.
 68380 | D:5      | 68380 ||| FLEEEEING.
 68400 | D:5      | 68400 ||| FLEEEEING.
 68401 | D:5      | Glimpsed the power of Zot.
 68420 | D:5      | 68420 ||| FLEEEEING.
 68440 | D:5      | 68440 ||| FLEEEEING.
 68460 | D:5      | 68460 ||| FLEEEEING.
 68480 | D:5      | 68480 ||| FLEEEEING.
 68500 | D:5      | 68500 ||| FLEEEEING.
 68520 | D:5      | 68520 ||| FLEEEEING.
 68540 | D:5      | 68540 ||| FLEEEEING.
 68560 | D:5      | 68560 ||| FLEEEEING.
 68580 | D:5      | 68580 ||| FLEEEEING.
 68600 | D:5      | 68600 ||| FLEEEEING.
 68620 | D:5      | 68620 ||| FLEEEEING.
 68640 | D:5      | 68640 ||| FLEEEEING.
 68660 | D:5      | 68660 ||| FLEEEEING.
 68680 | D:5      | 68680 ||| FLEEEEING.
 68700 | D:5      | 68700 ||| FLEEEEING.
 68720 | D:5      | 68720 ||| FLEEEEING.
 68740 | D:5      | 68740 ||| FLEEEEING.
 68760 | D:5      | 68760 ||| FLEEEEING.
 68780 | D:5      | 68780 ||| FLEEEEING.
 68800 | D:5      | 68800 ||| FLEEEEING.
 68801 | D:5      | Glimpsed the power of Zot.
 68820 | D:5      | 68820 ||| FLEEEEING.
 68840 | D:5      | 68840 ||| FLEEEEING.
 68860 | D:5      | 68860 ||| FLEEEEING.
 68880 | D:5      | 68880 ||| FLEEEEING.
 68900 | D:5      | 68900 ||| FLEEEEING.
 68900 | D:5      | Touched by the power of Zot (MHP 1 -> 1)
 68901 | D:5      | Glimpsed the power of Zot.
 68920 | D:5      | 68920 ||| FLEEEEING.
 68940 | D:5      | 68940 ||| FLEEEEING.
 68960 | D:5      | 68960 ||| FLEEEEING.
 68980 | D:5      | 68980 ||| FLEEEEING.
 69000 | D:5      | 69000 ||| FLEEEEING.
 69020 | D:5      | 69020 ||| FLEEEEING.
 69040 | D:5      | 69040 ||| FLEEEEING.
 69060 | D:5      | 69060 ||| FLEEEEING.
 69080 | D:5      | 69080 ||| FLEEEEING.
 69100 | D:5      | 69100 ||| FLEEEEING.
 69120 | D:5      | 69120 ||| FLEEEEING.
 69140 | D:5      | 69140 ||| FLEEEEING.
 69160 | D:5      | 69160 ||| FLEEEEING.
 69180 | D:5      | 69180 ||| FLEEEEING.
 69200 | D:5      | 69200 ||| FLEEEEING.
 69220 | D:5      | 69220 ||| FLEEEEING.
 69240 | D:5      | 69240 ||| FLEEEEING.
 69260 | D:5      | 69260 ||| FLEEEEING.
 69280 | D:5      | 69280 ||| FLEEEEING.
 69300 | D:5      | 69300 ||| FLEEEEING.
 69320 | D:5      | 69320 ||| FLEEEEING.
 69340 | D:5      | 69340 ||| FLEEEEING.
 69360 | D:5      | 69360 ||| FLEEEEING.
 69380 | D:5      | 69380 ||| FLEEEEING.
 69400 | D:5      | 69400 ||| FLEEEEING.
 69401 | D:5      | Glimpsed the power of Zot.
 69420 | D:5      | 69420 ||| FLEEEEING.
 69440 | D:5      | 69440 ||| FLEEEEING.
 69460 | D:5      | 69460 ||| FLEEEEING.
 69480 | D:5      | 69480 ||| FLEEEEING.
 69500 | D:5      | 69500 ||| FLEEEEING.
 69520 | D:5      | 69520 ||| FLEEEEING.
 69540 | D:5      | 69540 ||| FLEEEEING.
 69560 | D:5      | 69560 ||| FLEEEEING.
 69580 | D:5      | 69580 ||| FLEEEEING.
 69600 | D:5      | 69600 ||| FLEEEEING.
 69620 | D:5      | 69620 ||| FLEEEEING.
 69640 | D:5      | 69640 ||| FLEEEEING.
 69660 | D:5      | 69660 ||| FLEEEEING.
 69680 | D:5      | 69680 ||| FLEEEEING.
 69700 | D:5      | 69700 ||| FLEEEEING.
 69720 | D:5      | 69720 ||| FLEEEEING.
 69740 | D:5      | 69740 ||| FLEEEEING.
 69760 | D:5      | 69760 ||| FLEEEEING.
 69780 | D:5      | 69780 ||| FLEEEEING.
 69800 | D:5      | 69800 ||| FLEEEEING.
 69801 | D:5      | Glimpsed the power of Zot.
 69820 | D:5      | 69820 ||| FLEEEEING.
 69840 | D:5      | 69840 ||| FLEEEEING.
 69860 | D:5      | 69860 ||| FLEEEEING.
 69880 | D:5      | 69880 ||| FLEEEEING.
 69900 | D:5      | 69900 ||| FLEEEEING.
 69900 | D:5      | Touched by the power of Zot (MHP 1 -> 1)
 69901 | D:5      | Glimpsed the power of Zot.
 69920 | D:5      | 69920 ||| FLEEEEING.
 69940 | D:5      | 69940 ||| FLEEEEING.
 69960 | D:5      | 69960 ||| FLEEEEING.
 69980 | D:5      | 69980 ||| FLEEEEING.
 70000 | D:5      | 70000 ||| FLEEEEING.
 70020 | D:5      | 70020 ||| FLEEEEING.
 70040 | D:5      | 70040 ||| FLEEEEING.
 70060 | D:5      | 70060 ||| FLEEEEING.
 70080 | D:5      | 70080 ||| FLEEEEING.
 70100 | D:5      | 70100 ||| FLEEEEING.
 70120 | D:5      | 70120 ||| FLEEEEING.
 70140 | D:5      | 70140 ||| FLEEEEING.
 70160 | D:5      | 70160 ||| FLEEEEING.
 70180 | D:5      | 70180 ||| FLEEEEING.
 70200 | D:5      | 70200 ||| FLEEEEING.
 70220 | D:5      | 70220 ||| FLEEEEING.
 70240 | D:5      | 70240 ||| FLEEEEING.
 70260 | D:5      | 70260 ||| FLEEEEING.
 70280 | D:5      | 70280 ||| FLEEEEING.
 70300 | D:5      | 70300 ||| FLEEEEING.
 70320 | D:5      | 70320 ||| FLEEEEING.
 70340 | D:5      | 70340 ||| FLEEEEING.
 70360 | D:5      | 70360 ||| FLEEEEING.
 70380 | D:5      | 70380 ||| FLEEEEING.
 70400 | D:5      | 70400 ||| FLEEEEING.
 70401 | D:5      | Glimpsed the power of Zot.
 70420 | D:5      | 70420 ||| FLEEEEING.
 70440 | D:5      | 70440 ||| FLEEEEING.
 70460 | D:5      | 70460 ||| FLEEEEING.
 70480 | D:5      | 70480 ||| FLEEEEING.
 70500 | D:5      | 70500 ||| FLEEEEING.
 70520 | D:5      | 70520 ||| FLEEEEING.
 70540 | D:5      | 70540 ||| FLEEEEING.
 70560 | D:5      | 70560 ||| FLEEEEING.
 70580 | D:5      | 70580 ||| FLEEEEING.
 70600 | D:5      | 70600 ||| FLEEEEING.
 70620 | D:5      | 70620 ||| FLEEEEING.
 70640 | D:5      | 70640 ||| FLEEEEING.
 70660 | D:5      | 70660 ||| FLEEEEING.
 70680 | D:5      | 70680 ||| FLEEEEING.
 70700 | D:5      | 70700 ||| FLEEEEING.
 70720 | D:5      | 70720 ||| FLEEEEING.
 70740 | D:5      | 70740 ||| FLEEEEING.
 70760 | D:5      | 70760 ||| FLEEEEING.
 70780 | D:5      | 70780 ||| FLEEEEING.
 70800 | D:5      | 70800 ||| FLEEEEING.
 70801 | D:5      | Glimpsed the power of Zot.
 70820 | D:5      | 70820 ||| FLEEEEING.
 70840 | D:5      | 70840 ||| FLEEEEING.
 70860 | D:5      | 70860 ||| FLEEEEING.
 70880 | D:5      | 70880 ||| FLEEEEING.
 70900 | D:5      | 70900 ||| FLEEEEING.
 70900 | D:5      | Touched by the power of Zot (MHP 1 -> 1)
 70901 | D:5      | Glimpsed the power of Zot.
 70920 | D:5      | 70920 ||| FLEEEEING.
 70940 | D:5      | 70940 ||| FLEEEEING.
 70960 | D:5      | 70960 ||| FLEEEEING.
 70980 | D:5      | 70980 ||| FLEEEEING.
 71000 | D:5      | 71000 ||| FLEEEEING.
 71020 | D:5      | 71020 ||| FLEEEEING.
 71040 | D:5      | 71040 ||| FLEEEEING.
 71060 | D:5      | 71060 ||| FLEEEEING.
 71080 | D:5      | 71080 ||| FLEEEEING.
 71100 | D:5      | 71100 ||| FLEEEEING.
 71120 | D:5      | 71120 ||| FLEEEEING.
 71140 | D:5      | 71140 ||| FLEEEEING.
 71160 | D:5      | 71160 ||| FLEEEEING.
 71180 | D:5      | 71180 ||| FLEEEEING.
 71200 | D:5      | 71200 ||| FLEEEEING.
 71220 | D:5      | 71220 ||| FLEEEEING.
 71240 | D:5      | 71240 ||| FLEEEEING.
 71260 | D:5      | 71260 ||| FLEEEEING.
 71280 | D:5      | 71280 ||| FLEEEEING.
 71300 | D:5      | 71300 ||| FLEEEEING.
 71320 | D:5      | 71320 ||| FLEEEEING.
 71340 | D:5      | 71340 ||| FLEEEEING.
 71360 | D:5      | 71360 ||| FLEEEEING.
 71380 | D:5      | 71380 ||| FLEEEEING.
 71400 | D:5      | 71400 ||| FLEEEEING.
 71401 | D:5      | Glimpsed the power of Zot.
 71420 | D:5      | 71420 ||| FLEEEEING.
 71440 | D:5      | 71440 ||| FLEEEEING.
 71460 | D:5      | 71460 ||| FLEEEEING.
 71480 | D:5      | 71480 ||| FLEEEEING.
 71500 | D:5      | 71500 ||| FLEEEEING.
 71520 | D:5      | 71520 ||| FLEEEEING.
 71540 | D:5      | 71540 ||| FLEEEEING.
 71560 | D:5      | 71560 ||| FLEEEEING.
 71580 | D:5      | 71580 ||| FLEEEEING.
 71600 | D:5      | 71600 ||| FLEEEEING.
 71620 | D:5      | 71620 ||| FLEEEEING.
 71640 | D:5      | 71640 ||| FLEEEEING.
 71660 | D:5      | 71660 ||| FLEEEEING.
 71680 | D:5      | 71680 ||| FLEEEEING.
 71700 | D:5      | 71700 ||| FLEEEEING.
 71720 | D:5      | 71720 ||| FLEEEEING.
 71740 | D:5      | 71740 ||| FLEEEEING.
 71760 | D:5      | 71760 ||| FLEEEEING.
 71780 | D:5      | 71780 ||| FLEEEEING.
 71800 | D:5      | 71800 ||| FLEEEEING.
 71801 | D:5      | Glimpsed the power of Zot.
 71820 | D:5      | 71820 ||| FLEEEEING.
 71840 | D:5      | 71840 ||| FLEEEEING.
 71860 | D:5      | 71860 ||| FLEEEEING.
 71880 | D:5      | 71880 ||| FLEEEEING.
 71900 | D:5      | 71900 ||| FLEEEEING.
 71900 | D:5      | Touched by the power of Zot (MHP 1 -> 1)
 71901 | D:5      | Glimpsed the power of Zot.
 71920 | D:5      | 71920 ||| FLEEEEING.
 71940 | D:5      | 71940 ||| FLEEEEING.
 71960 | D:5      | 71960 ||| FLEEEEING.
 71980 | D:5      | 71980 ||| FLEEEEING.
 72000 | D:5      | 72000 ||| FLEEEEING.
 72020 | D:5      | 72020 ||| FLEEEEING.
 72040 | D:5      | 72040 ||| FLEEEEING.
 72060 | D:5      | 72060 ||| FLEEEEING.
 72080 | D:5      | 72080 ||| FLEEEEING.
 72100 | D:5      | 72100 ||| FLEEEEING.
 72120 | D:5      | 72120 ||| FLEEEEING.
 72140 | D:5      | 72140 ||| FLEEEEING.
 72160 | D:5      | 72160 ||| FLEEEEING.
 72180 | D:5      | 72180 ||| FLEEEEING.
 72200 | D:5      | 72200 ||| FLEEEEING.
 72220 | D:5      | 72220 ||| FLEEEEING.
 72240 | D:5      | 72240 ||| FLEEEEING.
 72260 | D:5      | 72260 ||| FLEEEEING.
 72280 | D:5      | 72280 ||| FLEEEEING.
 72300 | D:5      | 72300 ||| FLEEEEING.
 72320 | D:5      | 72320 ||| FLEEEEING.
 72340 | D:5      | 72340 ||| FLEEEEING.
 72360 | D:5      | 72360 ||| FLEEEEING.
 72380 | D:5      | 72380 ||| FLEEEEING.
 72400 | D:5      | 72400 ||| FLEEEEING.
 72401 | D:5      | Glimpsed the power of Zot.
 72420 | D:5      | 72420 ||| FLEEEEING.
 72440 | D:5      | 72440 ||| FLEEEEING.
 72460 | D:5      | 72460 ||| FLEEEEING.
 72480 | D:5      | 72480 ||| FLEEEEING.
 72500 | D:5      | 72500 ||| FLEEEEING.
 72520 | D:5      | 72520 ||| FLEEEEING.
 72540 | D:5      | 72540 ||| FLEEEEING.
 72560 | D:5      | 72560 ||| FLEEEEING.
 72580 | D:5      | 72580 ||| FLEEEEING.
 72600 | D:5      | 72600 ||| FLEEEEING.
 72620 | D:5      | 72620 ||| FLEEEEING.
 72640 | D:5      | 72640 ||| FLEEEEING.
 72660 | D:5      | 72660 ||| FLEEEEING.
 72680 | D:5      | 72680 ||| FLEEEEING.
 72700 | D:5      | 72700 ||| FLEEEEING.
 72720 | D:5      | 72720 ||| FLEEEEING.
 72740 | D:5      | 72740 ||| FLEEEEING.
 72760 | D:5      | 72760 ||| FLEEEEING.
 72780 | D:5      | 72780 ||| FLEEEEING.
 72800 | D:5      | 72800 ||| FLEEEEING.
 72801 | D:5      | Glimpsed the power of Zot.
 72820 | D:5      | 72820 ||| FLEEEEING.
 72840 | D:5      | 72840 ||| FLEEEEING.
 72860 | D:5      | 72860 ||| FLEEEEING.
 72880 | D:5      | 72880 ||| FLEEEEING.
 72900 | D:5      | 72900 ||| FLEEEEING.
 72900 | D:5      | Touched by the power of Zot (MHP 1 -> 1)
 72901 | D:5      | Glimpsed the power of Zot.
 72920 | D:5      | 72920 ||| FLEEEEING.
 72940 | D:5      | 72940 ||| FLEEEEING.
 72960 | D:5      | 72960 ||| FLEEEEING.
 72980 | D:5      | 72980 ||| FLEEEEING.
 73000 | D:5      | 73000 ||| FLEEEEING.
 73020 | D:5      | 73020 ||| FLEEEEING.
 73040 | D:5      | 73040 ||| FLEEEEING.
 73060 | D:5      | 73060 ||| FLEEEEING.
 73080 | D:5      | 73080 ||| FLEEEEING.
 73100 | D:5      | 73100 ||| FLEEEEING.
 73120 | D:5      | 73120 ||| FLEEEEING.
 73140 | D:5      | 73140 ||| FLEEEEING.
 73160 | D:5      | 73160 ||| FLEEEEING.
 73180 | D:5      | 73180 ||| FLEEEEING.
 73200 | D:5      | 73200 ||| FLEEEEING.
 73220 | D:5      | 73220 ||| FLEEEEING.
 73240 | D:5      | 73240 ||| FLEEEEING.
 73260 | D:5      | 73260 ||| FLEEEEING.
 73280 | D:5      | 73280 ||| FLEEEEING.
 73300 | D:5      | 73300 ||| FLEEEEING.
 73320 | D:5      | 73320 ||| FLEEEEING.
 73340 | D:5      | 73340 ||| FLEEEEING.
 73360 | D:5      | 73360 ||| FLEEEEING.
 73380 | D:5      | 73380 ||| FLEEEEING.
 73400 | D:5      | 73400 ||| FLEEEEING.
 73401 | D:5      | Glimpsed the power of Zot.
 73420 | D:5      | 73420 ||| FLEEEEING.
 73440 | D:5      | 73440 ||| FLEEEEING.
 73460 | D:5      | 73460 ||| FLEEEEING.
 73480 | D:5      | 73480 ||| FLEEEEING.
 73500 | D:5      | 73500 ||| FLEEEEING.
 73520 | D:5      | 73520 ||| FLEEEEING.
 73540 | D:5      | 73540 ||| FLEEEEING.
 73560 | D:5      | 73560 ||| FLEEEEING.
 73580 | D:5      | 73580 ||| FLEEEEING.
 73600 | D:5      | 73600 ||| FLEEEEING.
 73620 | D:5      | 73620 ||| FLEEEEING.
 73640 | D:5      | 73640 ||| FLEEEEING.
 73660 | D:5      | 73660 ||| FLEEEEING.
 73680 | D:5      | 73680 ||| FLEEEEING.
 73700 | D:5      | 73700 ||| FLEEEEING.
 73720 | D:5      | 73720 ||| FLEEEEING.
 73740 | D:5      | 73740 ||| FLEEEEING.
 73760 | D:5      | 73760 ||| FLEEEEING.
 73780 | D:5      | 73780 ||| FLEEEEING.
 73800 | D:5      | 73800 ||| FLEEEEING.
 73801 | D:5      | Glimpsed the power of Zot.
 73820 | D:5      | 73820 ||| FLEEEEING.
 73840 | D:5      | 73840 ||| FLEEEEING.
 73860 | D:5      | 73860 ||| FLEEEEING.
 73880 | D:5      | 73880 ||| FLEEEEING.
 73900 | D:5      | 73900 ||| FLEEEEING.
 73900 | D:5      | Touched by the power of Zot (MHP 1 -> 1)
 73901 | D:5      | Glimpsed the power of Zot.
 73920 | D:5      | 73920 ||| FLEEEEING.
 73940 | D:5      | 73940 ||| FLEEEEING.
 73960 | D:5      | 73960 ||| FLEEEEING.
 73980 | D:5      | 73980 ||| FLEEEEING.
 74000 | D:5      | 74000 ||| FLEEEEING.
 74020 | D:5      | 74020 ||| FLEEEEING.
 74040 | D:5      | 74040 ||| FLEEEEING.
 74060 | D:5      | 74060 ||| FLEEEEING.
 74080 | D:5      | 74080 ||| FLEEEEING.
 74100 | D:5      | 74100 ||| FLEEEEING.
 74120 | D:5      | 74120 ||| FLEEEEING.
 74140 | D:5      | 74140 ||| FLEEEEING.
 74160 | D:5      | 74160 ||| FLEEEEING.
 74180 | D:5      | 74180 ||| FLEEEEING.
 74200 | D:5      | 74200 ||| FLEEEEING.
 74220 | D:5      | 74220 ||| FLEEEEING.
 74240 | D:5      | 74240 ||| FLEEEEING.
 74260 | D:5      | 74260 ||| FLEEEEING.
 74280 | D:5      | 74280 ||| FLEEEEING.
 74300 | D:5      | 74300 ||| FLEEEEING.
 74320 | D:5      | 74320 ||| FLEEEEING.
 74340 | D:5      | 74340 ||| FLEEEEING.
 74360 | D:5      | 74360 ||| FLEEEEING.
 74380 | D:5      | 74380 ||| FLEEEEING.
 74400 | D:5      | 74400 ||| FLEEEEING.
 74401 | D:5      | Glimpsed the power of Zot.
 74420 | D:5      | 74420 ||| FLEEEEING.
 74440 | D:5      | 74440 ||| FLEEEEING.
 74460 | D:5      | 74460 ||| FLEEEEING.
 74480 | D:5      | 74480 ||| FLEEEEING.
 74500 | D:5      | 74500 ||| FLEEEEING.
 74520 | D:5      | 74520 ||| FLEEEEING.
 74540 | D:5      | 74540 ||| FLEEEEING.
 74560 | D:5      | 74560 ||| FLEEEEING.
 74580 | D:5      | 74580 ||| FLEEEEING.
 74600 | D:5      | 74600 ||| FLEEEEING.
 74620 | D:5      | 74620 ||| FLEEEEING.
 74640 | D:5      | 74640 ||| FLEEEEING.
 74660 | D:5      | 74660 ||| FLEEEEING.
 74680 | D:5      | 74680 ||| FLEEEEING.
 74700 | D:5      | 74700 ||| FLEEEEING.
 74720 | D:5      | 74720 ||| FLEEEEING.
 74740 | D:5      | 74740 ||| FLEEEEING.
 74760 | D:5      | 74760 ||| FLEEEEING.
 74780 | D:5      | 74780 ||| FLEEEEING.
 74800 | D:5      | 74800 ||| FLEEEEING.
 74801 | D:5      | Glimpsed the power of Zot.
 74820 | D:5      | 74820 ||| FLEEEEING.
 74840 | D:5      | 74840 ||| FLEEEEING.
 74860 | D:5      | 74860 ||| FLEEEEING.
 74880 | D:5      | 74880 ||| FLEEEEING.
 74900 | D:5      | 74900 ||| FLEEEEING.
 74900 | D:5      | Touched by the power of Zot (MHP 1 -> 1)
 74901 | D:5      | Glimpsed the power of Zot.
 74920 | D:5      | 74920 ||| FLEEEEING.
 74940 | D:5      | 74940 ||| FLEEEEING.
 74960 | D:5      | 74960 ||| FLEEEEING.
 74980 | D:5      | 74980 ||| FLEEEEING.
 75000 | D:5      | 75000 ||| FLEEEEING.
 75020 | D:5      | 75020 ||| FLEEEEING.
 75040 | D:5      | 75040 ||| FLEEEEING.
 75060 | D:5      | 75060 ||| FLEEEEING.
 75080 | D:5      | 75080 ||| FLEEEEING.
 75100 | D:5      | 75100 ||| FLEEEEING.
 75120 | D:5      | 75120 ||| FLEEEEING.
 75140 | D:5      | 75140 ||| FLEEEEING.
 75160 | D:5      | 75160 ||| FLEEEEING.
 75180 | D:5      | 75180 ||| FLEEEEING.
 75200 | D:5      | 75200 ||| FLEEEEING.
 75220 | D:5      | 75220 ||| FLEEEEING.
 75240 | D:5      | 75240 ||| FLEEEEING.
 75260 | D:5      | 75260 ||| FLEEEEING.
 75280 | D:5      | 75280 ||| FLEEEEING.
 75300 | D:5      | 75300 ||| FLEEEEING.
 75320 | D:5      | 75320 ||| FLEEEEING.
 75340 | D:5      | 75340 ||| FLEEEEING.
 75360 | D:5      | 75360 ||| FLEEEEING.
 75380 | D:5      | 75380 ||| FLEEEEING.
 75400 | D:5      | 75400 ||| FLEEEEING.
 75401 | D:5      | Glimpsed the power of Zot.
 75420 | D:5      | 75420 ||| FLEEEEING.
 75440 | D:5      | 75440 ||| FLEEEEING.
 75460 | D:5      | 75460 ||| FLEEEEING.
 75480 | D:5      | 75480 ||| FLEEEEING.
 75500 | D:5      | 75500 ||| FLEEEEING.
 75520 | D:5      | 75520 ||| FLEEEEING.
 75540 | D:5      | 75540 ||| FLEEEEING.
 75560 | D:5      | 75560 ||| FLEEEEING.
 75580 | D:5      | 75580 ||| FLEEEEING.
 75600 | D:5      | 75600 ||| FLEEEEING.
 75620 | D:5      | 75620 ||| FLEEEEING.
 75640 | D:5      | 75640 ||| FLEEEEING.
 75660 | D:5      | 75660 ||| FLEEEEING.
 75680 | D:5      | 75680 ||| FLEEEEING.
 75700 | D:5      | 75700 ||| FLEEEEING.
 75720 | D:5      | 75720 ||| FLEEEEING.
 75740 | D:5      | 75740 ||| FLEEEEING.
 75760 | D:5      | 75760 ||| FLEEEEING.
 75780 | D:5      | 75780 ||| FLEEEEING.
 75800 | D:5      | 75800 ||| FLEEEEING.
 75801 | D:5      | Glimpsed the power of Zot.
 75820 | D:5      | 75820 ||| FLEEEEING.
 75840 | D:5      | 75840 ||| FLEEEEING.
 75860 | D:5      | 75860 ||| FLEEEEING.
 75880 | D:5      | 75880 ||| FLEEEEING.
 75900 | D:5      | 75900 ||| FLEEEEING.
 75900 | D:5      | Touched by the power of Zot (MHP 1 -> 1)
 75901 | D:5      | Glimpsed the power of Zot.
 75920 | D:5      | 75920 ||| FLEEEEING.
 75940 | D:5      | 75940 ||| FLEEEEING.
 75960 | D:5      | 75960 ||| FLEEEEING.
 75980 | D:5      | 75980 ||| FLEEEEING.
 76000 | D:5      | 76000 ||| FLEEEEING.
 76020 | D:5      | 76020 ||| FLEEEEING.
 76040 | D:5      | 76040 ||| FLEEEEING.
 76060 | D:5      | 76060 ||| FLEEEEING.
 76080 | D:5      | 76080 ||| FLEEEEING.
 76100 | D:5      | 76100 ||| FLEEEEING.
 76120 | D:5      | 76120 ||| FLEEEEING.
 76140 | D:5      | 76140 ||| FLEEEEING.
 76160 | D:5      | 76160 ||| FLEEEEING.
 76180 | D:5      | 76180 ||| FLEEEEING.
 76200 | D:5      | 76200 ||| FLEEEEING.
 76220 | D:5      | 76220 ||| FLEEEEING.
 76240 | D:5      | 76240 ||| FLEEEEING.
 76260 | D:5      | 76260 ||| FLEEEEING.
 76280 | D:5      | 76280 ||| FLEEEEING.
 76300 | D:5      | 76300 ||| FLEEEEING.
 76320 | D:5      | 76320 ||| FLEEEEING.
 76340 | D:5      | 76340 ||| FLEEEEING.
 76360 | D:5      | 76360 ||| FLEEEEING.
 76380 | D:5      | 76380 ||| FLEEEEING.
 76400 | D:5      | 76400 ||| FLEEEEING.
 76401 | D:5      | Glimpsed the power of Zot.
 76420 | D:5      | 76420 ||| FLEEEEING.
 76440 | D:5      | 76440 ||| FLEEEEING.
 76460 | D:5      | 76460 ||| FLEEEEING.
 76480 | D:5      | 76480 ||| FLEEEEING.
 76500 | D:5      | 76500 ||| FLEEEEING.
 76520 | D:5      | 76520 ||| FLEEEEING.
 76540 | D:5      | 76540 ||| FLEEEEING.
 76560 | D:5      | 76560 ||| FLEEEEING.
 76580 | D:5      | 76580 ||| FLEEEEING.
 76600 | D:5      | 76600 ||| FLEEEEING.
 76620 | D:5      | 76620 ||| FLEEEEING.
 76640 | D:5      | 76640 ||| FLEEEEING.
 76660 | D:5      | 76660 ||| FLEEEEING.
 76680 | D:5      | 76680 ||| FLEEEEING.
 76700 | D:5      | 76700 ||| FLEEEEING.
 76720 | D:5      | 76720 ||| FLEEEEING.
 76740 | D:5      | 76740 ||| FLEEEEING.
 76760 | D:5      | 76760 ||| FLEEEEING.
 76780 | D:5      | 76780 ||| FLEEEEING.
 76800 | D:5      | 76800 ||| FLEEEEING.
 76801 | D:5      | Glimpsed the power of Zot.
 76820 | D:5      | 76820 ||| FLEEEEING.
 76840 | D:5      | 76840 ||| FLEEEEING.
 76860 | D:5      | 76860 ||| FLEEEEING.
 76880 | D:5      | 76880 ||| FLEEEEING.
 76900 | D:5      | 76900 ||| FLEEEEING.
 76900 | D:5      | Touched by the power of Zot (MHP 1 -> 1)
 76901 | D:5      | Glimpsed the power of Zot.
 76920 | D:5      | 76920 ||| FLEEEEING.
 76940 | D:5      | 76940 ||| FLEEEEING.
 76960 | D:5      | 76960 ||| FLEEEEING.
 76980 | D:5      | 76980 ||| FLEEEEING.
 77000 | D:5      | 77000 ||| FLEEEEING.
 77020 | D:5      | 77020 ||| FLEEEEING.
 77040 | D:5      | 77040 ||| FLEEEEING.
 77060 | D:5      | 77060 ||| FLEEEEING.
 77080 | D:5      | 77080 ||| FLEEEEING.
 77100 | D:5      | 77100 ||| FLEEEEING.
 77120 | D:5      | 77120 ||| FLEEEEING.
 77140 | D:5      | 77140 ||| FLEEEEING.
 77160 | D:5      | 77160 ||| FLEEEEING.
 77180 | D:5      | 77180 ||| FLEEEEING.
 77200 | D:5      | 77200 ||| FLEEEEING.
 77220 | D:5      | 77220 ||| FLEEEEING.
 77240 | D:5      | 77240 ||| FLEEEEING.
 77260 | D:5      | 77260 ||| FLEEEEING.
 77280 | D:5      | 77280 ||| FLEEEEING.
 77300 | D:5      | 77300 ||| FLEEEEING.
 77320 | D:5      | 77320 ||| FLEEEEING.
 77340 | D:5      | 77340 ||| FLEEEEING.
 77360 | D:5      | 77360 ||| FLEEEEING.
 77380 | D:5      | 77380 ||| FLEEEEING.
 77400 | D:5      | 77400 ||| FLEEEEING.
 77401 | D:5      | Glimpsed the power of Zot.
 77420 | D:5      | 77420 ||| FLEEEEING.
 77440 | D:5      | 77440 ||| FLEEEEING.
 77460 | D:5      | 77460 ||| FLEEEEING.
 77480 | D:5      | 77480 ||| FLEEEEING.
 77500 | D:5      | 77500 ||| FLEEEEING.
 77520 | D:5      | 77520 ||| FLEEEEING.
 77540 | D:5      | 77540 ||| FLEEEEING.
 77560 | D:5      | 77560 ||| FLEEEEING.
 77580 | D:5      | 77580 ||| FLEEEEING.
 77600 | D:5      | 77600 ||| FLEEEEING.
 77620 | D:5      | 77620 ||| FLEEEEING.
 77640 | D:5      | 77640 ||| FLEEEEING.
 77660 | D:5      | 77660 ||| FLEEEEING.
 77680 | D:5      | 77680 ||| FLEEEEING.
 77700 | D:5      | 77700 ||| FLEEEEING.
 77720 | D:5      | 77720 ||| FLEEEEING.
 77740 | D:5      | 77740 ||| FLEEEEING.
 77760 | D:5      | 77760 ||| FLEEEEING.
 77780 | D:5      | 77780 ||| FLEEEEING.
 77800 | D:5      | 77800 ||| FLEEEEING.
 77801 | D:5      | Glimpsed the power of Zot.
 77820 | D:5      | 77820 ||| FLEEEEING.
 77840 | D:5      | 77840 ||| FLEEEEING.
 77860 | D:5      | 77860 ||| FLEEEEING.
 77880 | D:5      | 77880 ||| FLEEEEING.
 77900 | D:5      | 77900 ||| FLEEEEING.
 77900 | D:5      | Touched by the power of Zot (MHP 1 -> 1)
 77901 | D:5      | Glimpsed the power of Zot.
 77920 | D:5      | 77920 ||| FLEEEEING.
 77940 | D:5      | 77940 ||| FLEEEEING.
 77960 | D:5      | 77960 ||| FLEEEEING.
 77980 | D:5      | 77980 ||| FLEEEEING.
 78000 | D:5      | 78000 ||| FLEEEEING.
 78020 | D:5      | 78020 ||| FLEEEEING.
 78040 | D:5      | 78040 ||| FLEEEEING.
 78060 | D:5      | 78060 ||| FLEEEEING.
 78080 | D:5      | 78080 ||| FLEEEEING.
 78100 | D:5      | 78100 ||| FLEEEEING.
 78120 | D:5      | 78120 ||| FLEEEEING.
 78140 | D:5      | 78140 ||| FLEEEEING.
 78160 | D:5      | 78160 ||| FLEEEEING.
 78180 | D:5      | 78180 ||| FLEEEEING.
 78200 | D:5      | 78200 ||| FLEEEEING.
 78220 | D:5      | 78220 ||| FLEEEEING.
 78240 | D:5      | 78240 ||| FLEEEEING.
 78260 | D:5      | 78260 ||| FLEEEEING.
 78280 | D:5      | 78280 ||| FLEEEEING.
 78300 | D:5      | 78300 ||| FLEEEEING.
 78320 | D:5      | 78320 ||| FLEEEEING.
 78340 | D:5      | 78340 ||| FLEEEEING.
 78360 | D:5      | 78360 ||| FLEEEEING.
 78380 | D:5      | 78380 ||| FLEEEEING.
 78400 | D:5      | 78400 ||| FLEEEEING.
 78401 | D:5      | Glimpsed the power of Zot.
 78420 | D:5      | 78420 ||| FLEEEEING.
 78440 | D:5      | 78440 ||| FLEEEEING.
 78460 | D:5      | 78460 ||| FLEEEEING.
 78480 | D:5      | 78480 ||| FLEEEEING.
 78500 | D:5      | 78500 ||| FLEEEEING.
 78520 | D:5      | 78520 ||| FLEEEEING.
 78540 | D:5      | 78540 ||| FLEEEEING.
 78560 | D:5      | 78560 ||| FLEEEEING.
 78580 | D:5      | 78580 ||| FLEEEEING.
 78600 | D:5      | 78600 ||| FLEEEEING.
 78620 | D:5      | 78620 ||| FLEEEEING.
 78640 | D:5      | 78640 ||| FLEEEEING.
 78660 | D:5      | 78660 ||| FLEEEEING.
 78680 | D:5      | 78680 ||| FLEEEEING.
 78700 | D:5      | 78700 ||| FLEEEEING.
 78720 | D:5      | 78720 ||| FLEEEEING.
 78740 | D:5      | 78740 ||| FLEEEEING.
 78760 | D:5      | 78760 ||| FLEEEEING.
 78780 | D:5      | 78780 ||| FLEEEEING.
 78800 | D:5      | 78800 ||| FLEEEEING.
 78801 | D:5      | Glimpsed the power of Zot.
 78820 | D:5      | 78820 ||| FLEEEEING.
 78840 | D:5      | 78840 ||| FLEEEEING.
 78860 | D:5      | 78860 ||| FLEEEEING.
 78880 | D:5      | 78880 ||| FLEEEEING.
 78900 | D:5      | 78900 ||| FLEEEEING.
 78900 | D:5      | Touched by the power of Zot (MHP 1 -> 1)
 78901 | D:5      | Glimpsed the power of Zot.
 78920 | D:5      | 78920 ||| FLEEEEING.
 78940 | D:5      | 78940 ||| FLEEEEING.
 78960 | D:5      | 78960 ||| FLEEEEING.
 78980 | D:5      | 78980 ||| FLEEEEING.
 79000 | D:5      | 79000 ||| FLEEEEING.
 79020 | D:5      | 79020 ||| FLEEEEING.
 79040 | D:5      | 79040 ||| FLEEEEING.
 79060 | D:5      | 79060 ||| FLEEEEING.
 79080 | D:5      | 79080 ||| FLEEEEING.
 79100 | D:5      | 79100 ||| FLEEEEING.
 79120 | D:5      | 79120 ||| FLEEEEING.
 79140 | D:5      | 79140 ||| FLEEEEING.
 79160 | D:5      | 79160 ||| FLEEEEING.
 79180 | D:5      | 79180 ||| FLEEEEING.
 79200 | D:5      | 79200 ||| FLEEEEING.
 79220 | D:5      | 79220 ||| FLEEEEING.
 79240 | D:5      | 79240 ||| FLEEEEING.
 79260 | D:5      | 79260 ||| FLEEEEING.
 79280 | D:5      | 79280 ||| FLEEEEING.
 79300 | D:5      | 79300 ||| FLEEEEING.
 79320 | D:5      | 79320 ||| FLEEEEING.
 79340 | D:5      | 79340 ||| FLEEEEING.
 79360 | D:5      | 79360 ||| FLEEEEING.
 79380 | D:5      | 79380 ||| FLEEEEING.
 79400 | D:5      | 79400 ||| FLEEEEING.
 79401 | D:5      | Glimpsed the power of Zot.
 79420 | D:5      | 79420 ||| FLEEEEING.
 79440 | D:5      | 79440 ||| FLEEEEING.
 79460 | D:5      | 79460 ||| FLEEEEING.
 79480 | D:5      | 79480 ||| FLEEEEING.
 79500 | D:5      | 79500 ||| FLEEEEING.
 79520 | D:5      | 79520 ||| FLEEEEING.
 79540 | D:5      | 79540 ||| FLEEEEING.
 79560 | D:5      | 79560 ||| FLEEEEING.
 79580 | D:5      | 79580 ||| FLEEEEING.
 79600 | D:5      | 79600 ||| FLEEEEING.
 79620 | D:5      | 79620 ||| FLEEEEING.
 79640 | D:5      | 79640 ||| FLEEEEING.
 79660 | D:5      | 79660 ||| FLEEEEING.
 79680 | D:5      | 79680 ||| FLEEEEING.
 79700 | D:5      | 79700 ||| FLEEEEING.
 79720 | D:5      | 79720 ||| FLEEEEING.
 79740 | D:5      | 79740 ||| FLEEEEING.
 79760 | D:5      | 79760 ||| FLEEEEING.
 79780 | D:5      | 79780 ||| FLEEEEING.
 79800 | D:5      | 79800 ||| FLEEEEING.
 79801 | D:5      | Glimpsed the power of Zot.
 79820 | D:5      | 79820 ||| FLEEEEING.
 79840 | D:5      | 79840 ||| FLEEEEING.
 79860 | D:5      | 79860 ||| FLEEEEING.
 79880 | D:5      | 79880 ||| FLEEEEING.
 79900 | D:5      | 79900 ||| FLEEEEING.
 79900 | D:5      | Touched by the power of Zot (MHP 1 -> 1)
 79901 | D:5      | Glimpsed the power of Zot.
 79920 | D:5      | 79920 ||| FLEEEEING.
 79940 | D:5      | 79940 ||| FLEEEEING.
 79960 | D:5      | 79960 ||| FLEEEEING.
 79980 | D:5      | 79980 ||| FLEEEEING.
 80000 | D:5      | 80000 ||| FLEEEEING.
 80020 | D:5      | 80020 ||| FLEEEEING.
 80040 | D:5      | 80040 ||| FLEEEEING.
 80060 | D:5      | 80060 ||| FLEEEEING.
 80080 | D:5      | 80080 ||| FLEEEEING.
 80100 | D:5      | 80100 ||| FLEEEEING.
 80120 | D:5      | 80120 ||| FLEEEEING.
 80140 | D:5      | 80140 ||| FLEEEEING.
 80160 | D:5      | 80160 ||| FLEEEEING.
 80180 | D:5      | 80180 ||| FLEEEEING.
 80200 | D:5      | 80200 ||| FLEEEEING.
 80220 | D:5      | 80220 ||| FLEEEEING.
 80240 | D:5      | 80240 ||| FLEEEEING.
 80260 | D:5      | 80260 ||| FLEEEEING.
 80280 | D:5      | 80280 ||| FLEEEEING.
 80300 | D:5      | 80300 ||| FLEEEEING.
 80320 | D:5      | 80320 ||| FLEEEEING.
 80340 | D:5      | 80340 ||| FLEEEEING.
 80360 | D:5      | 80360 ||| FLEEEEING.
 80380 | D:5      | 80380 ||| FLEEEEING.
 80400 | D:5      | 80400 ||| FLEEEEING.
 80401 | D:5      | Glimpsed the power of Zot.
 80420 | D:5      | 80420 ||| FLEEEEING.
 80440 | D:5      | 80440 ||| FLEEEEING.
 80460 | D:5      | 80460 ||| FLEEEEING.
 80480 | D:5      | 80480 ||| FLEEEEING.
 80500 | D:5      | 80500 ||| FLEEEEING.
 80520 | D:5      | 80520 ||| FLEEEEING.
 80540 | D:5      | 80540 ||| FLEEEEING.
 80560 | D:5      | 80560 ||| FLEEEEING.
 80580 | D:5      | 80580 ||| FLEEEEING.
 80600 | D:5      | 80600 ||| FLEEEEING.
 80620 | D:5      | 80620 ||| FLEEEEING.
 80640 | D:5      | 80640 ||| FLEEEEING.
 80660 | D:5      | 80660 ||| FLEEEEING.
 80680 | D:5      | 80680 ||| FLEEEEING.
 80700 | D:5      | 80700 ||| FLEEEEING.
 80720 | D:5      | 80720 ||| FLEEEEING.
 80740 | D:5      | 80740 ||| FLEEEEING.
 80760 | D:5      | 80760 ||| FLEEEEING.
 80780 | D:5      | 80780 ||| FLEEEEING.
 80800 | D:5      | 80800 ||| FLEEEEING.
 80801 | D:5      | Glimpsed the power of Zot.
 80820 | D:5      | 80820 ||| FLEEEEING.
 80840 | D:5      | 80840 ||| FLEEEEING.
 80860 | D:5      | 80860 ||| FLEEEEING.
 80880 | D:5      | 80880 ||| FLEEEEING.
 80900 | D:5      | 80900 ||| FLEEEEING.
 80900 | D:5      | Touched by the power of Zot (MHP 1 -> 1)
 80901 | D:5      | Glimpsed the power of Zot.
 80920 | D:5      | 80920 ||| FLEEEEING.
 80940 | D:5      | 80940 ||| FLEEEEING.
 80960 | D:5      | 80960 ||| FLEEEEING.
 80980 | D:5      | 80980 ||| FLEEEEING.
 81000 | D:5      | 81000 ||| FLEEEEING.
 81020 | D:5      | 81020 ||| FLEEEEING.
 81040 | D:5      | 81040 ||| FLEEEEING.
 81060 | D:5      | 81060 ||| FLEEEEING.
 81080 | D:5      | 81080 ||| FLEEEEING.
 81100 | D:5      | 81100 ||| FLEEEEING.
 81120 | D:5      | 81120 ||| FLEEEEING.
 81140 | D:5      | 81140 ||| FLEEEEING.
 81160 | D:5      | 81160 ||| FLEEEEING.
 81180 | D:5      | 81180 ||| FLEEEEING.
 81200 | D:5      | 81200 ||| FLEEEEING.
 81220 | D:5      | 81220 ||| FLEEEEING.
 81240 | D:5      | 81240 ||| FLEEEEING.
 81260 | D:5      | 81260 ||| FLEEEEING.
 81280 | D:5      | 81280 ||| FLEEEEING.
 81300 | D:5      | 81300 ||| FLEEEEING.
 81320 | D:5      | 81320 ||| FLEEEEING.
 81340 | D:5      | 81340 ||| FLEEEEING.
 81360 | D:5      | 81360 ||| FLEEEEING.
 81380 | D:5      | 81380 ||| FLEEEEING.
 81400 | D:5      | 81400 ||| FLEEEEING.
 81401 | D:5      | Glimpsed the power of Zot.
 81420 | D:5      | 81420 ||| FLEEEEING.
 81440 | D:5      | 81440 ||| FLEEEEING.
 81460 | D:5      | 81460 ||| FLEEEEING.
 81480 | D:5      | 81480 ||| FLEEEEING.
 81500 | D:5      | 81500 ||| FLEEEEING.
 81520 | D:5      | 81520 ||| FLEEEEING.
 81540 | D:5      | 81540 ||| FLEEEEING.
 81560 | D:5      | 81560 ||| FLEEEEING.
 81580 | D:5      | 81580 ||| FLEEEEING.
 81600 | D:5      | 81600 ||| FLEEEEING.
 81620 | D:5      | 81620 ||| FLEEEEING.
 81640 | D:5      | 81640 ||| FLEEEEING.
 81660 | D:5      | 81660 ||| FLEEEEING.
 81680 | D:5      | 81680 ||| FLEEEEING.
 81700 | D:5      | 81700 ||| FLEEEEING.
 81720 | D:5      | 81720 ||| FLEEEEING.
 81740 | D:5      | 81740 ||| FLEEEEING.
 81760 | D:5      | 81760 ||| FLEEEEING.
 81780 | D:5      | 81780 ||| FLEEEEING.
 81800 | D:5      | 81800 ||| FLEEEEING.
 81801 | D:5      | Glimpsed the power of Zot.
 81820 | D:5      | 81820 ||| FLEEEEING.
 81840 | D:5      | 81840 ||| FLEEEEING.
 81860 | D:5      | 81860 ||| FLEEEEING.
 81880 | D:5      | 81880 ||| FLEEEEING.
 81900 | D:5      | 81900 ||| FLEEEEING.
 81900 | D:5      | Touched by the power of Zot (MHP 1 -> 1)
 81901 | D:5      | Glimpsed the power of Zot.
 81920 | D:5      | 81920 ||| FLEEEEING.
 81940 | D:5      | 81940 ||| FLEEEEING.
 81960 | D:5      | 81960 ||| FLEEEEING.
 81980 | D:5      | 81980 ||| FLEEEEING.
 82000 | D:5      | 82000 ||| FLEEEEING.
 82020 | D:5      | 82020 ||| FLEEEEING.
 82040 | D:5      | 82040 ||| FLEEEEING.
 82060 | D:5      | 82060 ||| FLEEEEING.
 82080 | D:5      | 82080 ||| FLEEEEING.
 82100 | D:5      | 82100 ||| FLEEEEING.
 82120 | D:5      | 82120 ||| FLEEEEING.
 82140 | D:5      | 82140 ||| FLEEEEING.
 82160 | D:5      | 82160 ||| FLEEEEING.
 82180 | D:5      | 82180 ||| FLEEEEING.
 82200 | D:5      | 82200 ||| FLEEEEING.
 82220 | D:5      | 82220 ||| FLEEEEING.
 82240 | D:5      | 82240 ||| FLEEEEING.
 82260 | D:5      | 82260 ||| FLEEEEING.
 82280 | D:5      | 82280 ||| FLEEEEING.
 82300 | D:5      | 82300 ||| FLEEEEING.
 82320 | D:5      | 82320 ||| FLEEEEING.
 82340 | D:5      | 82340 ||| FLEEEEING.
 82360 | D:5      | 82360 ||| FLEEEEING.
 82380 | D:5      | 82380 ||| FLEEEEING.
 82400 | D:5      | 82400 ||| FLEEEEING.
 82401 | D:5      | Glimpsed the power of Zot.
 82420 | D:5      | 82420 ||| FLEEEEING.
 82440 | D:5      | 82440 ||| FLEEEEING.
 82460 | D:5      | 82460 ||| FLEEEEING.
 82480 | D:5      | 82480 ||| FLEEEEING.
 82500 | D:5      | 82500 ||| FLEEEEING.
 82520 | D:5      | 82520 ||| FLEEEEING.
 82540 | D:5      | 82540 ||| FLEEEEING.
 82560 | D:5      | 82560 ||| FLEEEEING.
 82580 | D:5      | 82580 ||| FLEEEEING.
 82582 | D:5      | Upgraded the game from 0.31-a0-217-g58bb5d79cf to
                  | 0.31-a0-218-g813d01f837
 82582 | D:5      | 82582 ||| QUITTING!
 82582 | D:5      | Quit the game

Levels and vault maps discovered:
D:1:      psy_arrival_heroes, layout_loops_cross, minmay_misc_feat_ornament
D:2:      layout_loops_ring, shapermc_ecumenical_altar_totnotflames,
          basic_altar, minmay_between, uniq_natasha
D:3:      layout_basic, uniq_ijyb
D:4:      layout_gridville
D:5:      layout_gridville, kennysheep_okawaru_gauntlet, kennysheep_mini,
          nicolae_gozag_zags_fifth_avenue, mainiacjoe_overflow_small_starburst,
          minmay_temple_entry_butterflies, grunt_ministairs_6

Skill      XL: |  1  2  3  4  5  6 |
---------------+-------------------+-----
Ranged Weapons | 3 4 5 6 |  6.5
Fighting       | 2 3 4 |  4.5
Armour         | 1 |  1.9
Dodging        | 3 |  3.2
Spellcasting   | |  1.0
Hexes          | |  2.0

Action                     |  1- 3 |  4- 6 |  7- 9 || total
---------------------------+-------+-------+-------++-------
   Fire: Sling             |    48 |   249 |     4 ||   301
    Use: Scroll            |     3 |     5 |       ||     8
         Potion            |     1 |     3 |       ||     4
 Armour: Ring mail         |     6 |    19 |       ||    25
         Leather armour    |       |    22 |       ||    22
  Dodge: Dodged            |    12 |   100 |     2 ||   114

Table legend:
 A = Non-vault XP
 B = Vault XP
 C = Vault XP percentage of total XP
 D = Non-vault monster count
 E = Vault monster count
 F = Vault count percentage of total count
                 A         B        C        D         E       F
            +---------+---------+-------+---------+---------+-------
      Total |     675 |      79 |  10.5 |      73 |       6 |   7.6
            +---------+---------+-------+---------+---------+-------
        D:1 |      27 |       0 |   0.0 |      14 |       0 |   0.0
        D:2 |      85 |      43 |  33.6 |       8 |       5 |  38.5
        D:3 |      36 |      36 |  50.0 |      20 |       1 |   4.8
        D:4 |     459 |       0 |   0.0 |      25 |       0 |   0.0
        D:5 |      68 |       0 |   0.0 |       6 |       0 |   0.0
            +---------+---------+-------+---------+---------+-------
